Workbook

Sheet RESUMEN 2020-2023
E2: PROYECTOS VIABILIZADOS SGR (2020-2023)
B3: PROYECTOS TOTAL | C3: =C5+C4 -> 140 | E3: FINANCIACIÓN SGR | F3: # PROYECTOS | G3: % | H3: Valor Total
B4: SGR | C4: 21 | E4: ASIGNACION PARA INVERSION REGIONAL 40% | F4: 1 | G4: =F4/$F$7*100 -> 4.7619048 | H4: 64273309425
B5: Recursos propios | C5: 119 | E5: ASIGNACION PARA INVERSION REGIONAL 60% | F5: 14 | G5: =F5/$F$7*100 -> 66.666667 | H5: ='PROYECTOS 2020-2023'!#REF! -> #REF!
E6: SGR CTeI | F6: 6 | G6: =F6/$F$7*100 -> 28.571429 | H6: ='PROYECTOS 2020-2023'!K152 -> 0
B7: FINANCIACIÓN DE PROYECTOS | E7: TOTAL | F7: =SUM(F4:F6) -> 21
B8: FUENTE DE FINANCIACIÓN | C8: % | H8: =SUM(H4:H6) -> #REF!
B9: SGR | C9: 0.15
B10: RECURSOS PROPIOS | C10: 0.8485
B12: RESUMEN FINANCIERO 2020-2023
B13: FUENTE | C13: VALOR TOTAL | D13: %
B14: SGR | C14: ='PROYECTOS 2020-2023'!M157 -> 4.7547014e+11 | D14: =C14/C16*100 -> 41.799246
B15: RECURSOS PROPIOS | C15: ='PROYECTOS 2020-2023'!M158 -> 6.6203875e+11 | D15: =C15/C16*100 -> 58.200754
B16: TOTAL | C16: =C14+C15 -> 1.1375089e+12 | D16: 100
I146: ='RESUMEN 2020-2023'!H5=I81+I80+I75+I58+I55+I44+I40+I39+I34+I21+I20+I19+I18+I17+I14+I3 -> #REF!
J149: ='RESUMEN 2020-2023'!F12 -> 0

Sheet CONCORDIA (2)
A1: BANCO DE PROYECTOS DE INVERSIÓN DEPARTAMENTAL 2023
A2: N | B2: REVOLUCIÓN | C2: BPIN | D2: AÑO | E2: DEPENDENCIA | F2: SECTOR | G2: SUBSECTOR | H2: NOMBRE DEL PROYECTO | I2: ALCANCE | J2: POBLACION AFECTADA | K2: POBLACION OBJETIVO | L2: LOCALIZACION | M2: VALOR TOTAL DEL PROYECTO | N2: FUENTE DE FINANCIACIÓN | O2: NUMERO DE INDICADORES PDD | P2: INDICADORES PDD | Q2: ESTADO | R2: LINEA NUEVO PLAN NACIONAL DE DESARROLLO | S2: ARCHIVO | T2: VIABILIDI | U2: ARCHIVO | V2: VIABILIDAD
A3: 1 | B3: REVOLUCIÓN DE LA EDUCACIÓN Y BECAS DEL CAMBIO | C3: 2021000020058 | D3: 2021 | E3: SECRETARÍA DE EDUCACIÓN | F3: EDUCACIÓN | G3: ALFABETIZACIÓN | H3: IMPLEMENTACIÓN DEL PROYECTO DE ALFABETIZACIÓN YO SÍ CAMBIO EN EL DEPARTAMENTO DEL MAGDALENA | I3: 30.000 PERSONAS ALFABETIZADAS | J3: 30 MIL PERSONAS | K3: 30 MIL PERSONAS | L3: Algarrobo, Aracataca, Ariguaní, Cerro San Antonio, Chibolo, Concordia, El banco, Fundación, Guamal, Nueva granada, Pedraza, Pijiño del Carmen, El piñón, Pivijay, Plato, Pueblo viejo, Remolino, Retén, Sabanas de san ángel, Salamina, San Sebastián de Buenavista, San Zenón, Santa Ana, Santa bárbara de pinto, Sitionuevo, Tenerife, Zapayan, zona bananera, Ciénaga, Santa Marta | M3: 12906000000 | N3: SGR - Asignación para la inversión regional 60% | O3: 3 | P3: 1. Alfabetizar (50.000) adultos y jóvenes mayores de 15 años mediante la vinculación de 2.000 voluntarios bachilleres, profesionales, funcionarios, entre otros 2. Consolidar (10.000) historias contadas por alfabetizados. 3. Suscribir (1) Alianza por el Cambio para la Alfabetización con amplia participación de la sociedad | Q3: PROYECTO CON CÓDIGO Y CON FINANCIACIÓN | R3: SEGURIDAD HUMANA Y JUSTICIA SOCIAL
A4: 2 | B4: REVOLUCIÓN DE LA EDUCACIÓN Y BECAS DEL CAMBIO | C4: 2021002470066 | D4: 2021 | E4: SECRETARÍA DE EDUCACIÓN | F4: EDUCACIÓN | G4: EDUCACIÓN INICIAL | H4: FORTALECIMIENTO DE AMBIENTES Y EXPERIENCIAS PEDAGÓGICAS PARA LOS ESTUDIANTES DE PREESCOLAR EN EL DEPARTAMENTO DEL MAGDALENA | I4: ADQUISICIÓN DE DOTACIONES PEDAGÓGICAS PARA EL FORTALECIMIENTO DE LOS AMBIENTES PEDAGÓGICOS DE 183 AULAS DE PREESCOLAR DE LA ETC MAGDALENA. | J4: 15.953 ESTUDIANTES | K4: 4.186 ESTUDIANTES | L4: Algarrobo, Aracataca, Ariguaní, Cerro San Antonio, Chibolo, Concordia, El banco, Fundación, Guamal, Nueva granada, Pedraza, Pijiño del Carmen, El piñón, Pivijay, Plato, Pueblo viejo, Remolino, Retén, Sabanas de san ángel, Salamina, San Sebastián de Buenavista, San Zenón, Santa Ana, Santa bárbara de pinto, Sitionuevo, Tenerife, Zapayan, zona bananera, Ciénaga, Santa Marta | M4: 1183952578 | N4: Recursos propios | O4: 3 | P4: 1. Vincular a (2.000) nuevos niños y niñas de 0 a 3 años a la educación inicial para la primera infancia pública y de calidad. 2. Implementar (1) ruta de garantía para la transición de niños y niñas al sistema educativo. 3. Mantener la cobertura y vincular (4.500) nuevos estudiantes a la educación preescolar, básica y media al sistema educativo público. | Q4: PROYECTO CON CÓDIGO Y SIN FINANCIACIÓN | R4: SEGURIDAD HUMANA Y JUSTICIA SOCIAL
A5: 3 | B5: REVOLUCIÓN DE LA EDUCACIÓN Y BECAS DEL CAMBIO | C5: 2020002470029 | D5: 2020 | E5: SECRETARÍA DE EDUCACIÓN | F5: EDUCACIÓN | G5: EDUCACIÓN BÁSICA Y MEDIA | H5: MEJORAMIENTO DE LA CALIDAD EDUCATIVA A TRAVÉS DE LA FORMACIÓN DE DOCENTES Y DIRECTIVOS DOCENTES EN EL DISEÑO, DESARROLLO CURRICULAR Y LA GESTIÓN PEDAGÓGICA EN LOS ESTABLECIMIENTOS EDUCATIVOS MAGDALENA | I5: FORMAR A 8.800 DOCENTES EN EL CUATRENIO QUE VOLUNTARIA Y PREVIAMENTE SELECCIONADOS, DE ACUERDO CON LOS CRITERIOS CONJUNTAMENTE ESTABLECIDOS POR LA SECRETARÍA DE EDUCACIÓN DEL MAGDALENA | J5: C | K5: 2.670 PERSONAS | L5: Algarrobo, Aracataca, Ariguaní, Cerro San Antonio, Chibolo, Concordia, El banco, Fundación, Guamal, Nueva granada, Pedraza, Pijiño del Carmen, El piñón, Pivijay, Plato, Pueblo viejo, Remolino, Retén, Sabanas de san ángel, Salamina, San Sebastián de Buenavista, San Zenón, Santa Ana, Santa bárbara de pinto, Sitionuevo, Tenerife, Zapayan, zona bananera, Ciénaga, Santa Marta | M5: 5027939484 | N5: Recursos propios | O5: 2 | P5: 1. Vincular (2.000) maestros y directivos en programas de profesionalización, actualización, especialización, estudios avanzados, etc, para el fortalecimiento de la calidad, el liderazgo pedagógico, el pensamiento y la convivencia, con acceso a los recursos del FCTeI. 2. Crear y poner en funcionamiento (1) centro de apoyo para la innovación en la docencia en programas de formación para el mejoramiento educativo. | Q5: PROYECTO CON CÓDIGO Y CON FINANCIACIÓN | R5: SEGURIDAD HUMANA Y JUSTICIA SOCIAL
A6: 4 | B6: REVOLUCIÓN DE LA EDUCACIÓN Y BECAS DEL CAMBIO | C6: 2022002470015 | D6: 2022 | E6: SECRETARÍA DE INFRAESTRUCTURA | F6: EDUCACIÓN | G6: EDUCACIÓN BÁSICA Y MEDIA | H6: ESTUDIOS Y DISEÑOS PARA LA CONSTRUCCIÓN DE INFRAESTRUCTURA SOCIAL Y COMUNITARIA (COLEGIOS DEL CAMBIO CONSTRUCCIÓN NUEVAS SEDES) (HOSPITALES I II NIVEL ) (PUESTOS Y CENTROS 11) | I6: (COLEGIOS DEL CAMBIO CONSTRUCCIÓN NUEVAS SEDES) (HOSPITALES I II NIVEL ) (PUESTOS Y CENTROS 11) | J6: 1.463.427 PERSONAS | K6: 902.655 PERSONAS | L6: SANTA MARTA, ARACATACA, ZONA BANANERA. ARIGUANI, CHIBOLO, ZAPAYAN, SALAMINA, EL BANCO, GUAMAL, PIJIÑO DEL CARMEN, SANTA ANA, SAN ZENON | M6: 1858294757 | N6: Recursos propios | O6: 3 | P6: 1.2.2.2.15 Gestionar la adecuación, construcción y/o dotación de (58) Instituciones Educativas públicas, así como gestionar, acompañar y coordinar las adecuaciones e intervenciones que se adelantan por parte del Gobierno Nacional. 1.2.3.1.1 Gestionar la construcción, adecuación y /o dotación de (6) centros Cambia en las subregiones, como sedes permanentes del Programa Universidad Pública al Pueblo en los municipios de Pivijay, Cienaga, Plato, El Banco, Fundación y Santa Marta. 1.3.2.2.6 Gestionar la adecuación y/o construcción de (12) nuevos puestos y centros de salud. | Q6: PROYECTO CON CÓDIGO Y CON FINANCIACIÓN | R6: ORDENAMIENTO TERRITORIAL PARA LA PAZ
A7: 5 | B7: REVOLUCIÓN DE LA EDUCACIÓN Y BECAS DEL CAMBIO | C7: 2020002470036 | D7: 2020 | E7: SECRETARÍA DE EDUCACIÓN | F7: EDUCACIÓN | G7: EDUCACIÓN BÁSICA Y MEDIA | H7: FORTALECIMIENTO DE LA IMPLEMENTACIÓN DE ESTRATEGIAS DE INCLUSIÓN EN LAS INSTITUCIONES EDUCATIVAS EN EL DEPARTAMENTO DEL MAGDALENA | I7: ESTRATEGIAS DE INCLUSIÓN EN LAS INSTITUCIONES EDUCATIVAS EN EL DEPARTAMENTO DEL MAGDALENA | J7: 2.450 ESTUDIANTES | K7: 2.450 ESTUDIANTES | L7: Algarrobo, Aracataca, Ariguaní, Cerro San Antonio, Chibolo, Concordia, El banco, Fundación, Guamal, Nueva granada, Pedraza, Pijiño del Carmen, El piñón, Pivijay, Plato, Pueblo viejo, Remolino, Retén, Sabanas de san ángel, Salamina, San Sebastián de Buenavista, San Zenón, Santa Ana, Santa bárbara de pinto, Sitionuevo, Tenerife, Zapayan, zona bananera, Ciénaga, Santa Marta | M7: 1308987336 | N7: Recursos propios | O7: 1 | P7: 1. Garantizar la vinculación (15.000) nuevos estudiantes: niños y niñas con discapacidad, estudiantes con capacidades o talentos excepcionales y adultos mayores de 15 años que se encuentra por fuera del sistema educativo. | Q7: PROYECTO CON CÓDIGO Y CON FINANCIACIÓN | R7: SEGURIDAD HUMANA Y JUSTICIA SOCIAL
A8: 6 | B8: REVOLUCIÓN DE LA EDUCACIÓN Y BECAS DEL CAMBIO | C8: 2021002470015 | D8: 2021 | E8: SECRETARÍA DE EDUCACIÓN | F8: EDUCACIÓN | G8: EDUCACIÓN BÁSICA Y MEDIA | H8: IMPLEMENTACIÓN DEL PLAN DE PRUEBAS SABER Y FORMACIÓN DOCENTE EN EL DEPARTAMENTO DEL MAGDALENA | I8: PRUEBAS SABER Y FORMACIÓN DOCENTE EN EL DEPARTAMENTO DEL MAGDALENA | J8: 189.040 PERSONAS | K8: 8.761 ESTUDIANTES 500 DOCENTES | L8: Algarrobo, Aracataca, Ariguaní, Cerro San Antonio, Chibolo, Concordia, El banco, Fundación, Guamal, Nueva granada, Pedraza, Pijiño del Carmen, El piñón, Pivijay, Plato, Pueblo viejo, Remolino, Retén, Sabanas de san ángel, Salamina, San Sebastián de Buenavista, San Zenón, Santa Ana, Santa bárbara de pinto, Sitionuevo, Tenerife, Zapayan, zona bananera, Ciénaga, Santa Marta | M8: 1790286550 | N8: Recursos propios | O8: 4 | P8: 1. Suscribir (155) Alianzas por el Cambio para la educación de calidad, con directivos, docentes, estudiantes y padres de familia. 2. Vincular (2.000) maestros y directivos en programas de profesionalización, actualización, especialización, estudios avanzados, etc, para el fortalecimiento de la calidad, el liderazgo pedagógico, el pensamiento y la convivencia, con acceso a los recursos del FCTeI. 3. Implementar (1) plan de estímulos al mejoramiento de los resultados en las Pruebas Saber 3º, 5º, 7º, 9º y 11º 4. Suscribir (28) Alianzas por el Cambio para el mejoramiento del nivel de inglés de los estudiantes con cada uno de los Municipios no Certificados. | Q8: PROYECTO CON CÓDIGO Y CON FINANCIACIÓN | R8: SEGURIDAD HUMANA Y JUSTICIA SOCIAL
A9: 7 | B9: REVOLUCIÓN DE LA EDUCACIÓN Y BECAS DEL CAMBIO | C9: 2022002470012 | D9: 2022 | E9: SECRETARÍA DE EDUCACIÓN | F9: EDUCACIÓN | G9: EDUCACIÓN BASICA Y MEDIA | H9: PRESTACIÓN DE SERVICIO DE CONECTIVIDAD A INTERNET EN SEDES EDUCATIVAS OFICIALES , EN EL MARCO DEL PROGRAMA ESTRATEGIA CONECTIVIDAD ESCOLAR MAGDALENA. | I9: DOTACIÓN DEL SERVICIO DE CONECTIVIDAD A INTERNET EN 202 SEDES EDUCATIVAS PÚBLICAS DE EDUCACIÓN BÁSICA Y MEDIA EN EL DEPARTAMENTO DEL MAGDALENA EN EL MARCO DEL PROGRAMA ESTRATEGIA DE CONECTIVIDAD ESCOLAR. | J9: 187.622 PERSONAS | K9: 104.636 PERSONAS | L9: Algarrobo, Aracataca, Ariguaní, Cerro San Antonio, Chibolo, Concordia, El banco, Fundación, Guamal, Nueva granada, Pedraza, Pijiño del Carmen, El piñón, Pivijay, Plato, Pueblo viejo, Remolino, Retén, Sabanas de san ángel, Salamina, San Sebastián de Buenavista, San Zenón, Santa Ana, Santa bárbara de pinto, Sitionuevo, Tenerife, Zapayan, zona bananera, Ciénaga, Santa Marta | M9: 2100377192 | N9: Recursos propios | O9: 1 | P9: Conectividad en las Instituciones Educativas Rurales y Urbanas. | Q9: PROYECTO CON CÓDIGO Y CON FINANCIACIÓN | R9: SEGURIDAD HUMANA Y JUSTICIA SOCIAL
A10: 8 | B10: REVOLUCIÓN DE LA EDUCACIÓN Y BECAS DEL CAMBIO | C10: 2022002470018 | D10: 2022 | E10: SECRETARÍA DE EDUCACIÓN | F10: EDUCACIÓN | G10: EDUCACIÓN BÁSICA Y MEDIA | H10: FORTALECIMIENTO DE LA CALIDAD EDUCATIVA EN LAS INSTITUCIONES EDUCATIVAS DEL DEPARTAMENTO DEL MAGDALENA (PRUEBAS SABER - FORMACIÓN DOCENTE) | I10: IMPLEMENTAR UNA ESTRATEGIA PARA LA FORMACIÓN INTENSIVA PARA EL ENTRENAMIENTO A LAS PRUEBAS SABER A 30.810 ESTUDIANTES DE LAS INSTITUCIONES EDUCATIVAS DEL DEPARTAMENTO DEL MAGDALENA | J10: 180.100 PERSONAS | K10: 30.831 PERSONAS | L10: Algarrobo, Aracataca, Ariguaní, Cerro San Antonio, Chibolo, Concordia, El banco, Fundación, Guamal, Nueva granada, Pedraza, Pijiño del Carmen, El piñón, Pivijay, Plato, Pueblo viejo, Remolino, Retén, Sabanas de san ángel, Salamina, San Sebastián de Buenavista, San Zenón, Santa Ana, Santa bárbara de pinto, Sitionuevo, Tenerife, Zapayan, zona bananera, Ciénaga, Santa Marta | M10: 2912956374 | N10: Recursos propios | O10: 3 | P10: 1.2.2.2.2 Realizar (4) olimpiadas y ferias del conocimiento de la calidad, para fortalecer competencias básicas y transversales en pensamiento lógico matemático, lectoescritura, construcción de proyecto de vida. 1.2.2.2.3 Implementar (1) plan de estímulos al mejoramiento de los resultados en las Pruebas Saber 3º, 5º, 7º, 9º y 11º. 1.2.2.2.4 Suscribir (28) Alianzas por el Cambio para el mejoramiento del nivel de inglés de los estudiantes con cada uno de los Municipios no Certificados | Q10: PROYECTO CON CÓDIGO Y CON FINANCIACIÓN | R10: SEGURIDAD HUMANA Y JUSTICIA SOCIAL
A11: 9 | B11: REVOLUCIÓN DE LA EDUCACIÓN Y BECAS DEL CAMBIO | C11: 2022002470037 | D11: 2022 | E11: SECRETARÍA DE EDUCACIÓN | F11: EDUCACIÓN | G11: EDUCACIÓN BÁSICA Y MEDIA | H11: FORTALECIMIENTO DE LA IMPLEMENTACIÓN DE ESTRATEGIAS DE INCLUSIÓN EN LAS INSTITUCIONES EDUCATIVAS EN EL DEPARTAMENTO DEL MAGDALENA | I11: IMPLEMENTAR ESTRATEGIA DE INCLUSIÓN CON HERRAMIENTAS TÉCNICAS Y DIDÁCTICAS DE FORMACIÓN, ASISTENCIAS TÉCNICAS Y PEDAGÓGICAS A 2.213 ESTUDIANTES EN LAS INSTITUCIONES EDUCATIVAS DEL DEPARTAMENTO DEL MAGDALENA | J11: 2.313 PERSONAS | K11: 2.313 PERSONAS | L11: Algarrobo, Aracataca, Ariguaní, Cerro San Antonio, Chibolo, Concordia, El banco, Fundación, Guamal, Nueva granada, Pedraza, Pijiño del Carmen, El piñón, Pivijay, Plato, Pueblo viejo, Remolino, Retén, Sabanas de san ángel, Salamina, San Sebastián de Buenavista, San Zenón, Santa Ana, Santa bárbara de pinto, Sitionuevo, Tenerife, Zapayan, zona bananera, Ciénaga, Santa Marta | M11: 1200865220 | N11: Recursos propios | O11: 1 | P11: 1.2.1.2.6 Garantizar la vinculación (15000) nuevos estudiantes: niños y niñas con discapacidad, estudiantes con capacidades o talentos excepcionales y adultos mayores de 15 años que se encuentra por fuera del sistema educativo | Q11: PROYECTO CON CÓDIGO Y CON FINANCIACIÓN | R11: SEGURIDAD HUMANA Y JUSTICIA SOCIAL
A12: 10 | B12: REVOLUCIÓN DE LA EDUCACIÓN Y BECAS DEL CAMBIO | C12: 2022002470038 | D12: 2022 | E12: SECRETARÍA DE EDUCACIÓN | F12: EDUCACIÓN | G12: EDUCACIÓN BÁSICA Y MEDIA | H12: CONSTRUCCIÓN Y DOTACIÓN DE ESPACIOS SANITARIOS PARA FORTALECER LA BIOSEGURIDAD EN LAS SEDES RURALES EDUCATIVAS DISPERSAS EN LAS IED DE MUNICIPIOS NO CERTIFICADOS EN EL DEPARTAMENTO MAGDALENA (BATERIAS SANITARIAS) | I12: CONSTRUIR Y DOTAR LOS ESPACIOS SANITARIOS PARA FORTALECER LA BIOSEGURIDAD EN LAS 125 SEDES RURALES EDUCATIVAS DISPERSAS EN LAS IED DE MUNICIPIOS NO CERTIFICADOS EN EL DEPARTAMENTO DEL MAGDALENA | J12: 188.676 PERSONAS | K12: 13.250 PERSONAS | L12: Algarrobo, Aracataca, Ariguaní, Cerro San Antonio, Chibolo, Concordia, El banco, Fundación, Guamal, Nueva granada, Pedraza, Pijiño del Carmen, El piñón, Pivijay, Plato, Pueblo viejo, Remolino, Retén, Sabanas de san ángel, Salamina, San Sebastián de Buenavista, San Zenón, Santa Ana, Santa bárbara de pinto, Sitionuevo, Tenerife, Zapayan, zona bananera, Ciénaga, Santa Marta | M12: 3666319620 | N12: Recursos propios | O12: 3 | P12: 1.2.1.2.3 Mantener la cobertura y vincular (4.500) nuevos estudiantes a la educación preescolar, básica y media al sistema educativo público. 1.2.2.2.5 Gestionar la formulación y ejecución de los Planes de Educación Rural en los 28 municipios no certificados. 1.2.2.2.12 Poner en funcionamiento y dotación las Escuelas Saludables para beneficiar a (100.000) NNA y Jóvenes de las Instituciones Educativas públicas en (29) municipios del Departamento. | Q12: PROYECTO CON CÓDIGO Y CON FINANCIACIÓN | R12: SEGURIDAD HUMANA Y JUSTICIA SOCIAL
B13: REVOLUCION DE LA EQUIDAD | C13: 2021002470055 | D13: 2021 | E13: OFICINA DE CULTURA | F13: CULTURA | G13: CULTURA | H13: IMPLEMENTACIÓN DEL SISTEMA ORQUESTAL Y CORAL EN EL MARCO DE LAS ESCUELAS CUMBIA Y DE LAS ARTES EN LAS INSTITUCIONES EDUCATIVAS EN EL DEPARTAMENTO DEL MAGDALENA | I13: IMPLEMENTACIÓN DEL SISTEMA ORQUESTAL Y CORAL EN EL MARCO DE LAS ESCUELAS CUMBIA Y DE LAS ARTES EN LAS INSTITUCIONES EDUCATIVAS EN EL DEPARTAMENTO DEL MAGDALENA | J13: 1.449.087 PERSONAS | K13: 1.449.087 PERSONAS | L13: Algarrobo, Aracataca, Ariguaní, Cerro San Antonio, Chibolo, Concordia, El banco, Fundación, Guamal, Nueva granada, Pedraza, Pijiño del Carmen, El piñón, Pivijay, Plato, Pueblo viejo, Remolino, Retén, Sabanas de san ángel, Salamina, San Sebastián de Buenavista, San Zenón, Santa Ana, Santa bárbara de pinto, Sitionuevo, Tenerife, Zapayan, zona bananera, Ciénaga, Santa Marta | M13: 3.9210807e+10 | N13: Recursos propios | O13: 1 | P13: Poner en funcionamiento y dotación las Escuelas CUMBIA de la música y de las artes en instituciones educativas públicas, para beneficiar (50.000) NNA y jóvenes en (29) Municipios del departamento. | Q13: PROYECTO CON CÓDIGO Y CON FINANCIACIÓN | R13: SEGURIDAD HUMANA Y JUSTICIA SOCIAL
A14: 11 | B14: REVOLUCIÓN DE LA EDUCACIÓN Y BECAS DEL CAMBIO | C14: 2021000100175 | D14: 2021 | E14: SECRETARÍA DE EDUCACIÓN | F14: EDUCACIÓN | G14: EDUCACIÓN BÁSICA Y MEDIA | H14: FORTALECIMIENTO DE ESTABLECIMIENTOS EDUCATIVOS OFICIALES QUE IMPLEMENTEN LA JORNADA ÚNICA MEDIANTE LA APROPIACIÓN SOCIAL DEL CONOCIMIENTO PARA DESARROLLAR CAPACIDADES Y HABILIDADES EN CTEI EN EL DEPARTAMENTO DEL MAGDALENA | I14: AMPLIACIÓN DE LA JORNADA ÚNICA MEDIANTE LA APROPIACIÓN SOCIAL DEL CONOCIMIENTO PARA DESARROLLAR CAPACIDADES Y HABILIDADES EN CTEI EN EL DEPARTAMENTO | J14: 3.717 ESTUDIANTES | K14: 3.717 ESTUDIANTES | L14: Algarrobo, Aracataca, Ariguaní, Cerro San Antonio, Chibolo, Concordia, El banco, Fundación, Guamal, Nueva granada, Pedraza, Pijiño del Carmen, El piñón, Pivijay, Plato, Pueblo viejo, Remolino, Retén, Sabanas de san ángel, Salamina, San Sebastián de Buenavista, San Zenón, Santa Ana, Santa bárbara de pinto, Sitionuevo, Tenerife, Zapayan, zona bananera, Ciénaga, Santa Marta | M14: 3380500000 | N14: SGR - CTeI | O14: 3 | P14: 1. Vincular (5.000) nuevos estudiantes para la ampliación de la Jornada Única. 2. Gestionar la formulación y ejecución de los Planes de Educación Rural en los 28 municipios no certificados 3.Implementar modelos educativos flexibles en (5) Municipios no certificados del Departamento. | Q14: PROYECTO CON CÓDIGO Y CON FINANCIACIÓN | R14: SEGURIDAD HUMANA Y JUSTICIA SOCIAL
A15: 12 | B15: REVOLUCIÓN DE LA EDUCACIÓN Y BECAS DEL CAMBIO | C15: 2021002470057 | D15: 2021 | E15: SECRETARÍA DE EDUCACIÓN | F15: EDUCACIÓN | G15: EDUCACIÓN BÁSICA Y MEDIA | H15: FORTALECIMIENTO DE LA DOTACIÓN ESCOLAR PARA GARANTIZAR LA COBERTURA Y PERMANENCIA DE LOS ESTUDIANTES DE LAS SEDES EDUCATIVAS OFICIALES EN EL DEPARTAMENTO DEL MAGDALENA | I15: DOTACIÓN DE 30.000 MOBILIARIO ESCOLAR Y 115.000 AGENDAS MULTIMATERIAS DOTACIÓN DE SINFÓNICA Y ESCUELA DE CANTO DOTACIÓN DE ESCUELAS DEPORTIVAS | J15: 307.810 ESTUDIANTES | K15: 223.937 ESTUDIANTES | L15: Algarrobo, Aracataca, Ariguaní, Cerro San Antonio, Chibolo, Concordia, El banco, Fundación, Guamal, Nueva granada, Pedraza, Pijiño del Carmen, El piñón, Pivijay, Plato, Pueblo viejo, Remolino, Retén, Sabanas de san ángel, Salamina, San Sebastián de Buenavista, San Zenón, Santa Ana, Santa bárbara de pinto, Sitionuevo, Tenerife, Zapayan, zona bananera, Ciénaga, Santa Marta | M15: 23109745750 | N15: SGR - Asignación para la inversión regional 60% | O15: 3 | P15: 1. Gestionar la dotación de (56.000) dispositivos, tablets y computadores con conexión a internet para entrega a estudiantes y docentes como recursos para garantizar la calidad educativa en la pandemia y postpandemia en los Colegios Públicos. 2. Poner en funcionamiento y dotar Escuelas de Transformación Digital para beneficiar a 100.000 estudiantes y docentes de las Instituciones Educativas públicas en los (28) Municipios no certificados del Departamento 3. Poner en funcionamiento y dotación Escuelas CUMBIA de la música y de las artes en Instituciones Educativas públicas, para beneficiar (50.000) NNA y Jóvenes en (29) Municipios del Departamento. | Q15: PROYECTO CON CÓDIGO Y CON FINANCIACIÓN | R15: SEGURIDAD HUMANA Y JUSTICIA SOCIAL
A16: 13 | B16: REVOLUCIÓN DE LA EDUCACIÓN Y BECAS DEL CAMBIO | C16: 2021002470086 | D16: 2021 | E16: SECRETARÍA DE EDUCACIÓN | F16: EDUCACIÓN | G16: DOTACIÓN ESCOLAR | H16: IMPLEMENTACIÓN DEL PROGRAMA "CICLAS PARA LA ALEGRÍA" EN EL MARCO DEL PLAN DE SEGURIDAD VIAL DEL DEPARTAMENTO DEL MAGDALENA | I16: BICICLETAS ESCOLARES PARA BENEFICIAR 6.800 ESTUDIANTES | J16: 6.800 ESTUDIANTES | K16: 222.927 ESTUDIANTES | L16: Algarrobo, Aracataca, Ariguaní, Cerro San Antonio, Chibolo, Concordia, El banco, Fundación, Guamal, Nueva granada, Pedraza, Pijiño del Carmen, El piñón, Pivijay, Plato, Pueblo viejo, Remolino, Retén, Sabanas de san ángel, Salamina, San Sebastián de Buenavista, San Zenón, Santa Ana, Santa bárbara de pinto, Sitionuevo, Tenerife, Zapayan, zona bananera, Ciénaga, Santa Marta | M16: 3170881900 | N16: Recursos propios | O16: 2 | P16: 1. Formular e implementar (1) plan vial del Magdalena 2. Formular e implementar (1) plan integral de seguridad vial del Magdalena | Q16: PROYECTO CON CÓDIGO Y CON FINANCIACIÓN | R16: SEGURIDAD HUMANA Y JUSTICIA SOCIAL
A17: 14 | B17: REVOLUCIÓN DE LA EDUCACIÓN Y BECAS DEL CAMBIO | C17: 2020002470033 | D17: 2020 | E17: OFICINA ASESORA DE COMUNICACIONES | F17: EDUCACIÓN | G17: TECNOLOGIAS DE LA INFORMACION Y LAS COMUNICACIONES | H17: IMPLEMENTACIÓN DE LA NUEVA ESCUELA VIRTUAL MAGDALENA RENACE COMO UN MODELO DE ACOMPAÑAMIENTO, FORMATIVO, TECNOLÓGICO Y MOTIVACIONAL A LOS ESTUDIANTES, DOCENTES Y DIRECTIVOS DOCENTES EN LOS ESTABLECIMIENTOS EDUCATIVOS MAGDALENA | I17: LA NUEVA ESCUELA VIRTUAL MAGDALENA RENACE SE PRESENTA COMO UN MODELO DE ACOMPAÑAMIENTO, FORMATIVO, TECNOLÓGICO Y MOTIVACIONAL, QUE ESTARÁ DISPONIBLE PARA TODOS LOS ESTUDIANTES, DOCENTES Y DIRECTIVOS DOCENTES. | J17: 189.570 PERSONAS | K17: 100.000 ENTRE ESTUDIANTES, DOCENTES Y DIRECTIVOS DOCENTES. | L17: Algarrobo, Aracataca, Ariguaní, Cerro San Antonio, Chibolo, Concordia, El banco, Fundación, Guamal, Nueva granada, Pedraza, Pijiño del Carmen, El piñón, Pivijay, Plato, Pueblo viejo, Remolino, Retén, Sabanas de san ángel, Salamina, San Sebastián de Buenavista, San Zenón, Santa Ana, Santa bárbara de pinto, Sitionuevo, Tenerife, Zapayan, zona bananera, Ciénaga, Santa Marta | M17: 1500000000 | N17: Recursos propios | O17: 1 | P17: 1. Poner en funcionamiento y dotar Escuelas de Transformación Digital para beneficiar a 100.000 estudiantes y docentes de las Instituciones Educativas públicas en los (28) Municipios no certificados del Departamento. | Q17: PROYECTO CON CÓDIGO Y CON FINANCIACIÓN | R17: SEGURIDAD HUMANA Y JUSTICIA SOCIAL
A18: 15 | B18: REVOLUCIÓN DE LA EDUCACIÓN Y BECAS DEL CAMBIO | C18: 2021002470060 | D18: 2021 | E18: SECRETARÍA DE EDUCACIÓN | F18: EDUCACIÓN | G18: EDUCACIÓN SUPERIOR | H18: IMPLEMENTACIÓN DEL PROYECTO "BECAS DEL CAMBIO" MEDIANTE LA FINANCIACIÓN DEL PROYECTO EN EDUCAICÓN SUPERIOR PÚBLICA, GRATUITA Y DE CALIDAD EL DEPARTAMENTO DEL MAGDALENA | I18: CONSISTE EN FOCALIZAR Y ASIGNAR 12.880 BECAS POR CICLO PROPEDÉUTICO A LOS BACHILLERES EGRESADOS DE LA MEDIA, EN EDUCACIÓN SUPERIOR EN LOS NIVELES DE FORMACIÓN TÉCNICA PROFESIONAL, TECNOLÓGICA Y PROFESIONAL UNIVERSITARIO. | J18: 12.880 BACHILLERES | K18: 221.917 BACHILLERES | L18: Algarrobo, Aracataca, Ariguaní, Cerro San Antonio, Chibolo, Concordia, El banco, Fundación, Guamal, Nueva granada, Pedraza, Pijiño del Carmen, El piñón, Pivijay, Plato, Pueblo viejo, Remolino, Retén, Sabanas de san ángel, Salamina, San Sebastián de Buenavista, San Zenón, Santa Ana, Santa bárbara de pinto, Sitionuevo, Tenerife, Zapayan, zona bananera, Ciénaga, Santa Marta | M18: 8.9797904e+10 | N18: SGR - Asignación para la inversión regional 60% | O18: 1 | P18: 1. Beneficiar (30.000) bachilleres con acceso a becas de educación universitaria pública, gratuita, de calidad y pertinente en modalidades presencial, a distancia y digital en todas las subregiones del Departamento. | Q18: PROYECTO CON CÓDIGO Y CON FINANCIACIÓN | R18: SEGURIDAD HUMANA Y JUSTICIA SOCIAL
A19: 16 | B19: REVOLUCIÓN DE LA B18:Q18EDUCACIÓN Y BECAS DEL CAMBIO | C19: 2022002470083 | D19: 2022 | E19: SECRETARÍA DE INFRAESTRUCTURA | F19: EDUCACIÓN | G19: INFRAESTRUCTURA EDUCATIVA | H19: CONSTRUCCIÓN YO MEJORAMIENTO DE INFRAESTRUCTURA EDUCATIVA EN LOS MUNICIPIOS DEL DEPARTAMENTO DEL MAGDALENA | I19: CONSTRUCCIÓN YO MEJORAMIENTO DE INFRAESTRUCTURA EDUCATIVA EN LOS MUNICIPIOS DEL DEPARTAMENTO DEL MAGDALENA | J19: 1.449.087 PERSONAS | K19: 212.343 PERSONAS | L19: PLATO, PIVIJAY, GUAMAL, SITIONUEVO, FUNDACIÓN, EL BANCO Y ARACATACA. | M19: 52930258320 | N19: SGR - Asignación para la inversión regional 60% | O19: 3 | P19: 1. Mantener la cobertura y vincular (4.500) nuevos estudiantes a la educación preescolar, básica y media al sistema educativo público 2. Vincular a (2.000) nuevos niños y niñas de 0 a 3 años a la educación inicial para la primera infancia pública y de calidad. 3. Garantizar la vinculación (15.000) nuevos estudiantes: niños y niñas con discapacidad, estudiantes con capacidades o talentos excepcionales y adultos mayores de 15 años que se encuentra por fuera del sistema educativo | Q19: PROYECTO CON CÓDIGO Y CON FINANCIACIÓN | R19: SEGURIDAD HUMANA Y JUSTICIA SOCIAL
A20: 17 | B20: REVOLUCIÓN DE LA EDUCACIÓN Y BECAS DEL CAMBIO | C20: 2021002470075 | D20: 2021 | E20: SECRETARÍA DE INFRAESTRUCTURA | F20: EDUCACIÓN | G20: INFRAESTRUCTURA EDUCATIVA | H20: MEJORAMIENTO DE INFRAESTRUCTURA BÁSICA EN INSTITUCIONES EDUCATIVAS DE MUNICIPIOS NO CERTIFICADOS DEL DEPARTAMENTO DEL MAGDALENA (COLEGIOS DEL CAMBIO) | I20: MEJORAMIENTO DE INFRAESTRUCTURA EDUCATIVA EXISTENTE EN 70 SEDES | J20: 180.595 ESTUDIANTES | K20: 221.917 ESTUDIANTES | L20: Algarrobo, Aracataca, Ariguaní, Cerro San Antonio, Chibolo, Concordia, El banco, Fundación, Guamal, Nueva granada, Pedraza, Pijiño del Carmen, El piñón, Pivijay, Plato, Pueblo viejo, Remolino, Retén, Sabanas de san ángel, Salamina, San Sebastián de Buenavista, San Zenón, Santa Ana, Santa bárbara de pinto, Sitionuevo, Tenerife, Zapayan, zona bananera, Ciénaga, Santa Marta | M20: 23628787151 | N20: SGR - Asignación para la inversión regional 60% | O20: 1 | P20: 1. Gestionar la formulación y ejecución de los Planes de Educación Rural en los 28 municipios no certificados | Q20: PROYECTO CON CÓDIGO Y CON FINANCIACIÓN | R20: SEGURIDAD HUMANA Y JUSTICIA SOCIAL
A21: 18 | B21: REVOLUCIÓN DE LA EDUCACIÓN Y BECAS DEL CAMBIO | C21: 2020000020050 | D21: 2020 | E21: SECRETARÍA DE INFRAESTRUCTURA | F21: EDUCACIÓN | G21: INFRAESTRUCTURA EDUCATIVA | H21: CONSTRUCCIÓN Y ADECUACIÓN DE OBRAS COMPLEMENTARIAS EN SEDES EDUCATIVAS OFICIALES DEL DEPARTAMENTO DEL MAGDALENA (COLEGIOS DEL CAMBIO FFIE) | I21: OBRAS COMPLEMENTARIAS EN SIETE (7) SEDES EDUCATIVAS (FFIE) | J21: 5.828 ESTUDIANTES | K21: 5.828 ESTUDIANTES | L21: Algarrobo, Aracataca, Ariguaní, Cerro San Antonio, Chibolo, Concordia, El banco, Fundación, Guamal, Nueva granada, Pedraza, Pijiño del Carmen, El piñón, Pivijay, Plato, Pueblo viejo, Remolino, Retén, Sabanas de san ángel, Salamina, San Sebastián de Buenavista, San Zenón, Santa Ana, Santa bárbara de pinto, Sitionuevo, Tenerife, Zapayan, zona bananera, Ciénaga, Santa Marta | M21: 8200000000 | N21: SGR - Asignación para la inversión regional 60% | O21: 1 | P21: 1. Gestionar la adecuación, construcción y/o dotación de (58) Instituciones Educativas públicas, así como gestionar, acompañar y coordinar las adecuaciones e intervenciones que se adelantan por parte del Gobierno Nacional. | Q21: PROYECTO CON CÓDIGO Y CON FINANCIACIÓN | R21: SEGURIDAD HUMANA Y JUSTICIA SOCIAL
A22: 19 | B22: REVOLUCIÓN DE LA EDUCACIÓN Y BECAS DEL CAMBIO | C22: 2020002470008 | D22: 2020 | E22: INDEPORTES | F22: DEPORTE Y RECREACIÓN | G22: DEPORTE DE ALTO RENDIMIENTO | H22: FORTALECIMIENTO DEL DEPORTE DE ALTO RENDIMIENTO EN EL DEPARTAMENTO DEL MAGDALENA (ALTO RENDIMIENTO Y LIGAS) | I22: EL PROYECTO BUSCA BRINDAR A LOS ATLETAS APOYOS ECONÓMICOS Y ESTÍMULOS NECESARIOS EN EL ÁREA TÉCNICA, CIENCIAS APLICADAS Y DESARROLLO SOCIAL, CON MIRAS A ALCANZAR UN MEJOR RESULTADO Y DESEMPEÑO EN LAS COMPETENCIAS NACIONALES E INTERNACIONALES. | J22: 1000 PERSONAS | K22: 100 DEPORTISTAS | L22: Algarrobo, Aracataca, Ariguaní, Cerro San Antonio, Chibolo, Concordia, El banco, Fundación, Guamal, Nueva granada, Pedraza, Pijiño del Carmen, El piñón, Pivijay, Plato, Pueblo viejo, Remolino, Retén, Sabanas de san ángel, Salamina, San Sebastián de Buenavista, San Zenón, Santa Ana, Santa bárbara de pinto, Sitionuevo, Tenerife, Zapayan, zona bananera, Ciénaga, Santa Marta | M22: 14006443739 | N22: Recursos propios | O22: 2 | P22: 1. Brindar asistencia técnica y financiera a (100) atletas de alto rendimiento en el cuatrienio. 2. Fortalecer (16) ligas deportivas existentes y gestionar la creación de nuevas en el Magdalena mediante apoyo económico, capacitación y acompañamiento permanente. | Q22: PROYECTO CON CÓDIGO Y CON FINANCIACIÓN | R22: SEGURIDAD HUMANA Y JUSTICIA SOCIAL
A23: 20 | B23: REVOLUCIÓN DE LA EDUCACIÓN Y BECAS DEL CAMBIO | C23: 2020002470021 | D23: 2020 | E23: INDEPORTES | F23: DEPORTE Y RECREACIÓN | G23: ESCUELAS POPULARES DEL DEPORTE | H23: DESARROLLO DEL PROGRAMA DE ESCUELAS POPULARES DEL DEPORTE EN EL DEPARTAMENTO DEL MAGDALENA | I23: CONSISTE EN PONER EN FUNCIONAMIENTO NOVENTA (90) ESCUELAS POPULARES DEL DEPORTE EN EL CUATRIENIO DE LA SIGUIENTE FORMA: 2020: 50, 2021: 90 Y MANTENER ESTE NÚMERO PARA EL 2022 Y 2023, QUE FUNCIONARAN EN LOS VEINTINUEVE (29) MUNICIPIOS DEL MAGDALENA Y EL DISTRITO DE SANTA MARTA | J23: 196.584 PERSONAS | K23: 100.000 NIÑOS Y NIÑAS | L23: Algarrobo, Aracataca, Ariguaní, Cerro San Antonio, Chibolo, Concordia, El banco, Fundación, Guamal, Nueva granada, Pedraza, Pijiño del Carmen, El piñón, Pivijay, Plato, Pueblo viejo, Remolino, Retén, Sabanas de san ángel, Salamina, San Sebastián de Buenavista, San Zenón, Santa Ana, Santa bárbara de pinto, Sitionuevo, Tenerife, Zapayan, zona bananera, Ciénaga, Santa Marta | M23: 6225274234 | N23: Recursos propios | O23: 1 | P23: 1. Poner en funcionamiento y dotación las Escuelas Populares del Deporte para beneficiar (100.000) a NNA y Jóvenes, identificando semilleros y talentos deportivos en (29) Municipios del Departamento. | Q23: PROYECTO CON CÓDIGO Y CON FINANCIACIÓN | R23: SEGURIDAD HUMANA Y JUSTICIA SOCIAL
A24: 21 | B24: REVOLUCIÓN DE LA EDUCACIÓN Y BECAS DEL CAMBIO | C24: 2022002470035 | D24: 2022 | E24: INDEPORTES | F24: DEPORTE Y RECREACIÓN | G24: EVENTOS DEPORTIVOS | H24: DESARROLLO DE EVENTOS Y COMPETENCIAS DEPORTIVAS EN EL DEPARTAMENTO DEL MAGDALENA. | I24: REALIZAR COMPETENCIAS Y EVENTOS RECREO-DEPORTIVOS QUE CONSOLIDEN LA COMPETENCIA DEPORTIVA EN EL DEPARTAMENTO DEL MAGDALENA | J24: 1.463.427 PERSONAS | K24: 10.352 PERSONAS | L24: Algarrobo, Aracataca, Ariguaní, Cerro San Antonio, Chibolo, Concordia, El banco, Fundación, Guamal, Nueva granada, Pedraza, Pijiño del Carmen, El piñón, Pivijay, Plato, Pueblo viejo, Remolino, Retén, Sabanas de san ángel, Salamina, San Sebastián de Buenavista, San Zenón, Santa Ana, Santa bárbara de pinto, Sitionuevo, Tenerife, Zapayan, zona bananera, Ciénaga, Santa Marta | M24: 1629789029 | N24: Recursos propios | O24: 6 | P24: 1.4.2.4.1 Realizar 2 juegos deportivos departamentales. 1.4.2.4.2 Realizar 6 eventos propios delMagdalena (Vuelta Ciclística,Macondo, Triatlón Sierra Nevada y la Maratón Nocturna, entre otros). 1.4.2.4.3 Realizar 2 juegos deportivos comunales. 1.4.2.4.6 Realizar 6 juegos deportivos propios poblacionales (Indígenas, afros, desplazados, LGBTIQ+, mujeres, discapacitados, entre otros.1.4.2.4.7 Apoyar técnica y logísticamente (2) eventos deportivos internacionales. 1.4.2.4.9 Apoyar técnica y logísticamente (30) eventos deportivos en el departamento. | Q24: PROYECTO CON CÓDIGO Y CON FINANCIACIÓN | R24: SEGURIDAD HUMANA Y JUSTICIA SOCIAL
A25: 22 | B25: REVOLUCIÓN DE LA EDUCACIÓN Y BECAS DEL CAMBIO | C25: 2022002470045 | D25: 2022 | E25: INDEPORTES | F25: DEPORTE Y RECREACIÓN | G25: EVENTOS DEPORTIVOS | H25: APOYO A LA REALIZACIÓN DE LOS I JUEGOS CENTROAMERICANOS Y DEL CARIBE DE MAR Y PLAYA EN EL DEPARTAMENTO DEL MAGDALENA | I25: BRINDAR APOYO TÉCNICO Y LOGÍSTICO PARA LA REALIZACIÓN DE LOS I JUEGOS CENTROAMERICANOS Y DEL CARIBE DE MAR Y PLAYA EN PRO DE BRINDAR ACOMPAÑAMIENTO TÉCNICO Y LOGÍSTICO PARA EL DESARROLLO DE COMPETENCIAS DEPORTIVAS DE TALLA INTERNACIONAL. | J25: 1.463.427 PERSONAS | K25: 1.451 PERSONAS | L25: SANTA MARTA Y CIENAGA | M25: 1661254726 | N25: Recursos propios | O25: 3 | P25: Apoyar Técnica y logísticamente (30) eventos deportivos en el Departamento. Apoyar Técnica y logísticamente (2) eventos deportivos internacionales. Promover la participación de (80.000) personas en actividades físicas y recreo deportivas (de manera presencial y virtual) en el departamento. | Q25: PROYECTO CON CÓDIGO Y CON FINANCIACIÓN | R25: CONVERGENCIA SOCIAL REGIONAL
... A33: 30 | B33: REVOLUCIÓN DE LA EDUCACIÓN Y BECAS DEL CAMBIO | C33: 2021002470073 | D33: 2021 | E33: OFICINA DE LA MUJER | F33: INCLUSION SOCIAL Y RECONCIALIACION | G33: ATENCIÓN INTEGRAL | H33: ADECUACIÓN DE LA CASA DE EMPODERAMIENTO PARA LAS MUJERES Y SUS NÚCLEOS FAMILIARES QUE HAN SIDO VICTIMAS DE VIOLENCIA EN EL DEPARTAMENTO DEL MAGDALENA | I33: ADECUACIÓN DE LA CASA DE EMPODERAMIENTO PARA LAS MUJERES Y SUS NÚCLEOS FAMILIARES QUE HAN SIDO VÍCTIMAS DE VIOLENCIA EN EL DEPARTAMENTO DEL MAGDALENA | J33: 10.000 MUJERES | K33: 221.917 MUJERES | L33: Algarrobo, Aracataca, Ariguaní, Cerro San Antonio, Chibolo, Concordia, El banco, Fundación, Guamal, Nueva granada, Pedraza, Pijiño del Carmen, El piñón, Pivijay, Plato, Pueblo viejo, Remolino, Retén, Sabanas de san ángel, Salamina, San Sebastián de Buenavista, San Zenón, Santa Ana, Santa bárbara de pinto, Sitionuevo, Tenerife, Zapayan, zona bananera, Ciénaga, Santa Marta | M33: 249999331 | N33: Recursos propios | O33: 1 | P33: 1. Gestionar la adecuación, dotación y puesta en funcionamiento de (3) Casa Refugio y de Empoderamiento de la Mujer, con la articulación para su sostenimiento y viabilidad funcional con Alcaldías de las subregiones, además con las autoridades públicas y privadas. | Q33: PROYECTO CON CÓDIGO Y CON FINANCIACIÓN | R33: SEGURIDAD HUMANA Y JUSTICIA SOCIAL
A34: 31 | B34: REVOLUCIÓN DE LA EDUCACIÓN Y BECAS DEL CAMBIO | C34: 2021002470046 | D34: 2021 | F34: INCLUSION SOCIAL Y RECONCIALIACION | G34: INCLUSIÓN SOCIAL | H34: ADQUISICIÓN Y DOTACIÓN DE UNIDADES MÓVILES PARA EL FORTALECIMIENTO Y PRESTACIÓN DE LA OFERTA SOCIAL DEL PROGRAMA RED EQUIDAD EN EL DEPARTAMENTO DEL MAGDALENA (FERIAS DE LA EQUIDAD) | I34: DOTAR Y PONER EN FUNCIONAMIENTO UNIDADES MÓVILES PARA LA PRESTACIÓN DE SERVICIOS Y PROGRAMAS SOCIALES EN EL DEPARTAMENTO DEL MAGDALENA, EN BUSCA DE INCREMENTAR LA CAPACIDAD OPERATIVA DE LA GOBERNACIÓN EN LOS MUNICIPIOS | J34: 610.177 PERSONAS | K34: 2241.9417 PERSONAS | L34: Algarrobo, Aracataca, Ariguaní, Cerro San Antonio, Chibolo, Concordia, El banco, Fundación, Guamal, Nueva granada, Pedraza, Pijiño del Carmen, El piñón, Pivijay, Plato, Pueblo viejo, Remolino, Retén, Sabanas de san ángel, Salamina, San Sebastián de Buenavista, San Zenón, Santa Ana, Santa bárbara de pinto, Sitionuevo, Tenerife, Zapayan, zona bananera, Ciénaga, Santa Marta | M34: 1.7051229e+10 | N34: SGR - Asignación para la inversión regional 60% | O34: 41 | P34: 1. Realizar (116) Ferias de la Equidad para llevar la oferta institucional, activando el acceso a la ruta de derechos con programas sociales de salud, educación y nutrición, dignificación del hábitat e inclusión productiva, para la población vulnerable y territorios con mayor concentración de pobreza. 2. Implementar (1) estrategia para favorecer la cohesión familiar, el relacionamiento afectivo y la participación democrática como núcleo de la sociedad. 3. Implementar (1) estrategia de acompañamiento a las familias para prevenir la violencia y los abusos intrafamiliares, y el consumo de sustancias psicoactivas. 4. Diseñar y poner en funcionamiento una (1) ruta de atención que propenda por la reducción del maltrato infantil, los abusos sexuales y todo tipo de violencia que amenacen o afecten la integridad de los NNA. 5. Implementar (1) estrategia de atención integral a los jóvenes campesinos 6. Diseñar e implementar (1) estrategia para la prevención del consumo de sustancias psicoactivas, criminalidad, barras bravas, violencias en jóvenes, entre otros. 7. Diseñar e implementar (1) estrategia para la prevención del consumo de sustancias psicoactivas, criminalidad, barras bravas, violencias en jóvenes, entre otros. 8. Poner en funcionamiento una (1) ludoteca móvil para la primera infancia 9. Acompañar y apoyar (50) proyectos de emprendimiento formulados por grupos de jóvenes 10. Implementar en (29) Municipios la ruta de atención a mujeres víctimas de violencia 11. Beneficiar (1.000) jóvenes de la población NARP con acceso a la inclusión laboral y apoyo a sus emprendimientos. 12. Garantizar el acceso de (1.000) mujeres cabeza de familia, desplazadas o víctimas de otros hechos, con especial énfasis en las sobrevivientes de violencia sexual en el marco del conflicto armado a programas de restablecimiento de derechos y construcción de paz. 13. Beneficiar a (3.000) personas víctimas del conflicto armado con atención psicosocial. 14. Beneficiar a (2.000) víctimas del conflicto armado con acceso a procesos de formación, capacitación y/o la formalización de sus emprendimientos productivos, priorizando a jóvenes. 15. Realizar jornadas de formación laboral y productiva para (1.000) personas con discapacidad. 16. Poner en funcionamiento (2) Casas Indígenas. 17. Poner en funcionamiento y dotar (2) Casas de la Diversidad LGBTIQ+ 18. Formular e implementar (1) plan de acción humanitario para inmigrantes y/o sujetos de protección internacional. 19. Mantener la cobertura y vincular (4.500) nuevos estudiantes a la educación preescolar, básica y media al sistema educativo público. 20. Garantizar la vinculación (15.000) nuevos estudiantes: niños y niñas con discapacidad, estudiantes con capacidades o talentos excepcionales y adultos mayores de 15 años que se encuentra por fuera del sistema educativo. 21. Aumentar a (99,2%) la afiliación al régimen subsidiado y contributivo de salud, en procura de alcanzar la cobertura universal. 22. Diseñar e implementar la estrategia “Reclamando el Derecho Fundamental a la Salud” en (29) municipios del Departamento. 23. Implementar en (29) municipios, estrategias de vacunación. 24. Implementar en (29) municipios acciones de prevención y atención en salud oral 25. Mantener en 95% las coberturas útiles de vacunación de perros y gatos. 26. Beneficiar (2.000) niñas y niños menores de 5 años y ancianos en programas de recuperación nutricional en casa y/o centros de recuperación nutricional con micronutrientes, para disminuir la desnutrición crónica. 27. Beneficiar (2.000) madres gestantes y lactantes mediante paquetes alimentarios de apoyo nutricional. 28. Implementar (1) programa de actividades lúdicas y pedagógicas. 29. Realizar (60) talleres de lectura y escritura en el marco de las Ferias de la Equidad. 30. Gestionar la implementación de (1) Sistema de atención, valoración y recuperación de fauna silvestre, que propenda por el cumplimiento de la política ambiental para la prevención del tráfico de fauna. 31. Gestionar la implementación de (1) Centro de valoración, atención y protección animal, con una red móvil de asistencia. Programas de vacunación, control de natalidad, tenencia de animales y manejo de fauna domestica (caninos, felinos, entre otros) 32. Suscribir (1) alianza por el cambio para el fortalecimiento de las empresas del sector turístico. (Nuevas herramientas tecnológicas, normas técnicas sectoriales, certificaciones de calidad, entre otras). 33. Implementar (1) campaña “Magdalenense conoce al Magdalena” 34. Realizar (2) festivales gastronómicos. 35. Diseñar e implementar (1) plan de promoción gastronómica. 36. Implementar (1) laboratorio de diseño e innovación de artesanías. 37. Implementar (1) laboratorio de innovación en gastronomía de Macondo. 38. Crear e implementar (3) estrategias para el desarrollo de mercados turísticos especializados como el agroturismo, aviturismo, musical, gastronómico, étnico y de aventura entre otros 39. Estructurar e implementar una (1) campaña para Incentivar la compra de productos locales, así como la compra institucional en la ejecución de programas como el PAE 40. Realizar (58) jornadas en prevención de uso, utilización, reclutamiento y violencia sexual contra NNAJ, en el marco de las Ferias de la Equidad. 41. Realizar (58) brigadas jurídicas locales en el marco de las ferias de la equidad. | Q34: PROYECTO CON CÓDIGO Y CON FINANCIACIÓN | R34: SEGURIDAD HUMANA Y JUSTICIA SOCIAL
A35: 32 | B35: REVOLUCIÓN DE LA EDUCACIÓN Y BECAS DEL CAMBIO | C35: 2022002470017 | D35: 2022 | E35: SECRETARÍA DE INFRAESTRUCTURA | F35: INCLUSION SOCIAL Y RECONCIALIACION | G35: INFAESTRUCTURA SOCIAL | H35: CONSTRUCCIÓN Y DOTACIÓN DEL CENTRO DE VIDA PARA EL ADULTO MAYOR EN EL MUNICIPIO DE CHIBOLO, MAGDALENA | I35: SE DESARROLLARÁ LA CONSTRUCCIÓN DE UN CENTRO VIDA EL CUAL BRINDARÁ ATENCIÓN A LOS ADULTOS MAYORES HACIENDO UNA CONTRIBUCIÓN QUE IMPACTE EN SU CALIDAD DE VIDA Y BIENESTAR | J35: 2.414 PERSONAS | K35: 2.414 PERSONAS | L35: CHIBOLO | M35: 6102510945 | N35: Recursos propios | O35: 1 | P35: 1.1.1.5.1 Gestionar la construcción de (3) Centros Vida Día y Noche. | Q35: PROYECTO CON CÓDIGO Y CON FINANCIACIÓN | R35: SEGURIDAD HUMANA Y JUSTICIA SOCIAL
A36: 33 | B36: REVOLUCIÓN DE LA EDUCACIÓN Y BECAS DEL CAMBIO | C36: 2022002470021 | D36: 2022 | E36: SECRETARÍA DE INFRAESTRUCTURA | F36: INCLUSION SOCIAL Y RECONCIALIACION | G36: INFAESTRUCTURA SOCIAL | H36: CONSTRUCCIÓN DEL CENTRO DE VIDA PARA EL ADULTO MAYOR EN EL MUNICIPIO DE GUAMAL, MAGDALENA | I36: SE DESARROLLARÁ LA CONSTRUCCIÓN DE UN CENTRO VIDA EL CUAL BRINDARÁ ATENCIÓN A LOS ADULTOS MAYORES HACIENDO UNA CONTRIBUCIÓN QUE IMPACTE EN SU CALIDAD DE VIDA Y BIENESTAR | J36: 28.626 PERSONAS | K36: 4.640 PERSONAS | L36: GUAMAL | M36: 6030319355 | N36: Recursos propios | O36: 1 | P36: 1.1.1.5.1 Gestionar la construcción de (3) Centros Vida Día y Noche. | Q36: PROYECTO CON CÓDIGO Y CON FINANCIACIÓN | R36: SEGURIDAD HUMANA Y JUSTICIA SOCIAL
A37: 34 | B37: REVOLUCIÓN DE LA EDUCACIÓN Y BECAS DEL CAMBIO | C37: 2021002470027 | D37: 2021 | E37: OFICINA DE PROGRAMA DE ALIMENTACION | F37: INCLUSION SOCIAL Y RECONCIALIACION | G37: ALIMENTACIÓN | H37: IMPLEMENTACIÓN DEL PROGRAMA DE ATENCIÓN Y SUPLEMENTACIÓN NUTRICIONAL PARA LA PRIMERA INFANCIA Y MUJERES GESTANTES EN EL DEPARTAMENTO DEL MAGDALENA | I37: PRESTAR UN SERVICIO DE PROMOCIÓN SOCIAL A 4.000 BENEFICIARIOS EN CONDICIÓN DE INSEGURIDAD ALIMENTARIA, PARA LO CUAL SE REALIZARÁ LA ENTREGA DE PAQUETE NUTRICIONAL QUE CONSISTE EN EL SUMINISTRO DE UNA CANASTA BÁSICA DE ALIMENTOS FORTIFICADOS Y DE ALTO VALOR NUTRICIONAL ACOMPAÑADO DE SUPLEMENTOS QUE COMPLEMENTEN LA ALIMENTACIÓN FAMILIAR DE AQUELLOS BENEFICIARIOS EN ESTADO DE RIESGO DE DESNUTRICIÓN AGUDA Y MUJERES GESTANTES CON BAJO PESO PARA LA EDAD GESTACIONAL. | J37: 4.000 PERSONAS | K37: 222.927 PERSONAS | L37: Algarrobo, Aracataca, Ariguaní, Cerro San Antonio, Chibolo, Concordia, El banco, Fundación, Guamal, Nueva granada, Pedraza, Pijiño del Carmen, El piñón, Pivijay, Plato, Pueblo viejo, Remolino, Retén, Sabanas de san ángel, Salamina, San Sebastián de Buenavista, San Zenón, Santa Ana, Santa bárbara de pinto, Sitionuevo, Tenerife, Zapayan, zona bananera, Ciénaga, Santa Marta | M37: 1643845289 | N37: Recursos propios | O37: 2 | P37: 1. Beneficiar (2.000) niñas y niños menores de 5 años y ancianos en programas de recuperación nutricional en casa y/o centros de recuperación nutricional con micronutrientes, para disminuir la desnutrición crónica. 2. Beneficiar (2.000) madres gestantes y lactantes mediante paquetes alimentarios de apoyo nutricional. | Q37: PROYECTO CON CÓDIGO Y CON FINANCIACIÓN | R37: DERECHO HUMANO A LA ALIMENTACIÓN
A38: 35 | B38: REVOLUCIÓN DE LA EDUCACIÓN Y BECAS DEL CAMBIO | C38: 2021002470064 | D38: 2021 | E38: OFICINA DE PROGRAMA DE ALIMENTACION | F38: INCLUSION SOCIAL Y RECONCIALIACION | G38: APOYO NUTRICIONAL | H38: IMPLEMENTACIÓN DEL PROGRAMA DE INTERVENCIÓN NUTRICIONAL INTEGRAL PARA LA PRIMERA INFANCIA EN EL DEPARTAMENTO DEL MAGDALENA | I38: EL PROYECTO SE IMPLEMENTARÁ EN 29 MUNICIPIOS DEL DEPARTAMENTO DEL MAGDALENA Y EL DISTRITO DE SANTA MARTA. LA ALTERNATIVA CONSISTE EN LA PRESTACIÓN DE UN SERVICIO DE PROMOCIÓN SOCIAL A LOS BENEFICIARIOS EN CONDICIÓN DE INSEGURIDAD ALIMENTARIA Y NUTRICIONAL | J38: 5.000 PERSONAS | K38: 223.937 PERSONAS | L38: Algarrobo, Aracataca, Ariguaní, Cerro San Antonio, Chibolo, Concordia, El banco, Fundación, Guamal, Nueva granada, Pedraza, Pijiño del Carmen, El piñón, Pivijay, Plato, Pueblo viejo, Remolino, Retén, Sabanas de san ángel, Salamina, San Sebastián de Buenavista, San Zenón, Santa Ana, Santa bárbara de pinto, Sitionuevo, Tenerife, Zapayan, zona bananera, Ciénaga, Santa Marta | M38: 1719361474 | N38: Recursos propios | O38: 3 | P38: 1. Beneficiar (2.000) niñas y niños menores de 5 años y ancianos en programas de recuperación nutricional en casa y/o centros de recuperación nutricional con micronutrientes, para disminuir la desnutrición crónica. 2. Realizar seguimiento en los 29 Municipios al estado nutricional de la primera infancia 3. Implementar (1) estrategia de prevención y reducción de anemia nutricional | Q38: PROYECTO CON CÓDIGO Y SIN FINANCIACIÓN | R38: DERECHO HUMANO A LA ALIMENTACIÓN
A39: 36 | B39: REVOLUCIÓN DE LA EDUCACIÓN Y BECAS DEL CAMBIO | C39: 2021002470080 | D39: 2021 | E39: OFICINA DE PROGRAMA DE ALIMENTACION | F39: INCLUSION SOCIAL Y RECONCIALIACION | G39: APOYO NUTRICIONAL | H39: IMPLEMENTACIÓN DE ESTRATEGIAS PARA EL FORTALECIMIENTO DE LA SEGURIDAD ALIMENTARIA EN EL DEPARTAMENTO DEL MAGDALENA (DESNUTRICIÓN) | I39: EL PROYECTO SE IMPLEMENTARÁ EN 29 MUNICIPIOS DEL DEPARTAMENTO DEL MAGDALENA Y EL DISTRITO DE SANTA MARTA. LA ALTERNATIVA CONSISTE EN LA PRESTACIÓN DE UN SERVICIO DE PROMOCIÓN SOCIAL DONDE SE REALIZA LA ENTREGA UNA CANASTA BÁSICA DE ALIMENTOS FORTIFICADOS Y DE ALTO VALOR NUTRICIONAL CON COMPLEMENTOS ALIMENTICIOS Y KIT DE ASEO A LOS NIÑOS Y NIÑAS MENORES DE 5 AÑOS Y SU NÚCLEO FAMILIAR, | J39: 10.000 PERSONAS | K39: 224.947 PERSONAS | L39: Algarrobo, Aracataca, Ariguaní, Cerro San Antonio, Chibolo, Concordia, El banco, Fundación, Guamal, Nueva granada, Pedraza, Pijiño del Carmen, El piñón, Pivijay, Plato, Pueblo viejo, Remolino, Retén, Sabanas de san ángel, Salamina, San Sebastián de Buenavista, San Zenón, Santa Ana, Santa bárbara de pinto, Sitionuevo, Tenerife, Zapayan, zona bananera, Ciénaga, Santa Marta | M39: 4080200249 | N39: SGR - Asignación para la inversión regional 60% | O39: 4 | P39: 1. Beneficiar (2.000) niñas y niños menores de 5 años y ancianos en programas de recuperación nutricional en casa y/o centros de recuperación nutricional con micronutrientes, para disminuir la desnutrición crónica. 2. Beneficiar (2.000) madres gestantes y lactantes mediante paquetes alimentarios de apoyo nutricional. 3. Realizar seguimiento en los 29 Municipios al estado nutricional de la primera infancia 3. Implementar (1) estrategia de prevención y reducción de anemia nutricional | Q39: PROYECTO CON CÓDIGO Y CON FINANCIACIÓN | R39: DERECHO HUMANO A LA ALIMENTACIÓN
A40: 37 | B40: REVOLUCIÓN DEL TRABAJO Y VÍAS DEL CAMBIO | C40: 2021002470076 | D40: 2021 | E40: SECRETARÍA DE DESARROLLO ECONÓMICO | F40: COMERCIO, INDUSTRIA Y TURISMO | G40: GENERACIÓN DE EMPLEO | H40: IMPLEMENTACIÓN DE UNA ESTRATEGIA DE REACTIVACIÓN ECONÓMICA Y GENERACIÓN DE EMPLEO EN EL DEPARTAMENTO DEL MAGDALENA (BRIGADAS EMPRESARIALES) | I40: BRIGADAS EMPRESARIALES | J40: 3.000 PERSONAS | K40: 222.927 PERSONAS | L40: Algarrobo, Aracataca, Ariguaní, Cerro San Antonio, Chibolo, Concordia, El banco, Fundación, Guamal, Nueva granada, Pedraza, Pijiño del Carmen, El piñón, Pivijay, Plato, Pueblo viejo, Remolino, Retén, Sabanas de san ángel, Salamina, San Sebastián de Buenavista, San Zenón, Santa Ana, Santa bárbara de pinto, Sitionuevo, Tenerife, Zapayan, zona bananera, Ciénaga, Santa Marta | M40: 1.1199824e+10 | N40: SGR - Asignación para la inversión regional 60% | O40: 2 | P40: 1. Conformar (1) Comisión de Expertos de Alto Nivel para impulsar la reactivación 2. Formular e implementar (1) plan de impulso y formalización para los emprendimientos, la micro y pequeñas empresas. económica y la generación de empleo. | Q40: PROYECTO CON CÓDIGO Y CON FINANCIACIÓN | R40: DERECHO HUMANO A LA ALIMENTACIÓN
A41: 38 | B41: REVOLUCIÓN DE LA SALUD Y MEDICO EN TU CASA | C41: 2021002470088 | D41: 2021 | E41: SECRETARÍA DE SALUD | F41: SALUD Y PROTECCIÓN SOCIAL | G41: INFRAESTRUCTURA MEJORAMIENTO Y DOTACIÓN | H41: REMODELACIÓN DE LAS ÁREAS DE URGENCIAS, HOSPITALIZACIÓN Y CONSULTA EXTERNA ESPECIALIZADA DE LA E.S.E. - HOSPITAL SAN RAFAEL DE FUNDACIÓN- MAGDALENA | I41: AMPLIACIÓN DE LAS ÁREAS DE LOS SERVICIOS DE URGENCIAS, HOSPITALIZACIÓN Y CONSULTA EXTERNA ESPECIALIZADA | J41: 64.356 PERSONAS | K41: 221.917 PERSONAS | L41: FUNDACION | M41: 1.0420762e+09 | N41: Recursos propios | O41: 1 | P41: económica y la generación de | Q41: PROYECTO CON CÓDIGO Y CON FINANCIACIÓN | R41: SEGURIDAD HUMANA Y JUSTICIA SOCIAL
A42: 39 | B42: REVOLUCIÓN DE LA SALUD Y MEDICO EN TU CASA | C42: 2021002470084 | D42: 2021 | E42: SECRETARÍA DE SALUD | F42: SALUD Y PROTECCIÓN SOCIAL | G42: INFRESTRUCTURA MEJORAMIENTO Y DOTACIÓN | H42: REMODELACIÓN Y DOTACIÓN PARA LA PRESTACIÓN DE LOS SERVICIOS DE REHABILITACIÓN, IMAGENOLOGÍA Y CARDIOLOGÍA EN LA ESE HOSPITAL SAN CRISTOBAL DE CIÉNAGA MAGDALENA | I42: INTERVENIR LAS ÁREAS DE LOS SERVICIOS DE REHABILITACIÓN, IMAGENOLOGÍA, CARDIOLOGÍA Y ZONAS COMUNES DE ACCESO | J42: 79.475 PERSONAS | K42: 221.917 PERSONAS | L42: CIENAGA, | M42: 2.4140655e+09 | N42: Recursos propios | O42: 1 | P42: empleo. | Q42: PROYECTO CON CÓDIGO Y SIN FINANCIACIÓN | R42: SEGURIDAD HUMANA Y JUSTICIA SOCIAL
A43: 40 | B43: REVOLUCIÓN DE LA SALUD Y MEDICO EN TU CASA | C43: 2021002470099 | D43: 2021 | E43: OFICINA DE GESTIÓN DEL RIESGO DE DESASTRES | F43: SALUD Y PROTECCIÓN SOCIAL | G43: SALUD PÚBLICA | H43: FORTALECIMIENTO DE LAS ACCIONES DE GESTIÓN, DE PROMOCIÓN DE LA SALUD Y LA GESTIÓN DEL RIESGO COLECTIVO DE LA AUTORIDAD SANITARIA DEL DEPARTAMENTO DEL MAGDALENA. (MEDICO EN TU CASA) | I43: ACCIONES SECTORIALES Y COMUNITARIAS ENCAMINADAS A RECUPERAR LAS CAPACIDADES BÁSICAS DE LA AUTORIDAD SANITARIA EN LA NACIÓN Y TERRITORIOS PARA ACTUAR COMO PLANIFICADORES E INTEGRADORES DE LAS ACCIONES RELACIONADAS CON LA PRODUCCIÓN SOCIAL DE LA SALUD DENTRO Y FUERA DEL SECTOR SALUD, Y DE LA RESPUESTA PROPIA DEL SECTOR | J43: 911.036 PERSONAS | K43: 2216.9167 PERSONAS | L43: Algarrobo, Aracataca, Ariguaní, Cerro San Antonio, Chibolo, Concordia, El banco, Fundación, Guamal, Nueva granada, Pedraza, Pijiño del Carmen, El piñón, Pivijay, Plato, Pueblo viejo, Remolino, Retén, Sabanas de san ángel, Salamina, San Sebastián de Buenavista, San Zenón, Santa Ana, Santa bárbara de pinto, Sitionuevo, Tenerife, Zapayan, zona bananera, Ciénaga, Santa Marta | M43: 23095092939 | N43: Recursos propios | O43: 16 | P43: 1.3.1.2.1. Médico en tu Casa: Poner en funcionamiento y dotar (90) equipos básicos de salud con enfoque en salud familiar y comunitaria. 1.3.1.2.9. Mantener en 95% las coberturas útiles de vacunación de perros y gatos. 1.3.1.2.10. Realizar visitas de Inspección Vigilancia y Control a establecimientos de interés sanitario con enfoque de riesgo, en los (29) Municipios. 1.3.1.2.11. Implementar en (29) municipios visitas de prevención, vigilancia y control del riesgo sanitario de los acueductos municipales y veredales, para reducir las enfermedades relacionadas con los factores ambientales. 1.3.1.2.12. Implementar el programa nacional de prevención, manejo y control de IRA y 4 EDA en (29) municipios. 1.3.1.2.13. Realizar la programación y contratación del plan de intervenciones colectivas en (29) municipios, a través de la estrategia de Atención Primaria en Salud. 1.3.1.2.14. Implementar en (10) municipios, la estrategia de gestión integrada acorde a lineamientos nacionales. 1.3.1.2.17 Implementar en (29) municipios jornadas de Educación sexual y reproductiva con énfasis en las enfermedades de transmisión sexual ETS (VIH/SIDA), 1.3.1.2.18. mplementar en (29) municipios capacitaciones en la prevención y atención integral en ITS_VIH/SIDA con enfoque de vulnerabilidad a número Profesionales de la salud en la red pública y privada. 1.3.1.2.19 Implementar en (29) municipios acciones de detección temprana y tratamiento a la infección por sífilis en mujeres gestantes. 1.3.1.2.20 Diagnosticar oportunamente al 58% de las personas con enfermedad de Hansen. 1.3.1.2.21 Implementar estrategia 4x4 ampliada a 29 municipios. 1.3.1.2.24 Implementar y poner en operación en el (95%) de los municipios, el sistema de vigilancia en salud pública y de la violencia intrafamiliar. 1.3.1.2.27 Implementar (Res. 4886 de 2018) en (29) municipios con política pública de salud mental. 1.3.1.2.28. Formular e implementar (1) plan territorial de reducción del consumo de sustancia psicoactivas. 1.3.1.2.23 Brindar a (29) municipios apoyo en la gestión de vigilancia en salud pública y sanitaria (LSP). 1.3.1.2.18. mplementar en (29) municipios capacitaciones en la prevención y atención integral en ITS_VIH/SIDA con enfoque de vulnerabilidad a número Profesionales de la salud en la red pública y privada | Q43: PROYECTO CON CÓDIGO Y CON FINANCIACIÓN | R43: SEGURIDAD HUMANA Y JUSTICIA SOCIAL
A44: 41 | B44: REVOLUCIÓN DE LA SALUD Y MEDICO EN TU CASA | C44: 2021002470033 | D44: 2021 | E44: SECRETARÍA DE SALUD | F44: SALUD Y PROTECCIÓN SOCIAL | G44: SALUD PÚBLICA | H44: APOYO FINANCIERO PARA EL FORTALECIMIENTO DE LA OPERACIÓN CORRIENTE DE LOS HOSPITALES PÚBLICOS MONOPOLIOS QUE PRESTAN SERVICIOS TRAZADORES EN EL DEPARTAMENTO DEL MAGDALENA. | I44: OPERACIÓN DE LA PRESTACIÓN DE LOS SERVICIOS DE SALUD Y TECNOLOGÍAS, EN ZONAS ALEJADAS O DE DIFÍCIL ACCESO, A TRAVÉS DE INSTITUCIONES PÚBLICAS O INFRAESTRUCTURA PÚBLICA ADMINISTRADA POR TERCEROS UBICADAS EN ESTAS ZONAS, QUE SEAN MONOPOLIOS EN SERVICIOS TRAZADORES Y NO SOSTENIBLES POR VENTA DE SERVICIOS. | J44: 466.706 PERSONAS | K44: 221.917 PERSONAS | L44: Algarrobo, Aracataca, Ariguaní, Cerro San Antonio, Chibolo, Concordia, El banco, Fundación, Guamal, Nueva granada, Pedraza, Pijiño del Carmen, El piñón, Pivijay, Plato, Pueblo viejo, Remolino, Retén, Sabanas de san ángel, Salamina, San Sebastián de Buenavista, San Zenón, Santa Ana, Santa bárbara de pinto, Sitionuevo, Tenerife, Zapayan, zona bananera, Ciénaga, Santa Marta | M44: 7.3835585e+09 | N44: Recursos propios | O44: 1 | P44: 1. Garantizar al (99,2%) de la población pobre, el acceso a la prestación de servicios de salud y eventos NO PBS | Q44: PROYECTO CON CÓDIGO Y CON FINANCIACIÓN | R44: SEGURIDAD HUMANA Y JUSTICIA SOCIAL
A45: 42 | B45: REVOLUCIÓN DE LA SALUD Y MEDICO EN TU CASA | C45: 2020002470004 | D45: 2020 | E45: SECRETARÍA DE SALUD | F45: SALUD Y PROTECCIÓN SOCIAL | G45: SALUD PÚBLICA | H45: FORTALECIMIENTO DE LAS CAPACIDADES DE VIGILANCIA EN SALUD PÚBLICA EN EL DEPARTAMENTO DEL MAGDALENA | I45: REALIZAR ACCIONES DE LA SALUD PÚBLICA EN EL DEPARTAMENTO | J45: 1.427.026 PERSONAS | K45: 888.414 PERSONAS | L45: Algarrobo, Aracataca, Ariguaní, Cerro San Antonio, Chibolo, Concordia, El banco, Fundación, Guamal, Nueva granada, Pedraza, Pijiño del Carmen, El piñón, Pivijay, Plato, Pueblo viejo, Remolino, Retén, Sabanas de san ángel, Salamina, San Sebastián de Buenavista, San Zenón, Santa Ana, Santa bárbara de pinto, Sitionuevo, Tenerife, Zapayan, zona bananera, Ciénaga, Santa Marta | M45: 1511200000 | N45: Recursos propios | O45: 3 | P45: 1. Realizar visitas de Inspección Vigilancia y Control a establecimientos de interés sanitario con enfoque de riesgo, en los (29) Municipios. 2. Dotar a (130.000) personas con elementos de protección y bioseguridad en el marco del plan de acción por calamidad COVID-19. 3. Implementar (1) estrategia para la realización de pruebas rápidas en el marco del plan de acción por calamidad COVID-19. | Q45: PROYECTO CON CÓDIGO Y CON FINANCIACIÓN | R45: SEGURIDAD HUMANA Y JUSTICIA SOCIAL
A46: 43 | B46: REVOLUCIÓN DE LA SALUD Y MEDICO EN TU CASA | C46: 2022002470031 | D46: 2022 | E46: SECRETARÍA DE SALUD | F46: SALUD Y PROTECCIÓN SOCIAL | G46: SERVICIOS DE SALUD | H46: SANEAMIENTO DE LA DEUDA POR LOS SERVICIOS DE SALUD PRESTADOS A LA POBLACIÓN POBRE NO ASEGURADA, SUBSIDIADA, EXTRANJERA Y NACIONALES FRONTERIZOS EN EL DEPARTAMENTO DEL MAGDALENA | I46: SANEAMIENTO FINANCIERO DE LAS CUENTAS DE SERVICIOS Y TECNOLOGÍAS EN SALUD NO FINANCIADAS POR LA UPC DEL RÉGIMEN SUBSIDIADO Y DE LOS SERVICIOS PRESTADOS A LA PPNA, EXTRANJEROS Y NACIONALES FRONTERIZOS. | J46: 682.328 PERSONAS | K46: 29.527 PERSONAS | L46: Algarrobo, Aracataca, Ariguaní, Cerro San Antonio, Chibolo, Concordia, El banco, Fundación, Guamal, Nueva granada, Pedraza, Pijiño del Carmen, El piñón, Pivijay, Plato, Pueblo viejo, Remolino, Retén, Sabanas de san ángel, Salamina, San Sebastián de Buenavista, San Zenón, Santa Ana, Santa bárbara de pinto, Sitionuevo, Tenerife, Zapayan, zona bananera, Ciénaga, Santa Marta | M46: 3.4752588e+10 | N46: Recursos propios | O46: 1 | P46: 1.3.1.1.2 Salud Garantizar al (99,2%) de la población pobre, el acceso a la prestación de servicios de salud y eventos NO PBS. | Q46: PROYECTO CON CÓDIGO Y CON FINANCIACIÓN | R46: SEGURIDAD HUMANA Y JUSTICIA SOCIAL
... A68: 65 | B68: REVOLUCIÓN DEL TRABAJO Y VÍAS DEL CAMBIO | C68: 2022002470013 | D68: 2022 | E68: OFICINA DE PARTICIPACIÓN CIUDADANA | F68: GOBIERNO TERRITORIAL | G68: GESTIÓN INSTITUCIONAL | H68: FORTALECIMIENTO INSTITUCIONAL PARA LA TRANSPARENCIA, PARTICIPACIÓN CIUDADANA, CONTROL Y RESPONSABILIDAD SOCIAL Y ANTICORRUPCIÓN EN EL MARCO DE LA REVOLUCIÓN DEL GOBIERNO POPULAR EN EL DEPARTAMENTO DEL MAGDALENA. (VALLAS PUBLICITARIAS) | I68: FORTALECER LA TRANSPARENCIA, A TRAVÉS DE ACCIONES PARA VISIBILIZAR Y FACILITAR EL ACCESO A LA INFORMACIÓN PÚBLICA PERTINENTE, CLARA, DE CALIDAD Y SOCIALMENTE ÚTIL, DANDO COMPLIMIENTO A LO ESTIPULADO EN LA LEY 1712 DEL 2014, GARANTIZANDO EL DERECHO DE LOS CIUDADANOS AL ACCESO A ÉSTA Y SENTANDO LAS BASES PARA LA RECUPERACIÓN DE LA CONFIANZA INSTITUCIONAL POR PARTE DE LOS MAGDALENENSES. | J68: 1.326.525 PERSONAS | K68: 928.568 PERSONAS | L68: Algarrobo, Aracataca, Ariguaní, Cerro San Antonio, Chibolo, Concordia, El banco, Fundación, Guamal, Nueva granada, Pedraza, Pijiño del Carmen, El piñón, Pivijay, Plato, Pueblo viejo, Remolino, Retén, Sabanas de san ángel, Salamina, San Sebastián de Buenavista, San Zenón, Santa Ana, Santa bárbara de pinto, Sitionuevo, Tenerife, Zapayan, zona bananera, Ciénaga, Santa Marta | M68: 2411000000 | N68: Recursos propios | O68: 1 | P68: 4.1.3.1.2 Diseñar e implementar (1) estrategia de rendición pública de cuentas permanente. | Q68: PROYECTO CON CÓDIGO Y SIN FINANCIACIÓN | R68: CONVERGENCIA SOCIAL REGIONAL
A69: 66 | B69: REVOLUCIÓN DEL TRABAJO Y VÍAS DEL CAMBIO | C69: 2021002470061 | D69: 2021 | E69: OFICINA DE PARTICIPACIÓN CIUDADANA | F69: GOBIERNO TERRITORIAL | G69: PODER POPULAR | H69: FORTALECIMIENTO DE LOS ESPACIOS DEL GOBIERNO DEMOCRÁTICO Y LAS INSTANCIAS DE PODER POPULAR EN EL DEPARTAMENTO DEL MAGDALENA. | I69: EL PROYECTO CONSISTE EN DISMINUIR LA EXCLUSIÓN SOCIAL DE LA POBLACIÓN DE LOS PROCESOS DE PARTICIPACIÓN CIUDADANA DEL DEPARTAMENTO DEL MAGDALENA POR MEDIO DE LA PUESTA EN FUNCIONAMIENTO DEL SISTEMA DEPARTAMENTAL DE PARTICIPACIÓN Y PODER POPULAR, HERRAMIENTA MEDIANTE LA CUAL SE PROMOVERÁ LA DELIBERACIÓN E INCIDENCIA DE LA POBLACIÓN EN LOS DIFERENTES PROCESOS DE TOMA DE DECISIONES. | J69: 902.108 PERSONAS | K69: 224.947 PERSONAS | L69: Algarrobo, Aracataca, Ariguaní, Cerro San Antonio, Chibolo, Concordia, El banco, Fundación, Guamal, Nueva granada, Pedraza, Pijiño del Carmen, El piñón, Pivijay, Plato, Pueblo viejo, Remolino, Retén, Sabanas de san ángel, Salamina, San Sebastián de Buenavista, San Zenón, Santa Ana, Santa bárbara de pinto, Sitionuevo, Tenerife, Zapayan, zona bananera, Ciénaga, Santa Marta | M69: 500000000 | N69: Recursos propios | O69: 4 | P69: 1. Desarrollar (3) ejercicios de presupuesto participativo. 2. Crear y poner en funcionamiento (1) sistema departamental de participación y poder popular 3. Implementar (1) Red de Voluntariado por el Cambio. 4. Realizar (35) audiencias ciudadanas -Cuéntale al Gobernador-. | Q69: PROYECTO CON CÓDIGO Y SIN FINANCIACIÓN | R69: CONVERGENCIA SOCIAL REGIONAL
A70: 67 | B70: REVOLUCIÓN DEL TRABAJO Y VÍAS DEL CAMBIO | C70: 2021002470063 | D70: 2021 | E70: OFICINA DE PARTICIPACIÓN CIUDADANA | F70: GOBIERNO TERRITORIAL | G70: PODER POPULAR | H70: FORTALECIMIENTO INSTITUCIONAL A TRAVÉS DE LOS ACUERDOS POPULARES POR EL CAMBIO, MEDIANTE PROCESOS DE SENSIBILIZACIÓN Y PARTICIPACIÓN POBLACIONAL EN LA GESTIÓN PÚBLICA DEL MAGDALENA | I70: PROMOVER LA PARTICIPACIÓN REPRESENTATIVA DE TODAS LAS POBLACIONES CON ENFOQUE DIFERENCIAL. EN LA VIGENCIA 2021, SE LLEVARÁN A CABO EN CUATRO (4) SESIONES DE TRABAJO ADELANTADAS DE MANERA SIMULTÁNEA EN UN MUNICIPIO POR SUBREGIÓN. EN CADA MUNICIPIO SE ACTIVARÁN 10 MESAS DE TRABAJO (CADA UNA CON UN ABORDAJE DIFERENTE, DE ACUERDO CON LA POBLACIÓN OBJETIVO DE LA POLÍTICA) Y SE PROYECTA LA ASISTENCIA DE TREINTA (30) PERSONAS POR MESA. SUMADO A ESTO, SE HABILITARÁN ESPACIOS VIRTUALES PARA INCENTIVAR LA PARTICIPACIÓN DE ACTORES QUE NO PUEDAN ACOMPAÑAR EL PROCESO DE MANERA PRESENCIAL. | J70: 579.635 PERSONAS | K70: 2210.9107 PERSONAS | L70: Algarrobo, Aracataca, Ariguaní, Cerro San Antonio, Chibolo, Concordia, El banco, Fundación, Guamal, Nueva granada, Pedraza, Pijiño del Carmen, El piñón, Pivijay, Plato, Pueblo viejo, Remolino, Retén, Sabanas de san ángel, Salamina, San Sebastián de Buenavista, San Zenón, Santa Ana, Santa bárbara de pinto, Sitionuevo, Tenerife, Zapayan, zona bananera, Ciénaga, Santa Marta | M70: 4556735060 | N70: Recursos propios | O70: 10 | P70: 1. Actualizar e implementar (1) política pública de primera infancia, infancia y adolescencia. 2. Fortalecer (2) comités municipales y departamental de infancia y familia 3. Fortalecer (2) escenarios de participación infantil y adolescente. 4. Suscribir (1) Alianza por el Cambio Departamental para las Niñas y los Niños. 5. Formular e implementar (1) política pública de juventud. 6. Apoyar la conformación de (4) consejos de juventudes municipales y departamental. 7. Realizar (3) campamentos juveniles para el intercambio de experiencias, el ejercicio de la participación y apropiación de derechos sociales y ambientales. 8. Apoyar la creación de (1) plataforma de juventudes municipales y departamental y su fortalecimiento con procesos formativos articulados con la escuela de liderazgo, política y social. 9. Formular e implementar (1) política pública para el bienestar del adulto mayor. 10. Consolidar (1) organización de personas mayores para hacer seguimiento a la gestión e inversión local. | Q70: PROYECTO CON CÓDIGO Y SIN FINANCIACIÓN | R70: CONVERGENCIA SOCIAL REGIONAL
A71: 68 | B71: REVOLUCIÓN DEL TRABAJO Y VÍAS DEL CAMBIO | C71: 2022002470005 | D71: 2022 | E71: OFICINA DE PARTICIPACIÓN CIUDADANA | F71: GOBIERNO TERRITORIAL | G71: PODER POPULAR | H71: FORTALECIMIENTO DE LAS INSTANCIAS DEL PODER POPULAR EN EL GOBIERNO DEMOCRÁTICO DEL DEPARTAMENTO DEL MAGDALENA. | I71: EL PROYECTO CONSISTE EN DISMINUIR LA EXCLUSIÓN SOCIAL DE LA POBLACIÓN DE LOS PROCESOS DE PARTICIPACIÓN CIUDADANA DEL DEPARTAMENTO DEL MAGDALENA POR MEDIO DE LA PUESTA EN FUNCIONAMIENTO DEL SISTEMA DEPARTAMENTAL DE PARTICIPACIÓN Y PODER POPULAR, HERRAMIENTA MEDIANTE LA CUAL SE PROMOVERÁ LA DELIBERACIÓN E INCIDENCIA DE LA POBLACIÓN EN LOS DIFERENTES PROCESOS DE TOMA DE DECISIONES. | J71: 895.072 PERSONAS | K71: 895.072 PERSONAS | L71: Algarrobo, Aracataca, Ariguaní, Cerro San Antonio, Chibolo, Concordia, El banco, Fundación, Guamal, Nueva granada, Pedraza, Pijiño del Carmen, El piñón, Pivijay, Plato, Pueblo viejo, Remolino, Retén, Sabanas de san ángel, Salamina, San Sebastián de Buenavista, San Zenón, Santa Ana, Santa bárbara de pinto, Sitionuevo, Tenerife, Zapayan, zona bananera, Ciénaga, Santa Marta | M71: 984240932 | N71: Recursos propios | O71: 4 | P71: 4.1.2.1.3 Desarrollar (3) ejercicios de presupuesto participativo. 4.1.2.1.5 Crear y poner en funcionamiento (1) sistema departamental de participación y poder popular. 4.1.2.1.6 Implementar (1) Red de voluntariado por el cambio. 4.1.2.1.7 Realizar (35) audiencias ciudadanas - Cuéntale al Gobernador. | Q71: PROYECTO CON CÓDIGO Y CON FINANCIACIÓN | R71: CONVERGENCIA SOCIAL REGIONAL
A72: 69 | B72: REVOLUCIÓN DEL TRABAJO Y VÍAS DEL CAMBIO | C72: 2020002470013 | D72: 2020 | E72: SECRETARÍA DEL INTERIOR | F72: DEFENSA | G72: SEGURIDAD Y CONVIVENCIA | H72: ADQUISICIÓN DE VEHÍCULOS PARA EL FORTALECIMIENTO DE LAS ENTIDADES DE SEGURIDAD Y CONVIVENCIA DEL DEPARTAMENTO DEL MAGDALENA | I72: AUMENTAR EL NÚMERO DE VEHÍCULOS VINCULADOS A LAS INSTITUCIONES DE FUERZA PÚBLICA,LOS CUALES HACEN PRESENCIA DENTRO DEL DEPARTAMENTO MAGDALENA | J72: 1.427.026 PERSONAS | K72: 1.427.026 PERSONAS | L72: Algarrobo, Aracataca, Ariguaní, Cerro San Antonio, Chibolo, Concordia, El banco, Fundación, Guamal, Nueva granada, Pedraza, Pijiño del Carmen, El piñón, Pivijay, Plato, Pueblo viejo, Remolino, Retén, Sabanas de san ángel, Salamina, San Sebastián de Buenavista, San Zenón, Santa Ana, Santa bárbara de pinto, Sitionuevo, Tenerife, Zapayan, zona bananera, Ciénaga, Santa Marta | M72: 8517578650 | N72: Recursos propios | O72: 1 | P72: 1. Gestionar la compra para la ampliación del parque automotor con (50) vehículos con o sin motor (Carros, motos, bicicletas y monopatines Segway) para el cumplimiento de la actividad misional de la fuerza pública. | Q72: PROYECTO CON CÓDIGO Y CON FINANCIACIÓN | R72: SEGURIDAD HUMANA Y JUSTICIA SOCIAL
A73: 70 | B73: REVOLUCIÓN DEL TRABAJO Y VÍAS DEL CAMBIO | C73: 2021002470035 | D73: 2021 | E73: SECRETARÍA DEL INTERIOR | F73: GOBIERNO TERRITORIAL | G73: SEGURIDAD Y CONVIVENCIA | H73: IMPLEMENTACIÓN DEL PLAN INTEGRAL DE SEGURIDAD Y CONVIVENCIA CIUDADANA EN EL DEPARTAMENTO DEL MAGDALENA (30 MOTOS - 5 VEHICULOS - EQUIPOS TECNOLOGÍCOS) | I73: CONTEMPLA LA IMPLEMENTACIÓN DE ACCIONES PARA EL FORTALECIMIENTO DE LA SEGURIDAD Y CONVIVENCIA CIUDADANA EN EL DEPARTAMENTO DEL MAGDALENA. | J73: 1.449.087 PERSONAS | K73: 2211.9117 PERSONAS | L73: Algarrobo, Aracataca, Ariguaní, Cerro San Antonio, Chibolo, Concordia, El banco, Fundación, Guamal, Nueva granada, Pedraza, Pijiño del Carmen, El piñón, Pivijay, Plato, Pueblo viejo, Remolino, Retén, Sabanas de san ángel, Salamina, San Sebastián de Buenavista, San Zenón, Santa Ana, Santa bárbara de pinto, Sitionuevo, Tenerife, Zapayan, zona bananera, Ciénaga, Santa Marta | M73: 2.2788032e+10 | N73: Recursos propios | O73: 11 | P73: 1. Formular e implementar (1) plan integral para seguridad y protección de comunidades, organizaciones, líderes sociales y defensores de derechos humanos. 2. Consolidar (10) pactos de convivencia con la sociedad civil para la conciliación de intereses. 3. Realizar (15) jornadas de capacitación en experiencias de justicia comunitaria que incorporen la adopción de mecanismos de alternativos de solución pacífica de conflictos. 4. Brindar asistencia técnica a (29) municipios para la conformación y/o fortalecimiento de comisarías de familia, casas de justicia y convivencia y, comités locales de justicia. 5. Realizar (8) jornadas de capacitación para el fortalecimiento de competencias de gestores y jueces de paz y conciliadores en equidad. 6. Realizar (8) jornadas de capacitación para el fortalecimiento de competencias en seguridad humana a inspecciones de policía, defensores y personeros. 7. Gestionar la compra de (5) vehículos y elementos de protección y seguridad, para el programa de protección y prevención de la Gobernación del Magdalena. 8. Gestionar la compra para la ampliación del parque automotor con (50) vehículos con o sin motor (Carros, motos, bicicletas y monopatines Segway) para el cumplimiento de la actividad misional de la fuerza pública. 9. Diseñar e implementar una (1) hoja de ruta para fortalecer los procesos de inteligencia y operativos de la fuerza pública mediante herramientas tecnológicas. 10. Convocar e instalar (1) Mesa de Diálogo Social permanente para la convivencia y seguridad comunitaria 11. Promover la realización de (30) Consejos Departamentales de Seguridad y Convivencia | Q73: PROYECTO CON CÓDIGO Y CON FINANCIACIÓN | R73: SEGURIDAD HUMANA Y JUSTICIA SOCIAL
A74: 71 | B74: REVOLUCIÓN DE LA SALUD Y MEDICO EN TU CASA | C74: 2020000100121 | D74: 2020 | E74: SECRETARÍA DE SALUD | F74: SALUD Y PROTECCIÓN SOCIAL | G74: SALUD PÚBLICA | H74: FORTALECIMIENTO DE CAPACIDADES INSTALADAS DE CIENCIA Y TECNOLOGÍA PARA ATENDER PROBLEMÁTICAS ASOCIADAS CON AGENTES BIOLÓGICOS DE ALTO RIESGO PARA LA SALUD HUMANA EN EL DEPARTAMENTO DEL MAGDALENA (LABORATORIO DE SALUD PÚBLICA) | I74: LABORATORIO DE SALUD PÚBLICA LABORATORIO UCC LABORATORIO UNIMAG 30 MIL PRUEBAS COVID | J74: 1.449.087 PERSONAS | K74: 1.449.087 PERSONAS | L74: Algarrobo, Aracataca, Ariguaní, Cerro San Antonio, Chibolo, Concordia, El banco, Fundación, Guamal, Nueva granada, Pedraza, Pijiño del Carmen, El piñón, Pivijay, Plato, Pueblo viejo, Remolino, Retén, Sabanas de san ángel, Salamina, San Sebastián de Buenavista, San Zenón, Santa Ana, Santa bárbara de pinto, Sitionuevo, Tenerife, Zapayan, zona bananera, Ciénaga, Santa Marta | M74: 10232789937 | N74: SGR - CTeI | O74: 1 | P74: 1. Aumentar a (99,2%) la afiliación al régimen subsidiado y contributivo de salud, en procura de alcanzar la cobertura universal. | Q74: PROYECTO CON CÓDIGO Y CON FINANCIACIÓN | R74: SEGURIDAD HUMANA Y JUSTICIA SOCIAL
A75: 72 | B75: REVOLUCIÓN DEL AGUA AL PUEBLO | C75: 2022002470058 | D75: 2022 | E75: OFICINA DE MEDIO AMBIENTE | F75: MEDIO AMBIENTE | G75: CAMPAÑAS AMBIENTALES | H75: REHABILITACIÓN Y OPERACIÓN DE TRES ESTACIONES HIDROMETEOROLÓGICAS EN LA CUENCA DEL RIO FUNDACIÓN COMO PARTE DE UN SISTEMA DE ALERTAS TEMPRANA PARA REDUCIR EL RIESGO DE DESASTRES POR EVENTOS DE AVENIDA TORRENCIAL, EN LA CUENCA DEL RIO FUNDACIÓN | I75: ESTACIONES HIDROMETEREOLOGICAS | J75: 136.416 PERSONAS | K75: 33.520 PERSONAS | L75: FUNDACION, EL RETEN Y ARACATACA | M75: 77536199 | N75: Recursos propios | O75: 2 | P75: Implementar y fortalecer (1) sistema de información para la gestión del riesgo y alertas tempranas. | Q75: PROYECTO CON CÓDIGO Y CON FINANCIACIÓN | R75: TRANSICIÓN ENERGÉTICA Y CRECIMIENTO VERDE CON JUSTICIA AMBIENTAL
A76: 73 | B76: REVOLUCIÓN DEL AGUA AL PUEBLO | C76: 2021002470062 | D76: 2021 | E76: OFICINA DE MEDIO AMBIENTE | F76: MEDIO AMBIENTE | G76: CAMPAÑAS AMBIENTALES | H76: FORTALECIMIENTO DEL SISTEMA BOMBERIL PRESENTE EN EL DEPARTAMENTO DEL MAGDALENA | I76: SISTEMA BOMBERIL | J76: 259 BOMBEROS | K76: 222.927 BOMBEROS | L76: Algarrobo, Aracataca, Ariguaní, Cerro San Antonio, Chibolo, Concordia, El banco, Fundación, Guamal, Nueva granada, Pedraza, Pijiño del Carmen, El piñón, Pivijay, Plato, Pueblo viejo, Remolino, Retén, Sabanas de san ángel, Salamina, San Sebastián de Buenavista, San Zenón, Santa Ana, Santa bárbara de pinto, Sitionuevo, Tenerife, Zapayan, zona bananera, Ciénaga, Santa Marta | M76: 4.0097493e+08 | N76: Recursos propios | O76: 2 | P76: 1. Reglamentar y poner en funcionamiento (1) Red Departamental de Bomberos con construcción, dotación de estaciones y fortalecimiento a otros organismos de respuesta. | Q76: PROYECTO CON CÓDIGO Y CON FINANCIACIÓN | R76: CONVERGENCIA SOCIAL REGIONAL
A77: 74 | B77: REVOLUCION DE LA EQUIDAD | C77: 2021000020087 | D77: 2021 | E77: OFICINA DEL PAE | F77: ALIMENTACION | G77: ALIMENTACION ESCOLAR | H77: IMPLEMENTACIÓN DEL PROGRAMA DE ALIMENTACIÓN ESCOLAR PAE PARA EL CAMBIO EN EL DEPARTAMENTO DEL MAGDALENA | I77: IMPLEMENTACIÓN DEL PROGRAMA DE ALIMENTACIÓN ESCOLAR PAE PARA EL CAMBIO EN EL DEPARTAMENTO DEL MAGDALENA | J77: 141000 PERSONAS | K77: 2214.9147 000 | L77: Algarrobo, Aracataca, Ariguaní, Cerro San Antonio, Chibolo, Concordia, El banco, Fundación, Guamal, Nueva granada, Pedraza, Pijiño del Carmen, El piñón, Pivijay, Plato, Pueblo viejo, Remolino, Retén, Sabanas de san ángel, Salamina, San Sebastián de Buenavista, San Zenón, Santa Ana, Santa bárbara de pinto, Sitionuevo, Tenerife, Zapayan, zona bananera, Ciénaga, Santa Marta | M77: 64273309425 | N77: SGR - Asignación para la inversión regional 40% | O77: 14 | P77: 1.3.3.1.1 Atender solidariamente (495.000) personas con iniciativas de seguridad alimentaria, Mercados Populares, Solidarios, en el marco del plan de acción por calamidad COVID-19. 1.3.3.1.2 Crear y poner en operación (1) red de agricultura familiar y comunitaria para garantizar una oferta diversa y de calidad de alimentos con énfasis en mujeres | Q77: PROYECTO CON CÓDIGO Y CON FINANCIACIÓN | R77: CONVERGENCIA SOCIAL REGIONAL
A78: 75 | B78: REVOLUCION DEL EMPLEO Y PRODUCTIVIDAD | C78: 2021002470044 | D78: 2021 | E78: AGUAS DEL MAGDALENA | F78: SANEAMIENTO BASICO | G78: ACUEDUCTO Y ALCANTARILLADO | H78: ESTUDIOS, DISEÑOS, CONSTRUCCIÓN, OPTIMIZACIÓN Y AMPLIACIÓN DE ACUEDUCTOS Y ALCANTARILLADOS EN COMUNIDADES PRIORIZADAS ETAPA I DEL DEPARTAMENTO DEL MAGDALENA * | I78: ESTUDIOS, DISEÑOS, CONSTRUCCIÓN, OPTIMIZACIÓN Y AMPLIACIÓN DE ACUEDUCTOS Y ALCANTARILLADOS EN COMUNIDADES PRIORIZADAS ETAPA I DEL DEPARTAMENTO DEL MAGDALENA * | J78: 494.870 PERSONAS | K78: 59.273 PERSONAS | L78: Algarrobo, Aracataca, Ariguaní, Cerro San Antonio, Chibolo, Concordia, El banco, Fundación, Guamal, Nueva granada, Pedraza, Pijiño del Carmen, El piñón, Pivijay, Plato, Pueblo viejo, Remolino, Retén, Sabanas de san ángel, Salamina, San Sebastián de Buenavista, San Zenón, Santa Ana, Santa bárbara de pinto, Sitionuevo, Tenerife, Zapayan, zona bananera, Ciénaga, Santa Marta | M78: 7692827191 | N78: SGR - Asignación para la inversión regional 60% | Q78: PROYECTO CON CÓDIGO Y CON FINANCIACIÓN | R78: CONVERGENCIA SOCIAL REGIONAL
A79: 76 | B79: REVOLUCIÓN DEL TRABAJO Y VÍAS DEL CAMBIO | C79: 2020000020046 | D79: 2020 | E79: SECRETARÍA DE INFRAESTRUCTURA | F79: TRANSPORTE | G79: VÍAS SECUNDARIAS | H79: ESTUDIOS Y DISEÑOS PARA EL MEJORAMIENTO Y/O REHABILITACIÓN DE LA MALLA VIAL DEL DEPARTAMENTO DEL MAGDALENA (ESTUDIOS Y DISEÑOS VÍAS SECUNDARIAS) | I79: ESTUDIOS Y DISEÑOS VÍAS SECUNDARIAS | J79: 515.969 PERSONAS | K79: 515.969 PERSONAS | L79: SANTA MARTA | M79: 6731000000 | N79: SGR - Asignación para la inversión regional 60% | O79: 2 | P79: 1. Gestionar los estudios y diseños y/o mantenimiento de (300) kilómetros de la red vial secundaria y terciaria. 2, Gestionar la construcción y/o ampliación de la doble calzada entre Ciénaga y Palermo en (10) km. | Q79: PROYECTO CON CÓDIGO Y CON FINANCIACIÓN | R79: ORDENAMIENTO TERRITORIAL PARA LA PAZ
A80: 77 | B80: REVOLUCIÓN DEL TRABAJO Y VÍAS DEL CAMBIO | C80: 2022002470051 | D80: 2022 | E80: SECRETARÍA DE INFRAESTRUCTURA | F80: TRANSPORTE | G80: VÍAS SECUNDARIAS | H80: CONSTRUCCIÓN DE PAVIMENTO EN CONCRETO RÍGIDO DE VÍAS URBANAS POR MEDIO DE LA AUTOGESTIÓN COMUNITARIA EN EL DISTRITO DE SANTA MARTA, MAGDALENA | I80: PAVIMENTACIÓN DE 4,2 KILÓMETROS VÍAS DISTRIBUIDAS EN LOS BARRIOS EN EL DISTRITO DE SANTA MARTA | J80: 552.391 PERSONAS | K80: 200.000 PERSONAS | L80: SANTA MARTA | M80: 1.8012734e+10 | N80: Recursos propios | O80: 1 | P80: 1. Gestionar los estudios y diseños y/o mantenimiento de (300) kilómetros de la red vial secundaria y terciaria. ampliación de la doble calzada entre Ciénaga y Palermo en (10) km. | Q80: PROYECTO CON CÓDIGO Y CON FINANCIACIÓN | R80: ORDENAMIENTO TERRITORIAL PARA LA PAZ
A81: 78 | B81: . REVOLUCIÓN DEL GOBIERNO POPULAR | C81: 2023002470001 | D81: 2023 | E81: OFICINA ASESORA DE PLANEACIÓN | F81: GOBIERNO TERRITORIAL | G81: PLANEACION | H81: FORTALECIMIENTO DE LA CAPACIDAD TÉCNICA INSTITUCIONAL DE LA GESTIÓN DE PROYECTOS DE INVERSIÓN PARA EL CUMPLIMIENTO DEL PLAN DE DESARROLLO DEPARTAMENTAL DEL MAGDALENA | I81: FORTALECIMIENTO DE LA CAPACIDAD TÉCNICA INSTITUCIONAL DE LA GESTIÓN DE PROYECTOS DE INVERSIÓN PARA EL CUMPLIMIENTO DEL PLAN DE DESARROLLO DEPARTAMENTAL DEL MAGDALENA | J81: 1.427.026 PERSONAS | K81: 1.427.026 PERSONAS | L81: Algarrobo, Aracataca, Ariguaní, Cerro San Antonio, Chibolo, Concordia, El banco, Fundación, Guamal, Nueva granada, Pedraza, Pijiño del Carmen, El piñón, Pivijay, Plato, Pueblo viejo, Remolino, Retén, Sabanas de san ángel, Salamina, San Sebastián de Buenavista, San Zenón, Santa Ana, Santa bárbara de pinto, Sitionuevo, Tenerife, Zapayan, zona bananera, Ciénaga, Santa Marta | M81: 400000000 | N81: Recursos propios | O81: 7 | P81: 4.1.1.1.2 Implementar (1) estrategia para impulsar autonomía regional y el desarrollo sostenible de Departamento. | Q81: PROYECTO CON CÓDIGO Y CON FINANCIACIÓN | R81: CONSTRUCCIÓN DE PAZ
A82: 79 | B82: REVOLUCION DE LA EQUIDAD | C82: 2023002470002 | D82: 2023 | E82: SECRETARÍA DE EDUCACIÓN | F82: EDUCACIÓN | G82: ESTUDIOS | H82: ELABORACION DE ESTUDIOS PARA LA CREACION DE LA INTITUCION UNIVERSITARIA DIGITAL DEL MAGDALENA EN EL DEPARTAMENTO DEL MAGDALENA | I82: ESTUDIOS DE PREINVERSION | J82: 44.622 PERSONAS | K82: 44.622 PERSONAS | L82: Algarrobo, Aracataca, Ariguaní, Cerro San Antonio, Chibolo, Concordia, El banco, Fundación, Guamal, Nueva granada, Pedraza, Pijiño del Carmen, El piñón, Pivijay, Plato, Pueblo viejo, Remolino, Retén, Sabanas de san ángel, Salamina, San Sebastián de Buenavista, San Zenón, Santa Ana, Santa bárbara de pinto, Sitionuevo, Tenerife, Zapayan, zona bananera, Ciénaga, Santa Marta | M82: 679057413 | N82: Recursos propios | O82: 1 | P82: 4.1.1.1.3 Validar y adoptar (1) Plan de Ordenamiento Departamental- POD, que considere la vocación del uso del suelo, la zonificación del riesgo y la incorporación de los aspectos culturales, debido a la presencia de pueblos originarios y línea negra. | Q82: PROYECTO CON CÓDIGO Y CON FINANCIACIÓN | R82: SEGURIDAD HUMANA Y JUSTICIA SOCIAL
A83: 80 | B83: REVOLUCION DEL GOBIERNO POPULAR | C83: 2022002470001 | D83: 2022 | E83: OFICINA ASESORA DE PLANEACIÓN | F83: GOBIERNO TERRITORIAL | G83: GOBIERNO TERRITORIAL | H83: FORTALECIMIENTO DE LA CAPACIDAD TÉCNICA INSTITUCIONAL DE LA GESTIÓN DE PROYECTOS DE INVERSIÓN PARA EL CUMPLIMIENTO DEL PLAN DE DESARROLLO DEPARTAMENTAL DEL MAGDALENA | I83: MEJORAR LA CAPACIDAD DE RESPUESTA ADMINISTRATIVA EN FORMULACIÓN, EVALUACIÓN, VIABILIZACIÓN, PRIORIZACIÓN Y SEGUIMIENTO DE PROYECTOS DE INVERSIÓN PUBLICA EN LA ADMINISTRACIÓN DEPARTAMENTAL | J83: 1.449.087 PERSONAS | K83: 1.449.087 PERSONAS | L83: Algarrobo, Aracataca, Ariguaní, Cerro San Antonio, Chibolo, Concordia, El banco, Fundación, Guamal, Nueva granada, Pedraza, Pijiño del Carmen, El piñón, Pivijay, Plato, Pueblo viejo, Remolino, Retén, Sabanas de san ángel, Salamina, San Sebastián de Buenavista, San Zenón, Santa Ana, Santa bárbara de pinto, Sitionuevo, Tenerife, Zapayan, zona bananera, Ciénaga, Santa Marta | M83: 999749000 | N83: Recursos propios | O83: 5 | P83: 4.1.1.1.6. Brindar asistencia técnica a (29) municipios para el fortalecimiento de capacidades en gestión pública, planeación, ordenamiento territorial y formulación de Productos para el desarrollo. | Q83: PROYECTO CON CÓDIGO Y CON FINANCIACIÓN | R83: SEGURIDAD HUMANA Y JUSTICIA SOCIAL
A84: 81 | B84: REVOLUCION DEL GOBIERNO POPULAR | C84: 2022002470002 | D84: 2022 | E84: SECRETARÍA DEL INTERIOR | F84: INCLUSION SOCIAL Y RECONCIALIACION | G84: INCLUSION SOCIAL | H84: ADECUACION Y DOTACION DE UN INMUEBLE TRADICIONAL PARA FUNCIONAMIENTO DE REGISTRADURÍA ETNICA AUXILIAR EN UN RESGUARDO INDIGENA KAKAWAURA- MUNICIPIO DE FUNDACION DEPARTAMENTO DE MAGDALENA | I84: IDENTIFICAR TODAS LAS COMUNIDADES INDIGENAS ASENTADAS EN EL DEPARTAMENTO DEL MAGDALENA | J84: 6.681 PERSONAS | K84: 6.681 PERSONAS | L84: FUNDACION | M84: 141385436 | N84: Recursos propios | O84: 1 | P84: 4.1.1.1.7. Suscribir (1) Alianza por el Cambio para elaboración de cartografía para Castro Multipropósito. | Q84: PROYECTO CON CÓDIGO Y CON FINANCIACIÓN | R84: SEGURIDAD HUMANA Y JUSTICIA SOCIAL
A85: 82 | B85: REVOLUCION DEL EMPLEO Y PRODUCTIVIDAD | C85: 2022002470003 | D85: 2022 | E85: OFICINA DE TRANSITO Y TRANSPORTE | F85: TRANSPORTE | G85: SEGURIDAD VIAL | H85: FORMULACION Y VIABILIZACION DE PLANES PARA LA SEGURIDAD VIAL EN EL DEPARTAMENTO DEL MAGDALENA | I85: FORMULAR PLANES EN MATERIA DE SEGURIDAD VIAL EN EL DEPARTAMENTO DEL MAGDALENA | J85: 1.463.427 PERSONAS | K85: 1.463.427 PERSONAS | L85: Algarrobo, Aracataca, Ariguaní, Cerro San Antonio, Chibolo, Concordia, El banco, Fundación, Guamal, Nueva granada, Pedraza, Pijiño del Carmen, El piñón, Pivijay, Plato, Pueblo viejo, Remolino, Retén, Sabanas de san ángel, Salamina, San Sebastián de Buenavista, San Zenón, Santa Ana, Santa bárbara de pinto, Sitionuevo, Tenerife, Zapayan, zona bananera, Ciénaga, Santa Marta | M85: 806798500 | N85: Recursos propios | O85: 1 | P85: 4.1.1.1.8. Gestionar la conformación y dotación de (1) Equipo Técnico para temas de Catastro Multipropósito. | Q85: PROYECTO CON CONDIGO Y CON FINANCIACION | R85: SEGURIDAD HUMANA Y JUSTICIA SOCIAL
A86: 83 | B86: REVOLUCION DEL EMPLEO Y PRODUCTIVIDAD | C86: 2022002470004 | D86: 2022 | E86: SECRETARÍA DE HACIENDA | F86: COMERCIO, INDUSTRIA Y TURISMO | G86: COMPETITIVIDAD | H86: APOYO A LA REACTIVACIÓN ECONOMICA Y EL CUBRIMIENTO DE LAS NECESIDADES DE LIQUIDEZ DE LAS EMPRESAS EN EL DEPARTAMENTO DEL MAGDALENA - BANCOLDEX | I86: DAR A CONOCER LA LINEA DE CREDITO "MAGDALENA ADELANTE" ESTRATEGIA GESTIONADAS POR LA GOBERNACIÓN DEL MAGDALENA | J86: 31.745 PERSONAS | K86: 2.700 PERSONAS | L86: Algarrobo, Aracataca, Ariguaní, Cerro San Antonio, Chibolo, Concordia, El banco, Fundación, Guamal, Nueva granada, Pedraza, Pijiño del Carmen, El piñón, Pivijay, Plato, Pueblo viejo, Remolino, Retén, Sabanas de san ángel, Salamina, San Sebastián de Buenavista, San Zenón, Santa Ana, Santa bárbara de pinto, Sitionuevo, Tenerife, Zapayan, zona bananera, Ciénaga, Santa Marta | M86: 99998000 | N86: Recursos propios | O86: 3 | P86: 4.1.1.1.9. Gestionar la implementación de (1) Sistema de Información Geográfica – SIG. | Q86: PROYECTO CON CONDIGO Y CON FINANCIACION | R86: SEGURIDAD HUMANA Y JUSTICIA SOCIAL
A87: 84 | B87: REVOLUCION DE LA EQUIDAD | C87: 2022002470006 | D87: 2022 | E87: OFICINA DE PAZ, ATENCIÓN A VICTIMAS, DERECHOS HUMANOS Y POSTCONFLICTO | F87: INCLUSION SOCIAL Y RECONCIALIACION | G87: INCLUSION SOCIAL | H87: FORTALECIMIENTO PARA EL ASEGURAMIENTO DE LA PARTICIPACION EFECTIVA Y LA PROTECCION DE LOS DERECHOS FUNDAMENTALES, PLANES Y POLITICAS DE LAS VICTIMAS DEL CONFLICTO ARMADO EN EL DEPARTAMENTO DEL MAGDALENA | I87: DISMINUIR LA EXCLUSIÓN SOCIAL DE LA POBLACION EN LOS PROCESOS DE PARTICIPACIÓN CIUDADANA DEL DEPARTAMENTO DEL MAGDALENA | J87: 342.617 PERSONAS | K87: 342.617 PERSOMAS | L87: Algarrobo, Aracataca, Ariguaní, Cerro San Antonio, Chibolo, Concordia, El banco, Fundación, Guamal, Nueva granada, Pedraza, Pijiño del Carmen, El piñón, Pivijay, Plato, Pueblo viejo, Remolino, Retén, Sabanas de san ángel, Salamina, San Sebastián de Buenavista, San Zenón, Santa Ana, Santa bárbara de pinto, Sitionuevo, Tenerife, Zapayan, zona bananera, Ciénaga, Santa Marta | M87: 111128456 | N87: Recursos propios | O87: 2 | P87: 4.1.1.1.10 Impulsar conformación de (1) esquema asociativo territorial para actuar como ente gestor del Castastro | Q87: PROYECTO CON CONDIGO Y CON FINANCIACION | R87: SEGURIDAD HUMANA Y JUSTICIA SOCIAL
A88: 85 | B88: REVOLUCION DE LA EQUIDAD | C88: 2022002470009 | D88: 2022 | E88: OFICINA DE CULTURA | F88: CULTURA | G88: FORTALECIMIENTO CULTURAL | H88: IMPLEMENTACION DE LA ESTRATEGIA INTERNACIONAL CAPITALES AMERICANAS DE LA CULTURA, PARA EL FORTALECIMIENTO CULTURAL DEL DEPARTAMENTO DEL MAGDALENA | I88: FORTALECER EL POSICIONAMIENTO CULTURAL DEL DEPARTAMENTO DEL MAGDALENA A NIVEL INTERNACIONAL | J88: 1.449.087 PERSONAS | K88: 1.449.087 PERSONAS | L88: Algarrobo, Aracataca, Ariguaní, Cerro San Antonio, Chibolo, Concordia, El banco, Fundación, Guamal, Nueva granada, Pedraza, Pijiño del Carmen, El piñón, Pivijay, Plato, Pueblo viejo, Remolino, Retén, Sabanas de san ángel, Salamina, San Sebastián de Buenavista, San Zenón, Santa Ana, Santa bárbara de pinto, Sitionuevo, Tenerife, Zapayan, zona bananera, Ciénaga, Santa Marta | M88: 50000000 | N88: Recursos propios | O88: 1 | P88: 1.4.1.4.2 Promover la creación de (1) agenda cultural que articule las manifestaciones culturales y artisticas de todos los municipios del Departamento y el Distrito de Santa Marta. | Q88: PROYECTO CON CONDIGO Y CON FINANCIACION | R88: CONVERGENCIA SOCIAL REGIONAL
A89: 86 | B89: REVOLUCION DE LA EQUIDAD | C89: 2022002470011 | D89: 2022 | E89: SECRETARÍA DE EDUCACIÓN | F89: EDUCACION | G89: INFRAESTRUCTURA EDUCATIVA | H89: FORTALECIMIENTO DE LAS CAPACIDADES DE RECURSO HUMANO DE LAS INSTITUCIONES EDUCATIVAS DEL DEPARTAMENTO CON EL FIN DE REALIZAR LAS FUNCIONES ADMINISTRATIVAS, DE LIMPIEZA, MANTENIMIENTO, CUIDADO Y CONSERVACION DE LAS SEDES EDUCATIVAS, MAGDALENA | I89: MEJORAR LAS CONDICIONES DE CUIDADO Y CONSERVACION DE LAS SEDES DE LAS INSTITUCIONES EDUCATIVAS DE LOS MUNICIPIOS NO CERTIFICADOS DEL DEPARTAMENTO DEL MAGDALENA | J89: 188.745 PERSONAS | K89: 109.860 PERSONAS | L89: Algarrobo, Aracataca, Ariguaní, Cerro San Antonio, Chibolo, Concordia, El banco, Fundación, Guamal, Nueva granada, Pedraza, Pijiño del Carmen, El piñón, Pivijay, Plato, Pueblo viejo, Remolino, Retén, Sabanas de san ángel, Salamina, San Sebastián de Buenavista, San Zenón, Santa Ana, Santa bárbara de pinto, Sitionuevo, Tenerife, Zapayan, zona bananera, Ciénaga, Santa Marta | M89: 34752171361 | N89: Recursos propios | O89: 1 | P89: 1.2.1.2.3 Mantener la cobertura y vincular (4.500) nuevos estudiantes a la educación preescolar, básica y media al sistema educativo público. | Q89: PROYECTO CON CONDIGO Y CON FINANCIACION | R89: SEGURIDAD HUMANA Y JUSTICIA SOCIAL
A90: 87 | B90: REVOLUCION DE LA EQUIDAD | C90: 2022002470024 | D90: 2022 | E90: INDEPORTES | F90: DEPORTE Y RECREACION | G90: EVENTOS DEPORTIVOS | H90: APOYO A LA REALIZACION DE LA SEXTA VALIDA NACIONAL DE PATINAJE CATEGORIA MAYORES Y TRANSICION DE LA MODALIDAD CARRERAS EN EL DISTRITO DE SANTA MARTA, MAGDALENA | I90: FORTALECER EL DESARROLLO DEL DEPORTE COMPETITIVO EN EL DEPARTAMENTO DEL MAGDALENA | J90: 1.463.427 PERSONAS | K90: 500 PERSONAS | L90: Algarrobo, Aracataca, Ariguaní, Cerro San Antonio, Chibolo, Concordia, El banco, Fundación, Guamal, Nueva granada, Pedraza, Pijiño del Carmen, El piñón, Pivijay, Plato, Pueblo viejo, Remolino, Retén, Sabanas de san ángel, Salamina, San Sebastián de Buenavista, San Zenón, Santa Ana, Santa bárbara de pinto, Sitionuevo, Tenerife, Zapayan, zona bananera, Ciénaga, Santa Marta | M90: 14996000 | N90: Recursos propios | O90: 2 | P90: Promover la participación de (80.000) personas en actividades fisicas y recreo deportivas ( de manera presencial y virtual) en el Departamento. Apoyar tecnicamente y logisticamente (30) eventos deportivos en el Departamento. | Q90: PROYECTO CON CONDIGO Y CON FINANCIACION | R90: CONVERGENCIA SOCIAL REGIONAL
... A94: 91 | B94: REVOLUCION DE LA EQUIDAD | C94: 2022002470040 | D94: 2022 | E94: SECRETARÍA DE INFRAESTRUCTURA | F94: EDUCACION | G94: INFRAESTRUCTURA EDUCATIVA | H94: MEJORAMIENTO E INFRAESTRUCTURA BASICA EN INSTITUCIONES EDUCATIVAS RURALES E INSTITUCIONES EDUCATIVAS DE ALTA DEMANDA RURAL DE MUNICIPIOS NO CERTIFICADOS MEDIANTE COFINANCIACION DE RECURSOS DEL FFIEEN EL DEPARTAMENTO DEL MAGDALENA | I94: MEJORAR LAS CONDICIONES PARA LA FORMACION Y EL DESARROLLO DE LAS COMPETENCIAS BASICAS Y SOCIALES DE LA POBLACION EN PROCESO DE FORMACION ESCOLAR | J94: 186.166 PERSONAS | K94: 1.714 PERSONAS | L94: EL BANCO, PIVIJAY Y ARIGUANI | M94: 1760000000 | N94: Recursos propios | O94: 1 | P94: Gestionar la adecuacion, construccion y/o dotación de (58) Instituciones Educativas públicas, así como gestionar, acompañar y coordinar las adecuaciones e intervenciones que se adelantan por parte del Gobierno Nacional. | Q94: PROYECTO CON CONDIGO Y CON FINANCIACION | R94: SEGURIDAD HUMANA Y JUSTICIA SOCIAL
A95: 92 | B95: REVOLUCION DEL EMPLEO Y LA PRODUCTIVIDAD | C95: 2022002470057 | D95: 2022 | E95: AGUAS DEL MAGDALENA S.A E.S.P | F95: INFRAESTRUCTURA | G95: SANEAMIENTO BASICO | H95: OPTIMIZACION Y AMPLIACION DE LA PLANTA DE TRATAMIENTO DE AGUA POTABLE DEL MUNICIPIO DE PLATO, DEPARTAMENTO DEL MAGDALENA | I95: OPTIMIZACION Y AMPLIACION DE LA PLANTA DE TRATAMIENTO DE AGUA POTABLE DEL MUNICIPIO DE PLATO, DEPARTAMENTO DEL MAGDALENA | J95: 49.905 PERSONAS | K95: 49.905 PERSONAS | L95: PLATO | M95: 10257572980 | N95: Recursos propios | Q95: PROYECTO CON CONDIGO Y CON FINANCIACION | R95: SEGURIDAD HUMANA Y JUSTICIA SOCIAL
A96: 93 | B96: REVOLUCION DE LA EQUIDAD | C96: 2022002470059 | D96: 2022 | E96: OFICINA DE CUTLURA | F96: CULTURA | G96: CULTURA | H96: FORTALECIMIENTO DEL DESARROLLO ECONOMICO Y LA PROMOCION CULTURAL, ARTISTICA Y CREATIVA DE LOS GESTORES A TRAVÉS DE LA CONVOCATORIA DEL PROGRAMA DEPARTAMENTAL DE ESTIMULOS A LAS ARTES Y LA CULTURA " MACONDO CULTURAL" | I96: FOMENTAR EL CRECIMIENTO Y SOSTENIBILIDAD DE EMPRENDIMIENTOS CULTURALES, CREATIVOS Y ARTISTICOS DE MEDIANO Y LARGO PLAZO EN EL DEPARTAMENTO DEL MAGDALENA | J96: 3.297 PERSONAS | K96: 106 PERSONAS | L96: Algarrobo, Aracataca, Ariguaní, Cerro San Antonio, Chibolo, Concordia, El banco, Fundación, Guamal, Nueva granada, Pedraza, Pijiño del Carmen, El piñón, Pivijay, Plato, Pueblo viejo, Remolino, Retén, Sabanas de san ángel, Salamina, San Sebastián de Buenavista, San Zenón, Santa Ana, Santa bárbara de pinto, Sitionuevo, Tenerife, Zapayan, zona bananera, Ciénaga, Santa Marta | M96: 667446000 | N96: Recursos propios | O96: 1 | P96: Crear y poner en operación (1) fondo de estímuloa para la gestión cultural, que permita el apoyo a proyectos e iniciativas creativas, donde tengan espacio las propuestas (fisicas, virtuales y digitales) de promoción de la cultura y las artes, de los gestores culturales, colectivos y organizaciones culturales del Departamento. | Q96: PROYECTO CON CONDIGO Y CON FINANCIACION | R96: SEGURIDAD HUMANA Y JUSTICIA SOCIAL
A97: 94 | B97: REVOLUCION DE LA EQUIDAD | C97: 2022002470060 | D97: 2022 | E97: SECRETARÍA DE INFRAESTRUCTURA | F97: EDUCACION | G97: SEDES UNIVERSITARIAS | H97: CONSTRUCCION DE SEDES UNIVERSITARIAS SUBREGIONALES "CENTROS CAMBIA" EN LOS MUNICIPIOS DE PLATO Y EL BANCO DEL DEPARTAMENTO DEL MAGDALENA | I97: MEJORAR LAS CONDICIONES PARA LA FORMACIÓN Y EDUCACIÓN SUPERIOR EN EL DEPARTAMENTO DEL MAGDALENA | J97: 360.580 PERSONAS | K97: 31.855 PERSONAS | L97: PLATO Y EL BANCO | M97: 33661821785 | N97: SGR - Asignación para la inversión regional 60% | O97: 1 | P97: 1.2.3.1.1 Gestionar la construcción, adecuación y/o dotación de (6) Centros Cambia en las subregiones, como sedes permanentes del Programa Universidad Pública al Pueblo en los municipios de Pivijay, Cienaga, Plato, El Banco, Fundación y Santa Marta. | Q97: PROYECTO CON CONDIGO Y CON FINANCIACION | R97: SEGURIDAD HUMANA Y JUSTICIA SOCIAL
A98: 95 | B98: REVOLUCION DEL EMPLEO Y LA PRODUCTIVIDAD | C98: 2022002470061 | D98: 2022 | E98: SECRETARÍA DE DESARROLLO ECONÓMICO | F98: EMPLEO Y EMPRENDIMIENTO | G98: EMPLEO Y EMPRENDIMIENTO | H98: HABILITACION DE LA AGENCIA PUBLICA DE GESTIÓN Y COLOCACION DE EMPLEO DEL DEPARTAMENTO DEL MAGDALENA | I98: PROPICIAR LAS CONDICIONES Y ESPACIO FISICO PARA LA INSERCIÓN LABORAL DE LAM POBLACIÓN MAS VULNERABLE DEL DEPARTAMENTO DEL MAGDALENA | J98: 663.000 PERSONAS | K98: 214 PERSONAS | L98: Algarrobo, Aracataca, Ariguaní, Cerro San Antonio, Chibolo, Concordia, El banco, Fundación, Guamal, Nueva granada, Pedraza, Pijiño del Carmen, El piñón, Pivijay, Plato, Pueblo viejo, Remolino, Retén, Sabanas de san ángel, Salamina, San Sebastián de Buenavista, San Zenón, Santa Ana, Santa bárbara de pinto, Sitionuevo, Tenerife, Zapayan, zona bananera, Ciénaga, Santa Marta | M98: 1.8519943e+08 | N98: Recursos propios | O98: 3 | P98: 3.1.1.2.2 Brindar asistencia técnica (500) emprendedores para fortalecer y formalizar sus planes de negocio. 3.1.1.2.8 Suscribir (40) alianzas por el Cambio para el empleo, y el emprendimiento, con entidades como el SENA, OIT, Universidades, cajas de compensación, centros de formación, entre otros. | Q98: PROYECTO CON CONDIGO Y CON FINANCIACION | R98: SEGURIDAD HUMANA Y JUSTICIA SOCIAL
A99: 96 | B99: REVOLUCION DEL EMPLEO Y LA COMPETITIVIDAD | C99: 2022002470062 | D99: 2022 | E99: SECRETARÍA DE INFRAESTRUCTURA | F99: INFRAESTRUCTURA | G99: GESTION DEL RIESGO | H99: MANTENIMIENTO Y OPERACIÓN DEL BANCO DE MAQUINARIA PARA LA ATENCIÓN DE EMERGENCIAS Y SITIOS CRÍTICOS PARA LA RED VÍAL DEL DEPARTAMENTO DEL MAGDALENA | I99: MEJORAR LAS CONDICIONES PARA LA FORMACION Y EDUCACIÓN SUPERIOR EN EL DEPARTAMENTO DEL MAGDALENA. | J99: 1.463.427 PERSONAS | K99: 1.463.427 PERSONAS | L99: Algarrobo, Aracataca, Ariguaní, Cerro San Antonio, Chibolo, Concordia, El banco, Fundación, Guamal, Nueva granada, Pedraza, Pijiño del Carmen, El piñón, Pivijay, Plato, Pueblo viejo, Remolino, Retén, Sabanas de san ángel, Salamina, San Sebastián de Buenavista, San Zenón, Santa Ana, Santa bárbara de pinto, Sitionuevo, Tenerife, Zapayan, zona bananera, Ciénaga, Santa Marta | M99: 2572915673 | N99: Recursos propios | O99: 2 | P99: 2.1.2.1.5 Formular e Implementar (1) plan de acción anual para la atención de puntos criticos a través del banco maquinaria amarilla. 3.3.1.1.1 Gestionar los estudios y diseños y/o mantenimiento de (300) kilometros de la red vial secundaria y terciaria. | Q99: PROYECTO CON CONDIGO Y CON FINANCIACION | R99: SEGURIDAD HUMANA Y JUSTICIA SOCIAL
A100: 97 | B100: REVOLUCION DEL EMPLEO Y LA COMPETITIVIDAD | C100: 2022002470065 | D100: 2022 | E100: OFICINA DE TURISMO | F100: COMERCIO, INDUSTRIA Y TURISMO | G100: TURISMO | H100: APOYO PARA LA FORMACION EN BILINGUISMO PARA EL TURISMO EN EL DEPARTAMENTO DEL MAGDALENA | I100: AUMENTAR LA COMPETITIVIDAD DE LOS PRESTADORES DE SERVICIOS PUBLICOS TURISTICOS DEL DEPARTAMENTO DEL MAGDALENA | J100: 6.528 PERSONAS | K100: 50 PERSONAS | L100: Algarrobo, Aracataca, Ariguaní, Cerro San Antonio, Chibolo, Concordia, El banco, Fundación, Guamal, Nueva granada, Pedraza, Pijiño del Carmen, El piñón, Pivijay, Plato, Pueblo viejo, Remolino, Retén, Sabanas de san ángel, Salamina, San Sebastián de Buenavista, San Zenón, Santa Ana, Santa bárbara de pinto, Sitionuevo, Tenerife, Zapayan, zona bananera, Ciénaga, Santa Marta | M100: 60343266 | N100: Recursos propios | O100: 3 | P100: 3.1.2.1.8 Implementar (1) campaña " Magdalenense conoce al Magdalena". 3.1.2.1.9 Desarrollar (1) campaña de turismo social. 3.1.2.3.9 Crear e implementar (3) estrategias para el desarrollo de mercados turisticos especializados como el agroturismo, aviturismo, musical, gastronomico, etnico y de aventura entre otros. | Q100: PROYECTO CON CONDIGO Y CON FINANCIACION | R100: SEGURIDAD HUMANA Y JUSTICIA SOCIAL
A101: 98 | B101: REVOLUCION DEL GOBIERNO POPULAR | C101: 2022002470066 | D101: 2022 | E101: OFICINA ASESORA DE COMUNICACIONES | F101: GOBIERNO TERRITORIAL | G101: GOBIERNO TERRITORIAL | H101: IMPLEMENTACION DE UN PLAN ESTRATEGICO DE COMUNICACIÓN ORGANIZACIONAL Y EXTERNA DE LA GOBERNACION DEL MAGDALENA | I101: MEJORAR EL NIVEL DE CONOCIMIENTO Y PARTICIPACION POR PARTE DE LAS COMUNIDADES DEL DEPARTAMENTO DEL MAGDALENA | J101: 1.463.427 PERSONAS | K101: 1.463.427 PERSONAS | L101: Algarrobo, Aracataca, Ariguaní, Cerro San Antonio, Chibolo, Concordia, El banco, Fundación, Guamal, Nueva granada, Pedraza, Pijiño del Carmen, El piñón, Pivijay, Plato, Pueblo viejo, Remolino, Retén, Sabanas de san ángel, Salamina, San Sebastián de Buenavista, San Zenón, Santa Ana, Santa bárbara de pinto, Sitionuevo, Tenerife, Zapayan, zona bananera, Ciénaga, Santa Marta | M101: 1000000000 | N101: Recursos propios | O101: 1 | P101: 4.1.3.1.2 Diseñar e implementar (1) estrategia de rendición pública de cuentas permanente. | Q101: SEGURIDAD HUMANA Y JUSTICIA SOCIAL | R101: SEGURIDAD HUMANA Y JUSTICIA SOCIAL
A102: 99 | B102: REVOLUCION DEL EMPLEO Y LA PRODUCTIVIDAD | C102: 2022002470068 | D102: 2022 | E102: OFICINA DE TURISMO | F102: COMERCIO, INDUSTRIA Y TURISMO | G102: TURISMO | H102: APOYO PARA LA PROMOCION NACIONAL DEL DEPARTAMENTO DEL MAGDALENA COMO DESTINO TURISTICO EN LAS FERIAS DE TURISMO MAGDALENA | I102: AUMENTAR LA PROMOCION DE LOS ATRACTIVOS TURISTICOS DEL DEPARTAMENTO DEL MAGDALENA | J102: 35.314 PERSONAS | K102: 35.314 PERSONAS | L102: Algarrobo, Aracataca, Ariguaní, Cerro San Antonio, Chibolo, Concordia, El banco, Fundación, Guamal, Nueva granada, Pedraza, Pijiño del Carmen, El piñón, Pivijay, Plato, Pueblo viejo, Remolino, Retén, Sabanas de san ángel, Salamina, San Sebastián de Buenavista, San Zenón, Santa Ana, Santa bárbara de pinto, Sitionuevo, Tenerife, Zapayan, zona bananera, Ciénaga, Santa Marta | M102: 192800000 | N102: Recursos propios | O102: 3 | P102: 3.1.2.3.9 Crear e implementar (3) estrategias para el desarrollo de mercados turisticos especializados como el agroturismo, aviturismo,musical, gastronomico, etnico y de aventura entre otros. 3.1.2.1.7 Suscribir (1) alianza por el cambio para el fortalecimiento de las empresas del sector turístico. (Nuevas herramientas tecnologicas, normas tecnicas sectoriales, certificaciones de calidad, entre otras. 3.1.2.1.3 Puest en funcionamiento de (4) puntos de información turística. | Q102: PROYECTO CON CONDIGO Y CON FINANCIACION | R102: SEGURIDAD HUMANA Y JUSTICIA SOCIAL
A103: 100 | B103: REVOLUCION DE LA EQUIDAD | C103: 2022002470069 | D103: 2022 | E103: SECRETARÍA DE EDUCACIÓN | F103: EDUCACION | G103: CALIDAD EDUCATIVA | H103: FORTALECIMIENTO DE LA CALIDAD EDUCATIVA EN LAS INSTITUCIONES EDUCATIVAS DEL DEPARTAMENTO DEL MAGDALENA | I103: FORTALECER LA PERMANENCIA Y CONTINUIDAD A LA EDUCACION SUPERIOR EN EL DEPARTAMENTO DEL MAGDALENA | J103: 37.286 PERSONAS | K103: 8.000 PERSONAS | L103: SANTA MARTA | M103: 2977626220 | N103: Recursos propios | O103: 2 | P103: 1.2.2.2.6 Gestionar la dotación de (56.000) dispositivos, tablets y computadoras con conexión a internet para entrega a estudiantes y docentes como recursos para garantizar la calidad educativa en la pandemia y postpandemia en los colegios públicos. 1.2.3.2.1 Beneficiar (30.000) bachilleres con acceso a becas de educación universitaria pública, gratuita, de calidad y pertinente en modalidades presencial, a distancia y digital en todas las subregiones del Departamento. | Q103: PROYECTO CON CONDIGO Y CON FINANCIACION | R103: SEGURIDAD HUMANA Y JUSTICIA SOCIAL
A104: 101 | B104: REVOLUCION DEL EMPLEO Y PRODUCTIVIDAD | C104: 2022002470073 | D104: 2022 | E104: SECRETARÍA DE DESARROLLO ECONÓMICO | F104: PRODUCTIVIDAD | G104: PRODUCCION AGROPECUARIA | H104: FORTALECIMIENTO EN LA PRODUCTIVIDAD DE LA GANADERIA DOBLE PROPOSITO IMPLEMENTANDO SISTEMA DE ENSILAJE DE MAIZ Y SILVOPASTORIL, PARA MEJORAR LOS INGRESOS ECONOMICOS DE LA MUJER RURAL, VICTIMAS Y CAMPESINAS VULNERABLES EN CHIBOLO DEPARTAMENTO DEL MAGDALENA. | I104: MEJORAR LAS CONDICIONES PRODUCTIVAS Y DE GENERACION DE INGRESOS DE LAS FAMILIAS VINCULADAS AL PROYECTO A TRAVÉS DE LA GANADERIA DOBLE PROPÓSITO EN EL MUNICIPIO DE CHIBOLO DEPARTAMENTO DEL MAGDALENA | J104: 19.520 PERSONAS | K104: 40 PERSONAS | L104: CHIBOLO | M104: 36924370 | N104: Recursos propios | O104: 3 | P104: Impulsar el desarrollo de (300) hectareas en sistemas silvopastorales. Crear y poner en funcionamiento (44) bancos de forraje. Apoyar tecnica y financieramente (10) organizaciones de mujeres en el Departamento. | Q104: PROYECTO CON CONDIGO Y CON FINANCIACION | R104: SEGURIDAD HUMANA Y JUSTICIA SOCIAL
A105: 102 | B105: REVOLUCION DE LA EQUIDAD | C105: 2022002470074 | D105: 2022 | E105: SECRETARÍA DE INFRAESTRUCTURA | F105: EDUCACION | G105: INFRAESTRUCTURA EDUCATIVA | H105: ESTUDIOS PARA EL MEJORAMIENTO DE LA INFRAESTRUCTURA DE LAS IED DE 28 MUNICIPIOS NO CERTIFICADOS EN EL DEPARTAMENTO DEL MAGDALENA | I105: DISMINUIR LOS INDICES DE DESERCION ESCOLAR EN EL DEPARTAMENTO DEL MAGDALENA | J105: 1.463.427 PERSONAS | K105: 180.595 PERSONAS | L105: Algarrobo, Aracataca, Ariguaní, Cerro San Antonio, Chibolo, Concordia, El banco, Fundación, Guamal, Nueva granada, Pedraza, Pijiño del Carmen, El piñón, Pivijay, Plato, Pueblo viejo, Remolino, Retén, Sabanas de san ángel, Salamina, San Sebastián de Buenavista, San Zenón, Santa Ana, Santa bárbara de pinto, Sitionuevo, Tenerife, Zapayan, zona bananera, Ciénaga, Santa Marta | M105: 1.0183128e+09 | N105: Recursos propios | O105: 1 | P105: 1.2.2.2.15 Gestionar la adecuación, construcción y/o dotación de (58) Instituciones Educativas públicas, así como gestionar, acompañar y coordinar las adecuaciones e intervenciones que se adelantan por parte del Gobierno Nacional. | Q105: PROYECTO CON CONDIGO Y CON FINANCIACION | R105: SEGURIDAD HUMANA Y JUSTICIA SOCIAL
A106: 103 | B106: REVOLUCION DEL EMPLEO Y LA PRODUCTIVIDAD | C106: 2022002470071 | D106: 2022 | E106: SECRETARÍA DE INFRAESTRUCTURA | F106: TRANSPORTE | G106: INFRAESTRUCTURA VIAL | H106: ESTUDIOS Y DISEÑOS PARA EL MEJORAMIENTO DE LA MALLA VIAL EN DIFERENTES MUNICIPIOS DE LA SUBREGION SUR DEL DEPARTAMENTO DEL MAGDALENA | I106: REALIZAR LAS ACCIONES PERTINENTES PARA MEJORAR LA INTERCOMUNICACION TERRESTRE DE LA POBLACION URBANA Y RURAL DEL DEPARTAMENTO DEL MAGDALENA | J106: 1.463.427 PERSONAS | K106: 185.647 PERSONAS | L106: Algarrobo, Aracataca, Ariguaní, Cerro San Antonio, Chibolo, Concordia, El banco, Fundación, Guamal, Nueva granada, Pedraza, Pijiño del Carmen, El piñón, Pivijay, Plato, Pueblo viejo, Remolino, Retén, Sabanas de san ángel, Salamina, San Sebastián de Buenavista, San Zenón, Santa Ana, Santa bárbara de pinto, Sitionuevo, Tenerife, Zapayan, zona bananera, Ciénaga, Santa Marta | M106: 1.3332318e+09 | N106: Recursos propios | O106: 1 | P106: 3.3.1.1.1 Gestionar los estudios y diseños y/o mantenimiento de (300) kilometros de la red vial secundaria y terciaria. | Q106: PROYECTO CON CONDIGO Y CON FINANCIACION | R106: SEGURIDAD HUMANA Y JUSTICIA SOCIAL
A107: 104 | B107: REVOLUCION DEL GOBIERNO POPULAR | C107: 2022002470075 | D107: 2022 | E107: OFICINA DE PAZ, ATENCIÓN A VICTIMAS, DERECHOS HUMANOS Y POSTCONFLICTO | F107: INCLUSION SOCIAL Y RECONCIALIACION | G107: INCLUSION SOCIAL | H107: APOYO TECNICO Y FINANCIERO PARA LA ELABORACION DEL PLAN DE NEGOCIO Y ACCIONES DE RECONCILIACIÓN Y PAZ CON POBLACION REINCORPORADA DE LAS FARC-EP DEL DEPARTAMENTO DEL MAGDALENA | I107: BRINDAR ASISTENCIA TECNICA Y FINANCIERA A EMPRENDIMIENTO DE UN GRUPO ORGANIZADO DE REINCORPORADOS DE LAS FARC-EP | J107: 35 PERSONAS | K107: 35 PERSONAS | L107: Algarrobo, Aracataca, Ariguaní, Cerro San Antonio, Chibolo, Concordia, El banco, Fundación, Guamal, Nueva granada, Pedraza, Pijiño del Carmen, El piñón, Pivijay, Plato, Pueblo viejo, Remolino, Retén, Sabanas de san ángel, Salamina, San Sebastián de Buenavista, San Zenón, Santa Ana, Santa bárbara de pinto, Sitionuevo, Tenerife, Zapayan, zona bananera, Ciénaga, Santa Marta | M107: 200000000 | N107: Recursos propios | O107: 4 | P107: 4.2.1.2.3 Realizar (6) acciones con la población reincorporada con enfoque de reconciliación y paz. 4.2.1.2.6 Formular y ejecutar (1) proyecto de inclusión de la poblacíon reincorporada de las FARC-EP en programas de inclusión laboral promovidos por la administración (vinculación directa, bolsas de empleo, cajas de compensación). 3.1.1.2.2 Brindar asistencia técnica a (500) emprendedores para fortalecer y formalizar sus planes de negocio. 3.1.1.2.8 Susccribir (40) Alianzas por el Cambio para el empleo y el emprendimiento, con entidades como el SENA, OIT, Universidades, cajas de compensación, centros de formación, entre otros. | Q107: PROYECTO CON CONDIGO Y CON FINANCIACION | R107: SEGURIDAD HUMANA Y JUSTICIA SOCIAL
... A119: 116 | B119: REVOLUCION DE LA EQUIDAD | C119: 2023002470006 | D119: 2023 | E119: OFICINA DE CULTURA | F119: CULTURA | G119: CULTURA | H119: FORMACION EN MUSICA VALLENATA TRADICIONAL, PATRIMONIO INMATERIAL DE LA NACION Y DE LA HUMANIDAD, CON ENFASIS EN EL AIRE DEL SON DIRIGIDO A NIÑOS, ADOLESCENTES Y JOVENES EN EL MUNICIPIO DE PLATO | I119: FORMACION EN MUSICA VALLENATA TRADICIONAL, PATRIMONIO INMATERIAL DE LA NACION Y DE LA HUMANIDAD, CON ENFASIS EN EL AIRE DEL SON DIRIGIDO A NIÑOS, ADOLESCENTES Y JOVENES EN EL MUNICIPIO DE PLATO | J119: 50 NIÑOS | K119: 56.210 PERSONAS | L119: PLATO | M119: 65000000 | N119: Recursos propios | O119: 5 | P119: Formar a cinncuenta(50) niños, adolescentes y jovenes en la ejecución y/o interpretación del aire del Son de la musica Vallenata tradicional. Promover el desaarrollo integral de niñas, niños, adolescentes y jovenes del municipio de Plato, a través del desarrollo del proceso de formación en el aire del Son de la música Vallenata tradicional. Consolidar el rol de la formación artística y cultural en procesos de intervención social integral dirigidos a la primera infancia, niñez y juventud, que permita la integración y participación de la familia y comunidad. Realizar (1) encuentro cultural donde se evidencie los resultados del proceso definitivo. Elaborar un (1) video registro que consigne la realización del proyecto y el impacto en sus participantes. | Q119: PROYECTO CON CONDIGO Y CON FINANCIACION | R119: SEGURIDAD HUMANA Y JUSTICIA SOCIAL
A120: 117 | B120: REVOLUCION DE LA EQUIDAD | C120: 2023002470007 | D120: 2023 | E120: OFICINA DE CULTURA | F120: CULTURA | G120: CULTURA | H120: APOYO AL PRIMER ENCUENTRO REGIONAL DE FORJADORES DEL SON VALLENATO TRADICIONAL- SEDE ARIGUANI- MAGDALENA | I120: APOYO AL PRIMER ENCUENTRO REGIONAL DE FORJADORES DEL SON VALLENATO TRADICIONAL- SEDE ARIGUANI- MAGDALENA | J120: 11.164 PERSONAS | K120: 31.794 PERSONAS | L120: ARIGUANI | M120: 65226131 | N120: Recursos propios | Q120: PROYECTO CON CONDIGO Y CON FINANCIACION | R120: SEGURIDAD HUMANA Y JUSTICIA SOCIAL
A121: 118 | B121: REVOLUCION DE LA EQUIDAD | C121: 2023002470008 | D121: 2023 | E121: OFICINA DE CULTURA | F121: CULTURA | G121: CULTURA | H121: APOYO A LA SALVAGUARDIA DE EXPRESIONES CULTURALES PATRIMONIALES DEL MUNICIPIO DE SANTA BARBARA DE PINTO | I121: APOYO A LA SALVAGUARDIA DE EXPRESIONES CULTURALES PATRIMONIALES DEL MUNICIPIO DE SANTA BARBARA DE PINTO | J121: 7.321 PERDSONAS | K121: 12.610 PERSONAS | L121: SANTA BARBARA DE PINTO, SAN PEDRO, VELADERO, CIENAGUETA, Y CUNDINAMARCA Y CARRETAL | M121: 26988065 | N121: Recursos propios | O121: 1 | P121: 1.4.1.1.1 Crear y poner en operación (1) fondo de estímulos para la gestión cultural. | Q121: PROYECTO CON CONDIGO Y CON FINANCIACION | R121: SEGURIDAD HUMANA Y JUSTICIA SOCIAL
A122: 119 | B122: REVOLUCION DE LA EQUIDAD | C122: 2023002470009 | D122: 2023 | E122: OFICINA DE CULTURA | F122: CULTURA | G122: CULTURA | H122: APOYO PROGRAMA DE RECONOCIMIENTO ARQUEOLOGICO DE LA CUENCA ALTA Y MEDIA DEL RIO BONDA, SANTA MARTA | I122: APOYO PROGRAMA DE RECONOCIMIENTO ARQUEOLOGICO DE LA CUENCA ALTA Y MEDIA DEL RIO BONDA, SANTA MARTA | K122: 7.000 PERSONAS | L122: SANTA MARTA | M122: 41988065 | N122: Recursos propios | O122: 1 | P122: 1.4.1.1.1 Crear y poner en operación (1) fondo de estímulos para la gestión cultural. | Q122: PROYECTO CON CONDIGO Y CON FINANCIACION | R122: SEGURIDAD HUMANA Y JUSTICIA SOCIAL
A123: 120 | B123: REVOLUCION AMBIENTAL | C123: 2023002470010 | D123: 2023 | E123: OFICINA DE GESTIÓN DEL RIESGO DE DESASTRES | F123: MEDIO AMBIENTE | G123: GESTION DEL RIESGO | H123: PREVENCION, PREPARACION Y RESPUESTA ANTE EMERGENCIAS, MANEJO DE DESASTRES EN EL DEPARTAMENTO DEL MAGDALENA | I123: PREVENCION, PREPARACION Y RESPUESTA ANTE EMERGENCIAS, MANEJO DE DESASTRES EN EL DEPARTAMENTO DEL MAGDALENA | J123: 1.427.026 PERSONAS | K123: 1.427.026 PERSONAS | L123: Algarrobo, Aracataca, Ariguaní, Cerro San Antonio, Chibolo, Concordia, El banco, Fundación, Guamal, Nueva granada, Pedraza, Pijiño del Carmen, El piñón, Pivijay, Plato, Pueblo viejo, Remolino, Retén, Sabanas de san ángel, Salamina, San Sebastián de Buenavista, San Zenón, Santa Ana, Santa bárbara de pinto, Sitionuevo, Tenerife, Zapayan, zona bananera, Ciénaga, Santa Marta | M123: 215000000 | N123: Recursos propios | O123: 6 | P123: 2.1.2.4.1 Conformar y realizar jornadas de capacitación a (16) brigadas para el monitoreo, vigilancia y control de incendios forestales y alertas tempranas por riesgos. 2.1.2.4.5 Formular e implementar (1) plan de acción anual para la atención de puntos críticos. 2.1.2.4.6 Promover la implementación de (1) red de comunicaciones para la gestión del riesgo de desastres. 2.1.2.4.7 Reglamentar y poner en funcionamiento (1) fondo para la gestión del riesgo y el cambio climático. 2.1.2.4.8 Poner en funcionamiento (1) Red Departamental de Bomberos. 2.1.2.4.11 Formular e implementar (1) política pública para la gestión del riesgo de desastres y el cambio climático. | Q123: PROYECTO CON CONDIGO Y CON FINANCIACION | R123: SEGURIDAD HUMANA Y JUSTICIA SOCIAL
A124: 121 | B124: REVOLUCIÓN DE LA EQUIDAD | C124: 20230024740011 | D124: 2023 | E124: OFICINA DE PAZ, VICTIMAS | F124: VICTIMAS E INCLUSION SOCIAL | G124: PROTECCION DE DERECHOS | H124: APOYO LOGISTICO PARA EL DESARROLLO DE LAS ACCIONES Y EL FORTALECIMIENTO E IMPLEMENTACIÓN DE LAS ACTIVIDADES DE LA OFICINA DE PAZ, ATENCIÓN A VÍCTIMAS, DERECHOS HUMANOS Y POSTCONFLICTO EN EL DEPARTAMENTO DEL MAGDALENA | I124: DESARROLLO DE ACCIONES Y EL FORTALECIMIENTO E IMPLEMENTACIÓN DE LAS ACTIVIDADES DE LA OFICINA DE LA PAZ, ATENCIÓN A VICTIMAS, DERECHOS HUMANOS Y POSTCONFLICTO | K124: 3.297 PERSONAS | L124: Algarrobo, Aracataca, Ariguaní, Cerro San Antonio, Chibolo, Concordia, El banco, Fundación, Guamal, Nueva granada, Pedraza, Pijiño del Carmen, El piñón, Pivijay, Plato, Pueblo viejo, Remolino, Retén, Sabanas de san ángel, Salamina, San Sebastián de Buenavista, San Zenón, Santa Ana, Santa bárbara de pinto, Sitionuevo, Tenerife, Zapayan, zona bananera, Ciénaga, Santa Marta | M124: 300000000 | N124: Recursos propios | O124: 8 | P124: 1.1.1.10.1 Diseñar e implementar una (1) estrategia para la atención integral a poblaciones víctimas del conflicto armado, con enfoque étnico. 1.1.1.10.2 Convocar a quince (15) mesas de diálogo social para el seguimiento, acompañamiento y cumplimiento de las sentencias de restitución de tierras y las reparaciones colectivas. 1.1.1.10.3 Beneficiar a (5.000) victimas del conflicto armado con el cumplimiento de medidas de planes de reparaciones colectivas, con especial énfasis enlas que integren el enfoque étnico. 1.1.1.10.4 Beneficiar a (5.000) víctimas del conflicto armado con el cumplimiento de ordenes de sentencia de restitución de tierras, a través de iniciativas complementarias on especial énfasis en las que integren el enfoque étnico. 1.1.1.10.5 Garantizar el acceso a (1.000) muejes cabeza de familia, desplazadas o víctimas de otros hechos, con especial énfasis en los sobrevivientes de violencia sexual en el marco del conflicto armado a programas de restablecimiento de derechos y construcción de paz. 1.1.1.10.6 Diseñar e implementar (1) hoja de ruta para la asignación de recursos con alcaldías, gobierno nacional y cooperación internacional para confinanciación y apoyo técnico a procesos de reclamantes de tierras, retornos, reubicación y proyectos productivos para víctimas rurales. 1.1.1.10.9 Crear un (1) fondo de Verdad, Memoria y Paz como estrategia de Reconstrucción de la Memoria Histórica del conflicto Armado. 1.1.1.10.10 Apoyar técnica y financieramente (45) iniciativas de memoria histórica, verdad y justicia para la no repeticións y la reconciliación a través del fondo Verdad, Memoria y Paz en el Departamento. | Q124: PROYECTO CON CONDIGO Y CON FINANCIACION | R124: SEGURIDAD HUMANA Y JUSTICIA SOCIAL
A125: 122 | B125: REVOLUCION DE LA EQUIDAD | C125: 2023002470012 | D125: 2023 | E125: OFICINA DE CULTURA | F125: CULTURA | G125: CULTURA | H125: FORTALECIMIENTO DEL DESARROLLO ECONOMICO Y LA PROMOCION CULTURAL, ARTISTICA Y CREATIVA DE LOS GESTORES A TRAVÉS DE LA CONVOCATORIA DEL PROGRAMA DEPARTAMENTAL DE ESTIMULOS A LAS ARTES Y LA CULTURA " MACONDO CULTURAL" | I125: IMPLEMENTAR UNA CONVOCATORIA DEPARTAMENTAL DE ESTIMULOS A LAS ARTES Y LA CULTURA "MACONDO CULTURAL" DIRIGIDO AL DESARROLLO Y FORTALECIMIENTO DEL SECTOR CULTURAL EN EL DEPARTAMENTO DEL MAGDALENA. | J125: 100 | K125: 1.476.665 PERSONAS | L125: Algarrobo, Aracataca, Ariguaní, Cerro San Antonio, Chibolo, Concordia, El banco, Fundación, Guamal, Nueva granada, Pedraza, Pijiño del Carmen, El piñón, Pivijay, Plato, Pueblo viejo, Remolino, Retén, Sabanas de san ángel, Salamina, San Sebastián de Buenavista, San Zenón, Santa Ana, Santa bárbara de pinto, Sitionuevo, Tenerife, Zapayan, zona bananera, Ciénaga, Santa Marta | M125: 655524168 | N125: Recursos propios | O125: 2 | P125: 1.4.1.1.1 Crear y poner en operación (1) fondo de estímulos para la gestión cultural, que permita el apoyo a proyectos e iniciativas creativas, donde tengan espacio las propuestas (físicas, virtuales y digitales) de promoción de la cultura y las artes. 1.4.1.1.3 Beneficiar a 500 personas en formulación y gestión de proyectos y emprendimiento cultural. | Q125: PROYECTO CON CONDIGO Y CON FINANCIACION | R125: SEGURIDAD HUMANA Y JUSTICIA SOCIAL
A126: 123 | B126: REVOLUCION DE LA EQUIDAD | C126: 2023002470013 | D126: 2023 | E126: OFICINA DE GESTIÓN DEL RIESGO DE DESASTRES | F126: AMBIENTE | G126: GESTION DEL RIESGO Y CAMBIO CLIMÁTICO | H126: FORTALECIMIENTO DE LA CAPACIDAD OPERATIVA Y TÉCNICA DE LA SECRETARÍA DE AMBIENTE, GESTIÓN DEL RIESGO DE DESASTRES Y CAMBIO CLIMÁTICO DEL DEPARTAMENTO DEL MAGDALENA | I126: ALTERNATIVA QUE CONTEMPLE LA DOTACIÓN PARA LA SECRETARÍA DE AMBIENTE, GESTIÓN DEL RIESGO DE DESASTRES Y CAMBIO CLIMATICO DE LA GOBERNACION DEL MAGDALENA DE HERRAMIENTAS TÉCNOLOGICAS, RECURSOS FISICOS, MOBILIARIOS Y EQUIPO HUMANO DE TRABAJO CON EL OBJETO DE FORTALECER EL DESEMPEÑO DE LA ENTIDAD Y EL LOGRO DE LOS INDICADORES PLANTEADOS EN EL PLAN DE DESARROLLO DEPARTAMENTAL 2020-2023 " ,MAGDALENA RENACE". | J126: 1.476.665 PERSONAS | K126: 109.332 PERSONAS | L126: CIENAGA | M126: 149735972 | N126: Recursos propios | O126: 1 | P126: 2.1.2.1.11 Formular e implementar una polític pública para la gestión del riesgo y el cambio climático | Q126: PROYECTO CON CONDIGO Y CON FINANCIACION | R126: SEGURIDAD HUMANA Y JUSTICIA SOCIAL
A127: 124 | B127: REVOLUCION DE LA EQUIDAD | C127: 2023002470017 | D127: 2023 | E127: SECRETARÍA DE EDUCACIÓN | F127: EDUCACION | G127: DOTACION ESCOLAR | H127: FORTALECIMIENTO DE LA DOTACION ESCOLAR PARA MEJORAR LA CALIDAD Y PERMANENCIA DE LOS ESTUDIANTES DEL DISTRITO DE SANTA MARTA Y EL MUNICIPIO DE CIENAGA EN EL DEPARTAMENTO DEL MAGDALENA | I127: FORTALECIMIENTO DE LA DOTACION ESCOLAR PARA MEJORAR LA CALIDAD Y PERMANENCIA DE LOS ESTUDIANTES DEL DISTRITO DE SANTA MARTA Y EL MUNICIPIO DE CIENAGA EN EL DEPARTAMENTO DEL MAGDALENA | J127: 109.332 PERSONAS | K127: 87.654 PERSONAS | L127: SANTA, MARTA, CIENAGA, ZONA BANANERA Y SANTA ANA | M127: 1844424200 | N127: Recursos propios | O127: 1 | P127: 1.2.2.2.15 Gestionar la adecuación, construcción y/o dotación de (58) Institucione Educativas públicas, así como gestionar , acompañar y coordinar las adecuaciones e intervenciones que se adelantan por parte del Gobierno Nacional. | Q127: PROYECTO CON CONDIGO Y CON FINANCIACION | R127: SEGURIDAD HUMANA Y JUSTICIA SOCIAL
A128: 125 | B128: REVOLUCION AMBIENTAL | C128: 2023002470020 | D128: 2023 | E128: GERENCIA DE PROYECTOS | F128: VIVIENDA | G128: BIENES FISCALES | H128: TITULACION GRATUITA DE BIENES FISCALES, PROPIEDAD DEL DEPARTAMENTO DEL MAGDALENA UBICADOS EN EL DISTRITO TURISTICO, CULTURAL E HISTÓRICO DE SANTA MARTA, MUNICIPIOS DE CIÉNAGA, ZONA BANANERA Y SANA ANA MAGDALENA | I128: TITULACION GRATUITA DE BIENES FISCALES, PROPIEDAD DEL DEPARTAMENTO DEL MAGDALENA UBICADOS EN EL DISTRITO TURISTICO, CULTURAL E HISTÓRICO DE SANTA MARTA, MUNICIPIOS DE CIÉNAGA, ZONA BANANERA Y SANA ANA MAGDALENA | J128: 2.600 personas | K128: 491.999 PERSONAS | L128: Algarrobo, Aracataca, Ariguaní, Cerro San Antonio, Chibolo, Concordia, El banco, Fundación, Guamal, Nueva granada, Pedraza, Pijiño del Carmen, El piñón, Pivijay, Plato, Pueblo viejo, Remolino, Retén, Sabanas de san ángel, Salamina, San Sebastián de Buenavista, San Zenón, Santa Ana, Santa bárbara de pinto, Sitionuevo, Tenerife, Zapayan, zona bananera, Ciénaga, Santa Marta | M128: 2000000000 | N128: Recursos propios | O128: 1 | P128: 2.1.1.1.3 Realizar (1000) acciones de titulación de viviendas. | Q128: PROYECTO CON CONDIGO Y CON FINANCIACION | R128: SEGURIDAD HUMANA Y JUSTICIA SOCIAL
A129: 126 | B129: REVOLUCION DE LA EQUIDAD | C129: 2023002470021 | D129: 2023 | E129: SECRETARÍA DE SALUD | F129: SALUD | G129: SERVICIOS DE SALUD. | H129: FORTALECIMIENTO A TRAVÉS DEL SUBSIDIO A LA OFERTA A LA OPERACIÓN DE LA PRESTACIÓN DE SERVICIOS Y TECNOLOGÍAS EFECTUADAS POR LA RED HOSPITALARIA PÚBLICA DEL DEPARTAMENTO DEL MAGDALENA QUE SON MONOPOLIOS EN SERVICIOS TRAZADORES NO SOSTENIBLES POR VENTA DE SERVICIOS | I129: FORTALECIMIENTO A TRAVÉS DEL SUBSIDIO A LA OFERTA A LA OPERACIÓN DE LA PRESTACIÓN DE SERVICIOS Y TECNOLOGÍAS EFECTUADAS POR LA RED HOSPITALARIA PÚBLICA DEL DEPARTAMENTO DEL MAGDALENA QUE SON MONOPOLIOS EN SERVICIOS TRAZADORES NO SOSTENIBLES POR VENTA DE SERVICIOS | J129: 491.999 PERSONAS | K129: 1.476.665 PERSONAS | L129: Algarrobo, Aracataca, Ariguaní, Cerro San Antonio, Chibolo, Concordia, El banco, Fundación, Guamal, Nueva granada, Pedraza, Pijiño del Carmen, El piñón, Pivijay, Plato, Pueblo viejo, Remolino, Retén, Sabanas de san ángel, Salamina, San Sebastián de Buenavista, San Zenón, Santa Ana, Santa bárbara de pinto, Sitionuevo, Tenerife, Zapayan, zona bananera, Ciénaga, Santa Marta | M129: 7875642025 | N129: Recursos propios | O129: 1 | P129: 1.3.1.1.2 Garantizar al (99.2%) de la población pobre, el acceso a la prestación de servicios de salud y eventos NO PBS. | Q129: PROYECTO CON CONDIGO Y CON FINANCIACION | R129: SEGURIDAD HUMANA Y JUSTICIA SOCIAL
A130: 127 | B130: REVOLUCION DEL EMPLEO Y LA PRODUCTIVIDAD | C130: 2023002470023 | D130: 2023 | E130: SECRETARÍA DE INFRAESTRUCTURA | F130: TRANSPORTE | G130: GESTION DEL RIESGO | H130: PRESTACION DEL SERVICIO PARA LA ATENCION A PUNTOS CRITICOS EN LA RED DE VIAS TERCIARIAS Y SECUNDARIAS EN EL MARCO DE LA EMERGENCIA DE SITUACION DE DESASTRE EN EL DEPARTAMENTO DEL MAGDALENA | I130: PRESTACION DEL SERVICIO PARA LA ATENCION A PUNTOS CRITICOS EN LA RED DE VIAS TERCIARIAS Y SECUNDARIAS EN EL MARCO DE LA EMERGENCIA DE SITUACION DE DESASTRE EN EL DEPARTAMENTO DEL MAGDALENA | J130: 1.476.665 PERSONAS | K130: 1.463.427 PERSONAS | L130: Algarrobo, Aracataca, Ariguaní, Cerro San Antonio, Chibolo, Concordia, El banco, Fundación, Guamal, Nueva granada, Pedraza, Pijiño del Carmen, El piñón, Pivijay, Plato, Pueblo viejo, Remolino, Retén, Sabanas de san ángel, Salamina, San Sebastián de Buenavista, San Zenón, Santa Ana, Santa bárbara de pinto, Sitionuevo, Tenerife, Zapayan, zona bananera, Ciénaga, Santa Marta | M130: 3775000000 | N130: Recursos propios | O130: 2 | P130: 1.3.1.1.2 Garantizar al (99.2%) de la población pobre, el acceso a la prestación de servicios de salud y eventos NO PBS. | Q130: PROYECTO CON CONDIGO Y CON FINANCIACION | R130: SEGURIDAD HUMANA Y JUSTICIA SOCIAL
A131: 128 | B131: REVOLUCION DEL GOBIERNO POPULAR | C131: 2023002470026 | D131: 2023 | E131: OFICINA ASESORA DE COMUNICACIONES | F131: CAMBIO POR LA GESTIÓN PUBLICA TRANSPARENTE | G131: COMUNICACIONES | H131: IMPLEMENTACION DE UN PLAN ESTRATEGICO DE COMUNICACIÓN INSTITUCIONAL Y EXTERNA DE LA GOBERNACIÓN DEL MAGDALENA 2023 | I131: IMPLEMENTACION DE UN PLAN ESTRATEGICO DE COMUNICACIÓN INSTITUCIONAL Y EXTERNA DE LA GOBERNACIÓN DEL MAGDALENA 2023 | J131: 1.463.427 PERSONAS | K131: 718.305 PERSONAS | L131: Algarrobo, Aracataca, Ariguaní, Cerro San Antonio, Chibolo, Concordia, El banco, Fundación, Guamal, Nueva granada, Pedraza, Pijiño del Carmen, El piñón, Pivijay, Plato, Pueblo viejo, Remolino, Retén, Sabanas de san ángel, Salamina, San Sebastián de Buenavista, San Zenón, Santa Ana, Santa bárbara de pinto, Sitionuevo, Tenerife, Zapayan, zona bananera, Ciénaga, Santa Marta | M131: 2517000000 | N131: Recursos propios | O131: 1 | P131: 4.1.3.1.2 Diseñar e implementar (1) estrategia de rendición pública de cuentas permanente. | Q131: PROYECTO CON CONDIGO Y CON FINANCIACION | R131: SEGURIDAD HUMANA Y JUSTICIA SOCIAL
A132: 129 | B132: REVOLUCION DE LA EQUIDAD | C132: 2023002470028 | D132: 2023 | E132: SECRETARÍA DE SALUD | F132: CAMBIO POR LA SALUD | G132: SERVICIOS DE SALUD | H132: FORTALECIMIENTO DE LA PRESTACIÓN DE SERVICIOS EN SALUD A LA POBLACIÓN POBRE NO ASEGURADA SUBSIDIADA, EXTRANJERA Y NACIONALES FRONTERIZOS EN EL MAGDALENA | I132: MEJORAR LA PRESTACIÓN DE LOS SERVICIOS EN SALUD A LA POBLACIÓN POBRE NO ASEGURADA, SUBSIDIADA Y EXTRANJERA Y NACIONALES FRONTERIZOS EN EL DEPARTAMENTO DEL MAGDALENA | J132: 697.338 PERSONAS | K132: 1.476.665 personas | L132: Algarrobo, Aracataca, Ariguaní, Cerro San Antonio, Chibolo, Concordia, El banco, Fundación, Guamal, Nueva granada, Pedraza, Pijiño del Carmen, El piñón, Pivijay, Plato, Pueblo viejo, Remolino, Retén, Sabanas de san ángel, Salamina, San Sebastián de Buenavista, San Zenón, Santa Ana, Santa bárbara de pinto, Sitionuevo, Tenerife, Zapayan, zona bananera, Ciénaga, Santa Marta | M132: 34187804607 | N132: Recursos propios | O132: 1 | P132: 1.3.1.1.2 Garantizar al (99.2%) de la población pobre, el acceso a la prestación de servicios de salud y eventos NO PBS. | Q132: PROYECTO CON CONDIGO Y CON FINANCIACION | R132: SEGURIDAD HUMANA Y JUSTICIA SOCIAL
A133: 130 | B133: REVOLUCION DEL EMPLEO Y LA PRODUCTIVIDAD | C133: 2023002470029 | D133: 2023 | E133: OFICINA DE TRÁNSITO Y TRANSPORTE | F133: MOVILIDAD | G133: SEGURIDAD VIAL | H133: FORTALECIMIENTO DE LA CAPACIDAD TÉCNICA Y GESTIÓN DE LA INFORMACIÓN DE SEGURIDAD VIAL EN EL DEPARTAMENTO DEL MAGDALENA | I133: MANTENER LA INFORMACION ACTUALIZADA Y OPORTUNA PARA LA FORMULACIÓN DE POLÍTICA PÚBLICA Y LA TOMA DE DECISIONES EN MATERIA DE SEGURIDAD VIAL EN EL DEPARTAMENTO DEL MAGDALENA. | J133: 1.476.665 personas | K133: 1000 PERSONAS | L133: PLATO | M133: 1.2209992e+09 | N133: Recursos propios | O133: 1 | P133: Formular e implementar (1) Plan Integral de Seguridad Vial del Magdalena. | Q133: PROYECTO CON CONDIGO Y CON FINANCIACION | R133: SEGURIDAD HUMANA Y JUSTICIA SOCIAL
A134: 131 | B134: REVOLUCION DEL EMPLEO Y LA PRODUCTIVIDAD | C134: 2023002470030 | D134: 2023 | E134: SECRETARÍA DE DESARROLLO ECONÓMICO | F134: EMPLEO Y EMPRENDIMIENTO | G134: PRODUCTIVIDAD | H134: APOYO AL DESARROLLO Y MEJORAMIENTO DE LA CAPACIDAD PRODUCTIVA DE LOS PESCADORES ARTESANALES DE LA COOPERATIVA ASOPEZRA DEL MUNICIPIO DE PLATO EN EL DEPARTAMENTO DEL MAGDALENA | I134: APOYO AL DESARROLLO Y MEJORAMIENTO DE LA CAPACIDAD PRODUCTIBA DE LOS PESCADORES ARTESANALES DE LA COOPERATIVA ASOPEZRA DEL MUNICIPIO DE PLATO EN EL DEPARTAMENTO DEL MAGDALENA | J134: 100 PESCADORES | K134: 190.161 PERSONAS | L134: Algarrobo, Aracataca, Ariguaní, Cerro San Antonio, Chibolo, Concordia, El banco, Fundación, Guamal, Nueva granada, Pedraza, Pijiño del Carmen, El piñón, Pivijay, Plato, Pueblo viejo, Remolino, Retén, Sabanas de san ángel, Salamina, San Sebastián de Buenavista, San Zenón, Santa Ana, Santa bárbara de pinto, Sitionuevo, Tenerife, Zapayan, zona bananera, Ciénaga, Santa Marta | M134: 256260000 | N134: Recursos propios | O134: 1 | P134: 3.2.1.1.4IMPLEMENTAR (1) PLAN DEPARTAMENTAL DE INNOVACIÓN ORGANIZACIONAL Y TECNOLÓGICA PARA EL DESARROLLO DE LA PESCA Y POSTPESCA MEDIANTE CREDITO, ASISTENCIA, ASOCIATIVIDAD Y MEJORAMIENTO DE LOS EQUIPOS, APAREJOS Y LAS ARTES DE PESCA | Q134: PROYECTO CON CONDIGO Y CON FINANCIACION | R134: SEGURIDAD HUMANA Y JUSTICIA SOCIAL
A135: 132 | B135: REVOLUCION DE LA EQUIDAD | C135: 2023002470031 | D135: 2023 | E135: SECRETARÍA DE EDUCACIÓN | F135: EDUCACION | G135: SEDES EDUCATIVAS | H135: PRESTACION DE SERVICIO DE CONECTIVIDAD A INTERNET EN SEDES EDUCATIVAS OFICIALES PARA EL AÑO 2023, EN EL MARCO DEL PROGRAMA CONEXIÓN TOTAL, MAGDALENA | I135: PRESTACION DE SERVICIO DE CONECTIVIDAD A INTERNET EN SEDES EDUCATIVAS OFICIALES PARA EL AÑO 2023, EN EL MARCO DEL PROGRAMA CONEXIÓN TOTAL, MAGDALENA | J135: 98028 NIÑOS | K135: 363.772 PERSONAS | L135: Algarrobo, Aracataca, Ariguaní, Cerro San Antonio, Chibolo, Concordia, El banco, Fundación, Guamal, Nueva granada, Pedraza, Pijiño del Carmen, El piñón, Pivijay, Plato, Pueblo viejo, Remolino, Retén, Sabanas de san ángel, Salamina, San Sebastián de Buenavista, San Zenón, Santa Ana, Santa bárbara de pinto, Sitionuevo, Tenerife, Zapayan, zona bananera, Ciénaga, Santa Marta | M135: 2233775561 | N135: Recursos propios | O135: 2 | P135: 1.2.1.2.3 Mantener la cobertura y vincular (4500) nuevos estudiantes a la educación preescolar, basica y media al sistema educativo público. 1.2.2.2.7 Poner en funcionamiento y dotar Escuelas de Transformación Digital para beneficiar 100.000 estudiantes y docentes de las Instituciones Educativas en los (28) municipios no certificados del departamento | Q135: PROYECTO CON CONDIGO Y CON FINANCIACION | R135: SEGURIDAD HUMANA Y JUSTICIA SOCIAL
A136: 133 | B136: REVOLUCION DE LA EQUIDAD | C136: 2023002470032 | D136: 2023 | E136: OFICINA DE PAZ, ATENCIÓN A VICTIMAS, DERECHOS HUMANOS Y POSTCONFLICTO | F136: INCLUSION SOCIAL Y RECONCIALIACION | G136: INCLUSION SOCIAL | H136: FORTALECIMIENTO PARA EL ASEGURAMIENTO DE LA PARTICIPACIÓN EFECTIVA Y LA PROTECCIÓN DE LOS DERECHOS FUNDAMENTALES, PLANES Y POLÍTICAS DE LAS VÍCTIMAS DEL CONFLICTO ARMADO VIGENCIA 2023 EN EL DEPARTAMENTO DEL MAGDALENA | I136: Mejorar el seguimiento de planes y políticas para el aseguramiento de la participación efectiva y la protección de los derechos fundamentales de las víctimas del conflicto armado en el departamento del Magdalena | J136: 363.772 PERSONAS | K136: 1.476.665 PERSONAS | L136: Algarrobo, Aracataca, Ariguaní, Cerro San Antonio, Chibolo, Concordia, El banco, Fundación, Guamal, Nueva granada, Pedraza, Pijiño del Carmen, El piñón, Pivijay, Plato, Pueblo viejo, Remolino, Retén, Sabanas de san ángel, Salamina, San Sebastián de Buenavista, San Zenón, Santa Ana, Santa bárbara de pinto, Sitionuevo, Tenerife, Zapayan, zona bananera, Ciénaga, Santa Marta | M136: 842223912 | N136: Recursos propios | O136: 2 | P136: 1.1.1.10.13 Implementar (1) estrategia de participación efectiva de las víctimas con apoyo técnico y financiero para la mesa departamental de participación de víctimas y otras organizaciones (Ley 1448 de 2011). | Q136: PROYECTO CON CONDIGO Y CON FINANCIACION | R136: SEGURIDAD HUMANA Y JUSTICIA SOCIAL | U136: SI | V136: SI
A137: 134 | B137: REVOLUCION DE LA EQUIDAD | C137: 2023002470033 | D137: 2023 | E137: SECRETARÍA DE SALUD | F137: SALUD Y PROTECCION SOCIAL | G137: HOSPITALES DEL CAMBIO | H137: FORTALECIMIENTO EN LA PRESTACIÓN DE SERVICIOS DE ATENCIÓN BÁSICA DE SALUD, MEDIANTE LA ADQUISICIÓN DE EQUIPOS MÉDICOS Y MOBILIARIOS EN ALGUNOS HOSPITALES DEL DEPARTAMENTO DEL MAGDALENA | I137: MEJORAR LA PRESTACIÓN DE LOS SERVICIOS EN SALUD A LA POBLACIÓN POBRE NO ASEGURADA, SUBSIDIADA Y EXTRANJERA Y NACIONALES FRONTERIZOS EN EL DEPARTAMENTO DEL MAGDALENA | J137: 1.476.665 PERSONAS | K137: 1.000 PERSONAS | L137: EL BANCO | M137: 8999201813 | N137: Recursos propios | O137: 2 | P137: 1.3.2.2.4 Gestionar la dotación de (43) ambulancias básicas y/o medicalizadas – Ambulancias del Cambio – a los hospitales del Departamento. 1.3.2.2.5 Ampliar la capacidad instalada de las unidades de cuidado intermedio e intensivo de la red hospitalaria | Q137: PROYECTO CON CONDIGO Y CON FINANCIACION | R137: SEGURIDAD HUMANA Y JUSTICIA SOCIAL
A138: 135 | B138: REVOLUCION DE LA EQUIDAD | C138: 2023002470034 | D138: 2023 | E138: OFICINA DE CULTURA | F138: CULTURA | G138: CAMBIO POR LA CULTURA | H138: SERVICIO DE APROPIACION DE PRESERVACIÓN Y DOCUMENTACIÓN POR PARTE DE PERSONAS EN SITUACIÓN DE DISCAPACIDAD DEL FESTIVAL NACIONAL DE LA CUMBOIA DECLARADO PATRIMONIO CULTURAL INMATERIAL DE LA NACIÓN. EL BANCO | I138: SERVICIO DE APROPIACION DE PRESERVACIÓN Y DOCUMENTACIÓN POR PARTE DE PERSONAS EN SITUACIÓN DE DISCAPACIDAD DEL FESTIVAL NACIONAL DE LA CUMBOIA DECLARADO PATRIMONIO CULTURAL INMATERIAL DE LA NACIÓN. EL BANCO | J138: 1.000 PERSONAS | K138: 1.449.087 PERSONAS | L138: Algarrobo, Aracataca, Ariguaní, Cerro San Antonio, Chibolo, Concordia, El banco, Fundación, Guamal, Nueva granada, Pedraza, Pijiño del Carmen, El piñón, Pivijay, Plato, Pueblo viejo, Remolino, Retén, Sabanas de san ángel, Salamina, San Sebastián de Buenavista, San Zenón, Santa Ana, Santa bárbara de pinto, Sitionuevo, Tenerife, Zapayan, zona bananera, Ciénaga, Santa Marta | M138: 36988000 | N138: Recursos propios | O138: 1 | P138: 1.4.1.3.1 Brindar asistencia técnica y financiera (20) festivales folclóricos tradicionales | Q138: PROYECTO CON CONDIGO Y CON FINANCIACION | R138: SEGURIDAD HUMANA Y JUSTICIA SOCIAL | U138: SI | V138: SI
A139: 136 | B139: REVOLUCION DE LA EQUIDAD | C139: 2023002470035 | D139: 2023 | E139: SECRETARÍA DE EDUCACIÓN | F139: CULTURA | G139: CAMBIO POR LA CULTURA | H139: FORTALECIMIENTO DE LA RED DEPARTAMENTAL DE BIBLIOTECAS PÚBLICAS: MEJORES CONDICIONES PARA LA LECTURA, LA INFORMACIÓN Y EL CONOCIMIENTO PARA EL MAGDALENA | I139: FORTALECER LA RED DEPARTAMENTAL DEBIBLIOTECAS PUBLICAS QUE ASEGUREN LAS POSIBILIDADES DE ACCESO DE LA POBLACIÓN A LA LECTURA, LA INFORMACIÓN Y AL CONOCIMIENTO EN EL DEPARTAMENTO DEL MAGDALENA | J139: 1.449.087 PERSONAS | K139: 1.449.087 PERSONAS | L139: Algarrobo, Aracataca, Ariguaní, Cerro San Antonio, Chibolo, Concordia, El banco, Fundación, Guamal, Nueva granada, Pedraza, Pijiño del Carmen, El piñón, Pivijay, Plato, Pueblo viejo, Remolino, Retén, Sabanas de san ángel, Salamina, San Sebastián de Buenavista, San Zenón, Santa Ana, Santa bárbara de pinto, Sitionuevo, Tenerife, Zapayan, zona bananera, Ciénaga, Santa Marta | M139: 9.7794517e+08 | N139: Recursos propios | O139: 2 | P139: 1.4.1.2.3 Diseñar e implementar (1) ruta para el fortalecimiento de las capacidades de los bibliotecarios públicos y comunitarios del Departamento. 1.4.1.2.4 Gestionar la dotación de (20) bibliotecas escolares, públicas y comunitarias con el apoyo del Min | Q139: PROYECTO CON CONDIGO Y CON FINANCIACION | R139: SEGURIDAD HUMANA Y JUSTICIA SOCIAL
A140: 4 | B140: REVOLUCION DEL EMPLEO Y LA PRODUCTIVIDAD | C140: 2023002470036 | D140: 2023 | E140: OFICINA DE TURISMO | F140: COMERCIO, INDUSTRIA Y TURISMO | G140: CAMBIO EN EL EMPLEO Y EL EMPRENDIMIENTO | H140: IMPLEMENTACION ESTRATEGIA DE PROMOCIÓN, CAPACITACIÓN Y FORTALECIMIENTO PARA MEJORAR LAS CAPACIDADES DE LA POBLACIÓN Y LA COMPETITIVIDAD DEL SECTOR TURÍSTICO DEL DEPARTAMENTO DEL MAGDALENA | I140: POSICIONAR AL DEPARTAMENTO DEL MAGDALENA COMO DESTINO TURISTICO Y DESARROLLO ECONÓMICO REGIONAL DEL CARIBE COLOMBIANO | J140: 1.449.087 PERSONAS | K140: 1.463.427 PERSONAS | L140: Algarrobo, Aracataca, Ariguaní, Cerro San Antonio, Chibolo, Concordia, El banco, Fundación, Guamal, Nueva granada, Pedraza, Pijiño del Carmen, El piñón, Pivijay, Plato, Pueblo viejo, Remolino, Retén, Sabanas de san ángel, Salamina, San Sebastián de Buenavista, San Zenón, Santa Ana, Santa bárbara de pinto, Sitionuevo, Tenerife, Zapayan, zona bananera, Ciénaga, Santa Marta | M140: 726553509 | N140: Recursos propios | O140: 1 | P140: 3.1.1.2.6 Implementar (1) producto Marca Magdalena y la presencia en eventos de promoción turística. | Q140: PROYECTO CON CONDIGO Y CON FINANCIACION | R140: SEGURIDAD HUMANA Y JUSTICIA SOCIAL
A141: 138 | B141: REVOLUCION DEL EMPLEO Y LA PRODUCTIVIDAD | C141: 2023002470037 | D141: 2023 | E141: SECRETARÍA DE DESARROLLO ECONÓMICO | F141: TRABAJO | G141: CAMBIO EN EL EMPLEO Y EL EMPRENDIMIENTO | H141: HABILITACION DE LA AGENCIA PUBLICA DE GESTIÓN Y COLOCACION DE EMPLEO DEL DEPARTAMENTO DEL MAGDALENA | I141: HABILITAR LA AGENCIA PUBLICA DE GESTIÓN Y COLOCACION DE EMPLEO DEL DEPARTAMENTO DEL MAGDALENA | J141: 1.463.427 PERSONAS | K141: 61,000 PERSONAS | L141: SANTA MARTA, ARACATACA, CIENAGA, EL BANCO, EL PIÑON, GUAMAL, PIVIJAY, PUEBLOVIEJO, SAN SEBASTIAN DE BUENAVISTA, SANTA ANA Y SITIO NUEVO. | M141: 349952438 | N141: Recursos propios | O141: 3 | P141: 3.1.1.2.13. Crear y poner en funcionamiento (1) Agencia Pública de Empleo. 3.1.1.1.2 Crear una ruta de empleabilidad para el servicio de la gestión de la oferta social para la población vulnerable. 3.1.1.2.8 Mejorar las condiciones de movilidad laboral, el emprendimiento y la formación y la capacitación del recurso humano | Q141: PROYECTO CON CONDIGO Y CON FINANCIACION | R141: SEGURIDAD HUMANA Y JUSTICIA SOCIAL
A142: 139 | B142: REVOLUCION DE LA EQUIDAD | C142: 2023002470038 | D142: 2023 | E142: OFICINA DE LA MUJER | F142: GOBIERNO POPULAR | G142: MUJERES POR EL CAMBIO | H142: APOYO FINANCIERO, LOGISTICO Y OPERATIVO PARA LA DOTACIÓN DE LA CASA DE EMPODERAMIENTO PARA LAS MUJERES Y SUS NUCLEOS FAMILIARES QUE HAN SIDO VICTIMAS DE VIOLENCIA EN EL DEPARTAMENTO DEL MAGDALENA. | I142: PROMOVER LA AUTONOMIÁ ECONÓMICA, EL EMPODERAMIENTO Y LA PROTECCIÓN DE LOS DERECHOS DE LAS MUJERES DEL DEPARTAMENTO DEL MAGDALENA , A TRAVÉS DE LA SECRETARÍA DE LA MUJER Y EQUIDAD DE GENERO, CON LA CASA DE MUJERES EMPODERADAS | J142: 724.556 PERSONAS | K142: 10.000 PERSONAS | L142: Algarrobo, Aracataca, Ariguaní, Cerro San Antonio, Chibolo, Concordia, El banco, Fundación, Guamal, Nueva granada, Pedraza, Pijiño del Carmen, El piñón, Pivijay, Plato, Pueblo viejo, Remolino, Retén, Sabanas de san ángel, Salamina, San Sebastián de Buenavista, San Zenón, Santa Ana, Santa bárbara de pinto, Sitionuevo, Tenerife, Zapayan, zona bananera, Ciénaga, Santa Marta | M142: 74940000 | N142: Recursos propios | O142: 1 | P142: 1.1.1.6.2 Gestionar la adecuación, dotación y puesta en funcionamiento de (3) Casa Refugio y de Empoderamiento de la Mujer, con la articulación para su sostenimiento y viabilidad funcional con Alcaldías de las subregiones, además con las autoridades públicas y privadas. | Q142: PROYECTO CON CONDIGO Y CON FINANCIACION | R142: SEGURIDAD HUMANA Y JUSTICIA SOCIAL
...

Sheet MATRIZ SECTORIAL 2022
A1: BANCO DE PROYECTOS DE INVERSIÓN DEPARTAMENTAL 2023
A2: N | B2: REVOLUCIÓN | C2: BPIN | D2: AÑO | E2: DEPENDENCIA | F2: SECTOR | G2: SUBSECTOR | H2: NOMBRE DEL PROYECTO | I2: ALCANCE | J2: POBLACION AFECTADA | K2: POBLACION BENEFICIADA | L2: LOCALIZACION | M2: VALOR TOTAL DEL PROYECTO | N2: FUENTE DE FINANCIACIÓN | O2: NUMERO DE INDICADORES PDD | P2: Observaciones | Q2: ESTADO | R2: LINEA NUEVO PLAN NACIONAL DE DESARROLLO | S2: ARCHIVO | T2: VIABILIDI | U2: ARCHIVO | V2: VIABILIDAD | W2: ESTADO
A3: 1 | B3: REVOLUCIÓN DE LA EDUCACIÓN Y BECAS DEL CAMBIO | C3: 2021000020058 | D3: 2021 | E3: SECRETARÍA DE EDUCACIÓN | F3: EDUCACIÓN | G3: ALFABETIZACIÓN | H3: IMPLEMENTACIÓN DEL PROYECTO DE ALFABETIZACIÓN YO SÍ CAMBIO EN EL DEPARTAMENTO DEL MAGDALENA | I3: 30.000 PERSONAS ALFABETIZADAS | J3: 30 MIL PERSONAS | K3: 30 MIL PERSONAS | L3: Algarrobo, Aracataca, Ariguaní, Cerro San Antonio, Chibolo, Concordia, El banco, Fundación, Guamal, Nueva granada, Pedraza, Pijiño del Carmen, El piñón, Pivijay, Plato, Pueblo viejo, Remolino, Retén, Sabanas de san ángel, Salamina, San Sebastián de Buenavista, San Zenón, Santa Ana, Santa bárbara de pinto, Sitionuevo, Tenerife, Zapayan, zona bananera, Ciénaga, Santa Marta | M3: 12906000000 | N3: SGR - Asignación para la inversión regional 60% | O3: 3 | P3: 1. Alfabetizar (50.000) adultos y jóvenes mayores de 15 años mediante la vinculación de 2.000 voluntarios bachilleres, profesionales, funcionarios, entre otros 2. Consolidar (10.000) historias contadas por alfabetizados. 3. Suscribir (1) Alianza por el Cambio para la Alfabetización con amplia participación de la sociedad | Q3: PROYECTO CON CÓDIGO Y CON FINANCIACIÓN | R3: SEGURIDAD HUMANA Y JUSTICIA SOCIAL
A4: 2 | B4: REVOLUCIÓN DE LA EDUCACIÓN Y BECAS DEL CAMBIO | C4: 2021002470066 | D4: 2021 | E4: SECRETARÍA DE EDUCACIÓN | F4: EDUCACIÓN | G4: EDUCACIÓN INICIAL | H4: FORTALECIMIENTO DE AMBIENTES Y EXPERIENCIAS PEDAGÓGICAS PARA LOS ESTUDIANTES DE PREESCOLAR EN EL DEPARTAMENTO DEL MAGDALENA | I4: ADQUISICIÓN DE DOTACIONES PEDAGÓGICAS PARA EL FORTALECIMIENTO DE LOS AMBIENTES PEDAGÓGICOS DE 183 AULAS DE PREESCOLAR DE LA ETC MAGDALENA. | J4: 15.953 ESTUDIANTES | K4: 4.186 ESTUDIANTES | L4: Algarrobo, Aracataca, Ariguaní, Cerro San Antonio, Chibolo, Concordia, El banco, Fundación, Guamal, Nueva granada, Pedraza, Pijiño del Carmen, El piñón, Pivijay, Plato, Pueblo viejo, Remolino, Retén, Sabanas de san ángel, Salamina, San Sebastián de Buenavista, San Zenón, Santa Ana, Santa bárbara de pinto, Sitionuevo, Tenerife, Zapayan, zona bananera, Ciénaga, Santa Marta | M4: 1183952578 | N4: Recursos propios | O4: 3 | P4: 1. Vincular a (2.000) nuevos niños y niñas de 0 a 3 años a la educación inicial para la primera infancia pública y de calidad. 2. Implementar (1) ruta de garantía para la transición de niños y niñas al sistema educativo. 3. Mantener la cobertura y vincular (4.500) nuevos estudiantes a la educación preescolar, básica y media al sistema educativo público. | Q4: PROYECTO CON CÓDIGO Y SIN FINANCIACIÓN | R4: SEGURIDAD HUMANA Y JUSTICIA SOCIAL
A5: 3 | B5: REVOLUCIÓN DE LA EDUCACIÓN Y BECAS DEL CAMBIO | C5: 2020002470029 | D5: 2023 | E5: SECRETARÍA DE EDUCACIÓN | F5: EDUCACIÓN | G5: EDUCACIÓN BÁSICA Y MEDIA | H5: MEJORAMIENTO DE LA CALIDAD EDUCATIVA A TRAVÉS DE LA FORMACIÓN DE DOCENTES Y DIRECTIVOS DOCENTES EN EL DISEÑO, DESARROLLO CURRICULAR Y LA GESTIÓN PEDAGÓGICA EN LOS ESTABLECIMIENTOS EDUCATIVOS MAGDALENA | I5: FORMAR A 8.800 DOCENTES EN EL CUATRENIO QUE VOLUNTARIA Y PREVIAMENTE SELECCIONADOS, DE ACUERDO CON LOS CRITERIOS CONJUNTAMENTE ESTABLECIDOS POR LA SECRETARÍA DE EDUCACIÓN DEL MAGDALENA | J5: 8.800 DOCENTES | K5: 2.670 PERSONAS | L5: Algarrobo, Aracataca, Ariguaní, Cerro San Antonio, Chibolo, Concordia, El banco, Fundación, Guamal, Nueva granada, Pedraza, Pijiño del Carmen, El piñón, Pivijay, Plato, Pueblo viejo, Remolino, Retén, Sabanas de san ángel, Salamina, San Sebastián de Buenavista, San Zenón, Santa Ana, Santa bárbara de pinto, Sitionuevo, Tenerife, Zapayan, zona bananera, Ciénaga, Santa Marta | M5: 5027939484 | N5: Recursos propios | O5: 2 | P5: 1. Vincular (2.000) maestros y directivos en programas de profesionalización, actualización, especialización, estudios avanzados, etc, para el fortalecimiento de la calidad, el liderazgo pedagógico, el pensamiento y la convivencia, con acceso a los recursos del FCTeI. 2. Crear y poner en funcionamiento (1) centro de apoyo para la innovación en la docencia en programas de formación para el mejoramiento educativo. | Q5: PROYECTO CON CÓDIGO Y CON FINANCIACIÓN | R5: SEGURIDAD HUMANA Y JUSTICIA SOCIAL
A6: 4 | B6: REVOLUCIÓN DEL TRABAJO Y VÍAS DEL CAMBIO | C6: 2022002470015 | D6: 2022 | E6: SECRETARÍA DE INFRAESTRUCTURA | F6: GOBIERNO TERRITORIAL | G6: EDUCACIÓN BÁSICA Y MEDIA | H6: ESTUDIOS Y DISEÑOS PARA LA CONSTRUCCIÓN DE INFRAESTRUCTURA SOCIAL Y COMUNITARIA (COLEGIOS DEL CAMBIO CONSTRUCCIÓN NUEVAS SEDES) (HOSPITALES I II NIVEL ) (PUESTOS Y CENTROS 11) | I6: (COLEGIOS DEL CAMBIO CONSTRUCCIÓN NUEVAS SEDES) (HOSPITALES I II NIVEL ) (PUESTOS Y CENTROS 11) | J6: 1.463.427 PERSONAS | K6: 902.655 PERSONAS | L6: SANTA MARTA, ARACATACA, ZONA BANANERA. ARIGUANI, CHIBOLO, ZAPAYAN, SALAMINA, EL BANCO, GUAMAL, PIJIÑO DEL CARMEN, SANTA ANA, SAN ZENON | M6: 1.7568191e+09 | N6: Recursos propios | O6: 3 | P6: 1.2.2.2.15 Gestionar la adecuación, construcción y/o dotación de (58) Instituciones Educativas públicas, así como gestionar, acompañar y coordinar las adecuaciones e intervenciones que se adelantan por parte del Gobierno Nacional. 1.2.3.1.1 Gestionar la construcción, adecuación y /o dotación de (6) centros Cambia en las subregiones, como sedes permanentes del Programa Universidad Pública al Pueblo en los municipios de Pivijay, Cienaga, Plato, El Banco, Fundación y Santa Marta. 1.3.2.2.6 Gestionar la adecuación y/o construcción de (12) nuevos puestos y centros de salud. | Q6: PROYECTO CON CÓDIGO Y CON FINANCIACIÓN | R6: ORDENAMIENTO TERRITORIAL PARA LA PAZ
A7: 5 | B7: REVOLUCIÓN DE LA EDUCACIÓN Y BECAS DEL CAMBIO | C7: 2020002470036 | D7: 2020 | E7: SECRETARÍA DE EDUCACIÓN | F7: EDUCACIÓN | G7: EDUCACIÓN BÁSICA Y MEDIA | H7: FORTALECIMIENTO DE LA IMPLEMENTACIÓN DE ESTRATEGIAS DE INCLUSIÓN EN LAS INSTITUCIONES EDUCATIVAS EN EL DEPARTAMENTO DEL MAGDALENA | I7: ESTRATEGIAS DE INCLUSIÓN EN LAS INSTITUCIONES EDUCATIVAS EN EL DEPARTAMENTO DEL MAGDALENA | J7: 2.450 ESTUDIANTES | K7: 2.450 ESTUDIANTES | L7: Algarrobo, Aracataca, Ariguaní, Cerro San Antonio, Chibolo, Concordia, El banco, Fundación, Guamal, Nueva granada, Pedraza, Pijiño del Carmen, El piñón, Pivijay, Plato, Pueblo viejo, Remolino, Retén, Sabanas de san ángel, Salamina, San Sebastián de Buenavista, San Zenón, Santa Ana, Santa bárbara de pinto, Sitionuevo, Tenerife, Zapayan, zona bananera, Ciénaga, Santa Marta | M7: 1308987336 | N7: Recursos propios | O7: 1 | P7: 1. Garantizar la vinculación (15.000) nuevos estudiantes: niños y niñas con discapacidad, estudiantes con capacidades o talentos excepcionales y adultos mayores de 15 años que se encuentra por fuera del sistema educativo. | Q7: PROYECTO CON CÓDIGO Y CON FINANCIACIÓN | R7: SEGURIDAD HUMANA Y JUSTICIA SOCIAL
A8: 6 | B8: REVOLUCIÓN DE LA EDUCACIÓN Y BECAS DEL CAMBIO | C8: 2021002470015 | D8: 2021 | E8: SECRETARÍA DE EDUCACIÓN | F8: EDUCACIÓN | G8: EDUCACIÓN BÁSICA Y MEDIA | H8: IMPLEMENTACIÓN DEL PLAN DE PRUEBAS SABER Y FORMACIÓN DOCENTE EN EL DEPARTAMENTO DEL MAGDALENA | I8: PRUEBAS SABER Y FORMACIÓN DOCENTE EN EL DEPARTAMENTO DEL MAGDALENA | J8: 189.040 PERSONAS | K8: 8.761 ESTUDIANTES 500 DOCENTES | L8: Algarrobo, Aracataca, Ariguaní, Cerro San Antonio, Chibolo, Concordia, El banco, Fundación, Guamal, Nueva granada, Pedraza, Pijiño del Carmen, El piñón, Pivijay, Plato, Pueblo viejo, Remolino, Retén, Sabanas de san ángel, Salamina, San Sebastián de Buenavista, San Zenón, Santa Ana, Santa bárbara de pinto, Sitionuevo, Tenerife, Zapayan, zona bananera, Ciénaga, Santa Marta | M8: 1790286550 | N8: Recursos propios | O8: 4 | P8: 1. Suscribir (155) Alianzas por el Cambio para la educación de calidad, con directivos, docentes, estudiantes y padres de familia. 2. Vincular (2.000) maestros y directivos en programas de profesionalización, actualización, especialización, estudios avanzados, etc, para el fortalecimiento de la calidad, el liderazgo pedagógico, el pensamiento y la convivencia, con acceso a los recursos del FCTeI. 3. Implementar (1) plan de estímulos al mejoramiento de los resultados en las Pruebas Saber 3º, 5º, 7º, 9º y 11º 4. Suscribir (28) Alianzas por el Cambio para el mejoramiento del nivel de inglés de los estudiantes con cada uno de los Municipios no Certificados. | Q8: PROYECTO CON CÓDIGO Y CON FINANCIACIÓN | R8: SEGURIDAD HUMANA Y JUSTICIA SOCIAL
A9: 7 | B9: REVOLUCIÓN DE LA EDUCACIÓN Y BECAS DEL CAMBIO | C9: 2022002470012 | D9: 2022 | E9: SECRETARÍA DE EDUCACIÓN | F9: EDUCACIÓN | G9: EDUCACIÓN BASICA Y MEDIA | H9: PRESTACIÓN DE SERVICIO DE CONECTIVIDAD A INTERNET EN SEDES EDUCATIVAS OFICIALES , EN EL MARCO DEL PROGRAMA ESTRATEGIA CONECTIVIDAD ESCOLAR MAGDALENA. | I9: DOTACIÓN DEL SERVICIO DE CONECTIVIDAD A INTERNET EN 202 SEDES EDUCATIVAS PÚBLICAS DE EDUCACIÓN BÁSICA Y MEDIA EN EL DEPARTAMENTO DEL MAGDALENA EN EL MARCO DEL PROGRAMA ESTRATEGIA DE CONECTIVIDAD ESCOLAR. | J9: 187.622 PERSONAS | K9: 104.636 PERSONAS | L9: Algarrobo, Aracataca, Ariguaní, Cerro San Antonio, Chibolo, Concordia, El banco, Fundación, Guamal, Nueva granada, Pedraza, Pijiño del Carmen, El piñón, Pivijay, Plato, Pueblo viejo, Remolino, Retén, Sabanas de san ángel, Salamina, San Sebastián de Buenavista, San Zenón, Santa Ana, Santa bárbara de pinto, Sitionuevo, Tenerife, Zapayan, zona bananera, Ciénaga, Santa Marta | M9: 2100377192 | N9: Recursos propios | O9: 1 | P9: Conectividad en las Instituciones Educativas Rurales y Urbanas. | Q9: PROYECTO CON CÓDIGO Y CON FINANCIACIÓN | R9: SEGURIDAD HUMANA Y JUSTICIA SOCIAL
A10: 8 | B10: REVOLUCIÓN DE LA EDUCACIÓN Y BECAS DEL CAMBIO | C10: 2022002470018 | D10: 2023 | E10: SECRETARÍA DE EDUCACIÓN | F10: EDUCACIÓN | G10: EDUCACIÓN BÁSICA Y MEDIA | H10: FORTALECIMIENTO DE LA CALIDAD EDUCATIVA EN LAS INSTITUCIONES EDUCATIVAS DEL DEPARTAMENTO DEL MAGDALENA (PRUEBAS SABER - FORMACIÓN DOCENTE) | I10: IMPLEMENTAR UNA ESTRATEGIA PARA LA FORMACIÓN INTENSIVA PARA EL ENTRENAMIENTO A LAS PRUEBAS SABER A 30.810 ESTUDIANTES DE LAS INSTITUCIONES EDUCATIVAS DEL DEPARTAMENTO DEL MAGDALENA | J10: 180.100 PERSONAS | K10: 30.831 PERSONAS | L10: Algarrobo, Aracataca, Ariguaní, Cerro San Antonio, Chibolo, Concordia, El banco, Fundación, Guamal, Nueva granada, Pedraza, Pijiño del Carmen, El piñón, Pivijay, Plato, Pueblo viejo, Remolino, Retén, Sabanas de san ángel, Salamina, San Sebastián de Buenavista, San Zenón, Santa Ana, Santa bárbara de pinto, Sitionuevo, Tenerife, Zapayan, zona bananera, Ciénaga, Santa Marta | M10: 2912956374 | N10: Recursos propios | O10: 3 | P10: 1.2.2.2.2 Realizar (4) olimpiadas y ferias del conocimiento de la calidad, para fortalecer competencias básicas y transversales en pensamiento lógico matemático, lectoescritura, construcción de proyecto de vida. 1.2.2.2.3 Implementar (1) plan de estímulos al mejoramiento de los resultados en las Pruebas Saber 3º, 5º, 7º, 9º y 11º. 1.2.2.2.4 Suscribir (28) Alianzas por el Cambio para el mejoramiento del nivel de inglés de los estudiantes con cada uno de los Municipios no Certificados | Q10: PROYECTO CON CÓDIGO Y CON FINANCIACIÓN | R10: SEGURIDAD HUMANA Y JUSTICIA SOCIAL
A11: 9 | B11: REVOLUCIÓN DE LA EDUCACIÓN Y BECAS DEL CAMBIO | C11: 2022002470037 | D11: 2022 | E11: SECRETARÍA DE EDUCACIÓN | F11: EDUCACIÓN | G11: EDUCACIÓN BÁSICA Y MEDIA | H11: FORTALECIMIENTO DE LA IMPLEMENTACIÓN DE ESTRATEGIAS DE INCLUSIÓN EN LAS INSTITUCIONES EDUCATIVAS EN EL DEPARTAMENTO DEL MAGDALENA | I11: IMPLEMENTAR ESTRATEGIA DE INCLUSIÓN CON HERRAMIENTAS TÉCNICAS Y DIDÁCTICAS DE FORMACIÓN, ASISTENCIAS TÉCNICAS Y PEDAGÓGICAS A 2.213 ESTUDIANTES EN LAS INSTITUCIONES EDUCATIVAS DEL DEPARTAMENTO DEL MAGDALENA | J11: 2.313 PERSONAS | K11: 2.313 PERSONAS | L11: Algarrobo, Aracataca, Ariguaní, Cerro San Antonio, Chibolo, Concordia, El banco, Fundación, Guamal, Nueva granada, Pedraza, Pijiño del Carmen, El piñón, Pivijay, Plato, Pueblo viejo, Remolino, Retén, Sabanas de san ángel, Salamina, San Sebastián de Buenavista, San Zenón, Santa Ana, Santa bárbara de pinto, Sitionuevo, Tenerife, Zapayan, zona bananera, Ciénaga, Santa Marta | M11: 1200865220 | N11: Recursos propios | O11: 1 | P11: 1.2.1.2.6 Garantizar la vinculación (15000) nuevos estudiantes: niños y niñas con discapacidad, estudiantes con capacidades o talentos excepcionales y adultos mayores de 15 años que se encuentra por fuera del sistema educativo | Q11: PROYECTO CON CÓDIGO Y CON FINANCIACIÓN | R11: SEGURIDAD HUMANA Y JUSTICIA SOCIAL
A12: 10 | B12: REVOLUCIÓN DE LA EDUCACIÓN Y BECAS DEL CAMBIO | C12: 2022002470038 | D12: 2023 | E12: SECRETARÍA DE EDUCACIÓN | F12: EDUCACIÓN | G12: EDUCACIÓN BÁSICA Y MEDIA | H12: CONSTRUCCIÓN Y DOTACIÓN DE ESPACIOS SANITARIOS PARA FORTALECER LA BIOSEGURIDAD EN LAS SEDES RURALES EDUCATIVAS DISPERSAS EN LAS IED DE MUNICIPIOS NO CERTIFICADOS EN EL DEPARTAMENTO MAGDALENA (BATERIAS SANITARIAS) | I12: CONSTRUIR Y DOTAR LOS ESPACIOS SANITARIOS PARA FORTALECER LA BIOSEGURIDAD EN LAS 125 SEDES RURALES EDUCATIVAS DISPERSAS EN LAS IED DE MUNICIPIOS NO CERTIFICADOS EN EL DEPARTAMENTO DEL MAGDALENA | J12: 188.676 PERSONAS | K12: 13.250 PERSONAS | L12: Algarrobo, Aracataca, Ariguaní, Cerro San Antonio, Chibolo, Concordia, El banco, Fundación, Guamal, Nueva granada, Pedraza, Pijiño del Carmen, El piñón, Pivijay, Plato, Pueblo viejo, Remolino, Retén, Sabanas de san ángel, Salamina, San Sebastián de Buenavista, San Zenón, Santa Ana, Santa bárbara de pinto, Sitionuevo, Tenerife, Zapayan, zona bananera, Ciénaga, Santa Marta | M12: 3666319620 | N12: Recursos propios | O12: 3 | P12: 1.2.1.2.3 Mantener la cobertura y vincular (4.500) nuevos estudiantes a la educación preescolar, básica y media al sistema educativo público. 1.2.2.2.5 Gestionar la formulación y ejecución de los Planes de Educación Rural en los 28 municipios no certificados. 1.2.2.2.12 Poner en funcionamiento y dotación las Escuelas Saludables para beneficiar a (100.000) NNA y Jóvenes de las Instituciones Educativas públicas en (29) municipios del Departamento. | Q12: PROYECTO CON CÓDIGO Y CON FINANCIACIÓN | R12: SEGURIDAD HUMANA Y JUSTICIA SOCIAL
A13: 11 | B13: REVOLUCION DE LA EQUIDAD | C13: 2021002470055 | D13: 2023 | E13: OFICINA DE CULTURA | F13: CULTURA | G13: CULTURA | H13: IMPLEMENTACIÓN DEL SISTEMA ORQUESTAL Y CORAL EN EL MARCO DE LAS ESCUELAS CUMBIA Y DE LAS ARTES EN LAS INSTITUCIONES EDUCATIVAS EN EL DEPARTAMENTO DEL MAGDALENA | I13: IMPLEMENTACIÓN DEL SISTEMA ORQUESTAL Y CORAL EN EL MARCO DE LAS ESCUELAS CUMBIA Y DE LAS ARTES EN LAS INSTITUCIONES EDUCATIVAS EN EL DEPARTAMENTO DEL MAGDALENA | J13: 1.449.087 PERSONAS | K13: 1.449.087 PERSONAS | L13: Algarrobo, Aracataca, Ariguaní, Cerro San Antonio, Chibolo, Concordia, El banco, Fundación, Guamal, Nueva granada, Pedraza, Pijiño del Carmen, El piñón, Pivijay, Plato, Pueblo viejo, Remolino, Retén, Sabanas de san ángel, Salamina, San Sebastián de Buenavista, San Zenón, Santa Ana, Santa bárbara de pinto, Sitionuevo, Tenerife, Zapayan, zona bananera, Ciénaga, Santa Marta | M13: 3.9210807e+10 | N13: Recursos propios | O13: 1 | P13: Poner en funcionamiento y dotación las Escuelas CUMBIA de la música y de las artes en instituciones educativas públicas, para beneficiar (50.000) NNA y jóvenes en (29) Municipios del departamento. | Q13: PROYECTO CON CÓDIGO Y CON FINANCIACIÓN | R13: SEGURIDAD HUMANA Y JUSTICIA SOCIAL
A14: 13 | B14: REVOLUCIÓN DE LA EDUCACIÓN Y BECAS DEL CAMBIO | C14: 2021002470057 | D14: 2021 | E14: SECRETARÍA DE EDUCACIÓN | F14: EDUCACIÓN | G14: EDUCACIÓN BÁSICA Y MEDIA | H14: FORTALECIMIENTO DE LA DOTACIÓN ESCOLAR PARA GARANTIZAR LA COBERTURA Y PERMANENCIA DE LOS ESTUDIANTES DE LAS SEDES EDUCATIVAS OFICIALES EN EL DEPARTAMENTO DEL MAGDALENA | I14: DOTACIÓN DE 30.000 MOBILIARIO ESCOLAR Y 115.000 AGENDAS MULTIMATERIAS DOTACIÓN DE SINFÓNICA Y ESCUELA DE CANTO DOTACIÓN DE ESCUELAS DEPORTIVAS | J14: 307.810 ESTUDIANTES | K14: 223.937 ESTUDIANTES | L14: Algarrobo, Aracataca, Ariguaní, Cerro San Antonio, Chibolo, Concordia, El banco, Fundación, Guamal, Nueva granada, Pedraza, Pijiño del Carmen, El piñón, Pivijay, Plato, Pueblo viejo, Remolino, Retén, Sabanas de san ángel, Salamina, San Sebastián de Buenavista, San Zenón, Santa Ana, Santa bárbara de pinto, Sitionuevo, Tenerife, Zapayan, zona bananera, Ciénaga, Santa Marta | M14: 23109745750 | N14: SGR - Asignación para la inversión regional 60% | O14: 3 | P14: 1. Gestionar la dotación de (56.000) dispositivos, tablets y computadores con conexión a internet para entrega a estudiantes y docentes como recursos para garantizar la calidad educativa en la pandemia y postpandemia en los Colegios Públicos. 2. Poner en funcionamiento y dotar Escuelas de Transformación Digital para beneficiar a 100.000 estudiantes y docentes de las Instituciones Educativas públicas en los (28) Municipios no certificados del Departamento 3. Poner en funcionamiento y dotación Escuelas CUMBIA de la música y de las artes en Instituciones Educativas públicas, para beneficiar (50.000) NNA y Jóvenes en (29) Municipios del Departamento. | Q14: PROYECTO CON CÓDIGO Y CON FINANCIACIÓN | R14: SEGURIDAD HUMANA Y JUSTICIA SOCIAL
... A32: 31 | B32: REVOLUCIÓN DE LA EDUCACIÓN Y BECAS DEL CAMBIO | C32: 2021002470073 | D32: 2023 | E32: OFICINA DE LA MUJER | F32: INCLUSION SOCIAL Y RECONCIALIACION | G32: ATENCIÓN INTEGRAL | H32: ADECUACIÓN DE LA CASA DE EMPODERAMIENTO PARA LAS MUJERES Y SUS NÚCLEOS FAMILIARES QUE HAN SIDO VICTIMAS DE VIOLENCIA EN EL DEPARTAMENTO DEL MAGDALENA | I32: ADECUACIÓN DE LA CASA DE EMPODERAMIENTO PARA LAS MUJERES Y SUS NÚCLEOS FAMILIARES QUE HAN SIDO VÍCTIMAS DE VIOLENCIA EN EL DEPARTAMENTO DEL MAGDALENA | J32: 10.000 MUJERES | K32: 221.917 MUJERES | L32: Algarrobo, Aracataca, Ariguaní, Cerro San Antonio, Chibolo, Concordia, El banco, Fundación, Guamal, Nueva granada, Pedraza, Pijiño del Carmen, El piñón, Pivijay, Plato, Pueblo viejo, Remolino, Retén, Sabanas de san ángel, Salamina, San Sebastián de Buenavista, San Zenón, Santa Ana, Santa bárbara de pinto, Sitionuevo, Tenerife, Zapayan, zona bananera, Ciénaga, Santa Marta | M32: 249999331 | N32: Recursos propios | O32: 1 | P32: 1. Gestionar la adecuación, dotación y puesta en funcionamiento de (3) Casa Refugio y de Empoderamiento de la Mujer, con la articulación para su sostenimiento y viabilidad funcional con Alcaldías de las subregiones, además con las autoridades públicas y privadas. | Q32: PROYECTO CON CÓDIGO Y CON FINANCIACIÓN | R32: SEGURIDAD HUMANA Y JUSTICIA SOCIAL
A33: 32 | B33: REVOLUCIÓN DE LA EDUCACIÓN Y BECAS DEL CAMBIO | C33: 2021002470046 | D33: 2021 | F33: INCLUSION SOCIAL Y RECONCIALIACION | G33: INCLUSIÓN SOCIAL | H33: ADQUISICIÓN Y DOTACIÓN DE UNIDADES MÓVILES PARA EL FORTALECIMIENTO Y PRESTACIÓN DE LA OFERTA SOCIAL DEL PROGRAMA RED EQUIDAD EN EL DEPARTAMENTO DEL MAGDALENA (FERIAS DE LA EQUIDAD) | I33: DOTAR Y PONER EN FUNCIONAMIENTO UNIDADES MÓVILES PARA LA PRESTACIÓN DE SERVICIOS Y PROGRAMAS SOCIALES EN EL DEPARTAMENTO DEL MAGDALENA, EN BUSCA DE INCREMENTAR LA CAPACIDAD OPERATIVA DE LA GOBERNACIÓN EN LOS MUNICIPIOS | J33: 610.177 PERSONAS | K33: 2241.9417 PERSONAS | L33: Algarrobo, Aracataca, Ariguaní, Cerro San Antonio, Chibolo, Concordia, El banco, Fundación, Guamal, Nueva granada, Pedraza, Pijiño del Carmen, El piñón, Pivijay, Plato, Pueblo viejo, Remolino, Retén, Sabanas de san ángel, Salamina, San Sebastián de Buenavista, San Zenón, Santa Ana, Santa bárbara de pinto, Sitionuevo, Tenerife, Zapayan, zona bananera, Ciénaga, Santa Marta | M33: 1.7051229e+10 | N33: SGR - Asignación para la inversión regional 60% | O33: 41 | P33: 1. Realizar (116) Ferias de la Equidad para llevar la oferta institucional, activando el acceso a la ruta de derechos con programas sociales de salud, educación y nutrición, dignificación del hábitat e inclusión productiva, para la población vulnerable y territorios con mayor concentración de pobreza. 2. Implementar (1) estrategia para favorecer la cohesión familiar, el relacionamiento afectivo y la participación democrática como núcleo de la sociedad. 3. Implementar (1) estrategia de acompañamiento a las familias para prevenir la violencia y los abusos intrafamiliares, y el consumo de sustancias psicoactivas. 4. Diseñar y poner en funcionamiento una (1) ruta de atención que propenda por la reducción del maltrato infantil, los abusos sexuales y todo tipo de violencia que amenacen o afecten la integridad de los NNA. 5. Implementar (1) estrategia de atención integral a los jóvenes campesinos 6. Diseñar e implementar (1) estrategia para la prevención del consumo de sustancias psicoactivas, criminalidad, barras bravas, violencias en jóvenes, entre otros. 7. Diseñar e implementar (1) estrategia para la prevención del consumo de sustancias psicoactivas, criminalidad, barras bravas, violencias en jóvenes, entre otros. 8. Poner en funcionamiento una (1) ludoteca móvil para la primera infancia 9. Acompañar y apoyar (50) proyectos de emprendimiento formulados por grupos de jóvenes 10. Implementar en (29) Municipios la ruta de atención a mujeres víctimas de violencia 11. Beneficiar (1.000) jóvenes de la población NARP con acceso a la inclusión laboral y apoyo a sus emprendimientos. 12. Garantizar el acceso de (1.000) mujeres cabeza de familia, desplazadas o víctimas de otros hechos, con especial énfasis en las sobrevivientes de violencia sexual en el marco del conflicto armado a programas de restablecimiento de derechos y construcción de paz. 13. Beneficiar a (3.000) personas víctimas del conflicto armado con atención psicosocial. 14. Beneficiar a (2.000) víctimas del conflicto armado con acceso a procesos de formación, capacitación y/o la formalización de sus emprendimientos productivos, priorizando a jóvenes. 15. Realizar jornadas de formación laboral y productiva para (1.000) personas con discapacidad. 16. Poner en funcionamiento (2) Casas Indígenas. 17. Poner en funcionamiento y dotar (2) Casas de la Diversidad LGBTIQ+ 18. Formular e implementar (1) plan de acción humanitario para inmigrantes y/o sujetos de protección internacional. 19. Mantener la cobertura y vincular (4.500) nuevos estudiantes a la educación preescolar, básica y media al sistema educativo público. 20. Garantizar la vinculación (15.000) nuevos estudiantes: niños y niñas con discapacidad, estudiantes con capacidades o talentos excepcionales y adultos mayores de 15 años que se encuentra por fuera del sistema educativo. 21. Aumentar a (99,2%) la afiliación al régimen subsidiado y contributivo de salud, en procura de alcanzar la cobertura universal. 22. Diseñar e implementar la estrategia “Reclamando el Derecho Fundamental a la Salud” en (29) municipios del Departamento. 23. Implementar en (29) municipios, estrategias de vacunación. 24. Implementar en (29) municipios acciones de prevención y atención en salud oral 25. Mantener en 95% las coberturas útiles de vacunación de perros y gatos. 26. Beneficiar (2.000) niñas y niños menores de 5 años y ancianos en programas de recuperación nutricional en casa y/o centros de recuperación nutricional con micronutrientes, para disminuir la desnutrición crónica. 27. Beneficiar (2.000) madres gestantes y lactantes mediante paquetes alimentarios de apoyo nutricional. 28. Implementar (1) programa de actividades lúdicas y pedagógicas. 29. Realizar (60) talleres de lectura y escritura en el marco de las Ferias de la Equidad. 30. Gestionar la implementación de (1) Sistema de atención, valoración y recuperación de fauna silvestre, que propenda por el cumplimiento de la política ambiental para la prevención del tráfico de fauna. 31. Gestionar la implementación de (1) Centro de valoración, atención y protección animal, con una red móvil de asistencia. Programas de vacunación, control de natalidad, tenencia de animales y manejo de fauna domestica (caninos, felinos, entre otros) 32. Suscribir (1) alianza por el cambio para el fortalecimiento de las empresas del sector turístico. (Nuevas herramientas tecnológicas, normas técnicas sectoriales, certificaciones de calidad, entre otras). 33. Implementar (1) campaña “Magdalenense conoce al Magdalena” 34. Realizar (2) festivales gastronómicos. 35. Diseñar e implementar (1) plan de promoción gastronómica. 36. Implementar (1) laboratorio de diseño e innovación de artesanías. 37. Implementar (1) laboratorio de innovación en gastronomía de Macondo. 38. Crear e implementar (3) estrategias para el desarrollo de mercados turísticos especializados como el agroturismo, aviturismo, musical, gastronómico, étnico y de aventura entre otros 39. Estructurar e implementar una (1) campaña para Incentivar la compra de productos locales, así como la compra institucional en la ejecución de programas como el PAE 40. Realizar (58) jornadas en prevención de uso, utilización, reclutamiento y violencia sexual contra NNAJ, en el marco de las Ferias de la Equidad. 41. Realizar (58) brigadas jurídicas locales en el marco de las ferias de la equidad. | Q33: PROYECTO CON CÓDIGO Y CON FINANCIACIÓN | R33: SEGURIDAD HUMANA Y JUSTICIA SOCIAL
A34: 33 | B34: REVOLUCIÓN DE LA EDUCACIÓN Y BECAS DEL CAMBIO | C34: 2022002470017 | D34: 2023 | E34: SECRETARÍA DE INFRAESTRUCTURA | F34: INCLUSION SOCIAL Y RECONCIALIACION | G34: INFAESTRUCTURA SOCIAL | H34: CONSTRUCCIÓN Y DOTACIÓN DEL CENTRO DE VIDA PARA EL ADULTO MAYOR EN EL MUNICIPIO DE CHIBOLO, MAGDALENA | I34: SE DESARROLLARÁ LA CONSTRUCCIÓN DE UN CENTRO VIDA EL CUAL BRINDARÁ ATENCIÓN A LOS ADULTOS MAYORES HACIENDO UNA CONTRIBUCIÓN QUE IMPACTE EN SU CALIDAD DE VIDA Y BIENESTAR | J34: 2.414 PERSONAS | K34: 2.414 PERSONAS | L34: CHIBOLO | M34: 6102510945 | N34: Recursos propios | O34: 1 | P34: 1.1.1.5.1 Gestionar la construcción de (3) Centros Vida Día y Noche. | Q34: PROYECTO CON CÓDIGO Y CON FINANCIACIÓN | R34: SEGURIDAD HUMANA Y JUSTICIA SOCIAL
A35: 34 | B35: REVOLUCIÓN DE LA EDUCACIÓN Y BECAS DEL CAMBIO | C35: 2022002470021 | D35: 2022 | E35: SECRETARÍA DE INFRAESTRUCTURA | F35: INCLUSION SOCIAL Y RECONCIALIACION | G35: INFAESTRUCTURA SOCIAL | H35: CONSTRUCCIÓN DEL CENTRO DE VIDA PARA EL ADULTO MAYOR EN EL MUNICIPIO DE GUAMAL, MAGDALENA | I35: SE DESARROLLARÁ LA CONSTRUCCIÓN DE UN CENTRO VIDA EL CUAL BRINDARÁ ATENCIÓN A LOS ADULTOS MAYORES HACIENDO UNA CONTRIBUCIÓN QUE IMPACTE EN SU CALIDAD DE VIDA Y BIENESTAR | J35: 28.626 PERSONAS | K35: 4.640 PERSONAS | L35: GUAMAL | M35: 6030319355 | N35: Recursos propios | O35: 1 | P35: 1.1.1.5.1 Gestionar la construcción de (3) Centros Vida Día y Noche. | Q35: PROYECTO CON CÓDIGO Y CON FINANCIACIÓN | R35: SEGURIDAD HUMANA Y JUSTICIA SOCIAL
A36: 35 | B36: REVOLUCIÓN DE LA EDUCACIÓN Y BECAS DEL CAMBIO | C36: 2021002470027 | D36: 2021 | E36: OFICINA DE PROGRAMA DE ALIMENTACION | F36: INCLUSION SOCIAL Y RECONCIALIACION | G36: ALIMENTACIÓN | H36: IMPLEMENTACIÓN DEL PROGRAMA DE ATENCIÓN Y SUPLEMENTACIÓN NUTRICIONAL PARA LA PRIMERA INFANCIA Y MUJERES GESTANTES EN EL DEPARTAMENTO DEL MAGDALENA | I36: PRESTAR UN SERVICIO DE PROMOCIÓN SOCIAL A 4.000 BENEFICIARIOS EN CONDICIÓN DE INSEGURIDAD ALIMENTARIA, PARA LO CUAL SE REALIZARÁ LA ENTREGA DE PAQUETE NUTRICIONAL QUE CONSISTE EN EL SUMINISTRO DE UNA CANASTA BÁSICA DE ALIMENTOS FORTIFICADOS Y DE ALTO VALOR NUTRICIONAL ACOMPAÑADO DE SUPLEMENTOS QUE COMPLEMENTEN LA ALIMENTACIÓN FAMILIAR DE AQUELLOS BENEFICIARIOS EN ESTADO DE RIESGO DE DESNUTRICIÓN AGUDA Y MUJERES GESTANTES CON BAJO PESO PARA LA EDAD GESTACIONAL. | J36: 4.000 PERSONAS | K36: 222.927 PERSONAS | L36: Algarrobo, Aracataca, Ariguaní, Cerro San Antonio, Chibolo, Concordia, El banco, Fundación, Guamal, Nueva granada, Pedraza, Pijiño del Carmen, El piñón, Pivijay, Plato, Pueblo viejo, Remolino, Retén, Sabanas de san ángel, Salamina, San Sebastián de Buenavista, San Zenón, Santa Ana, Santa bárbara de pinto, Sitionuevo, Tenerife, Zapayan, zona bananera, Ciénaga, Santa Marta | M36: 1643845289 | N36: Recursos propios | O36: 2 | P36: 1. Beneficiar (2.000) niñas y niños menores de 5 años y ancianos en programas de recuperación nutricional en casa y/o centros de recuperación nutricional con micronutrientes, para disminuir la desnutrición crónica. 2. Beneficiar (2.000) madres gestantes y lactantes mediante paquetes alimentarios de apoyo nutricional. | Q36: PROYECTO CON CÓDIGO Y CON FINANCIACIÓN | R36: DERECHO HUMANO A LA ALIMENTACIÓN
A37: 36 | B37: REVOLUCIÓN DE LA EDUCACIÓN Y BECAS DEL CAMBIO | C37: 2021002470064 | D37: 2021 | E37: OFICINA DE PROGRAMA DE ALIMENTACION | F37: INCLUSION SOCIAL Y RECONCIALIACION | G37: APOYO NUTRICIONAL | H37: IMPLEMENTACIÓN DEL PROGRAMA DE INTERVENCIÓN NUTRICIONAL INTEGRAL PARA LA PRIMERA INFANCIA EN EL DEPARTAMENTO DEL MAGDALENA | I37: EL PROYECTO SE IMPLEMENTARÁ EN 29 MUNICIPIOS DEL DEPARTAMENTO DEL MAGDALENA Y EL DISTRITO DE SANTA MARTA. LA ALTERNATIVA CONSISTE EN LA PRESTACIÓN DE UN SERVICIO DE PROMOCIÓN SOCIAL A LOS BENEFICIARIOS EN CONDICIÓN DE INSEGURIDAD ALIMENTARIA Y NUTRICIONAL | J37: 5.000 PERSONAS | K37: 223.937 PERSONAS | L37: Algarrobo, Aracataca, Ariguaní, Cerro San Antonio, Chibolo, Concordia, El banco, Fundación, Guamal, Nueva granada, Pedraza, Pijiño del Carmen, El piñón, Pivijay, Plato, Pueblo viejo, Remolino, Retén, Sabanas de san ángel, Salamina, San Sebastián de Buenavista, San Zenón, Santa Ana, Santa bárbara de pinto, Sitionuevo, Tenerife, Zapayan, zona bananera, Ciénaga, Santa Marta | M37: 1719361474 | N37: Recursos propios | O37: 3 | P37: 1. Beneficiar (2.000) niñas y niños menores de 5 años y ancianos en programas de recuperación nutricional en casa y/o centros de recuperación nutricional con micronutrientes, para disminuir la desnutrición crónica. 2. Realizar seguimiento en los 29 Municipios al estado nutricional de la primera infancia 3. Implementar (1) estrategia de prevención y reducción de anemia nutricional | Q37: PROYECTO CON CÓDIGO Y SIN FINANCIACIÓN | R37: DERECHO HUMANO A LA ALIMENTACIÓN
A38: 37 | B38: REVOLUCIÓN DE LA EDUCACIÓN Y BECAS DEL CAMBIO | C38: 2021002470080 | D38: 2021 | E38: OFICINA DE PROGRAMA DE ALIMENTACION | F38: INCLUSION SOCIAL Y RECONCIALIACION | G38: APOYO NUTRICIONAL | H38: IMPLEMENTACIÓN DE ESTRATEGIAS PARA EL FORTALECIMIENTO DE LA SEGURIDAD ALIMENTARIA EN EL DEPARTAMENTO DEL MAGDALENA (DESNUTRICIÓN) | I38: EL PROYECTO SE IMPLEMENTARÁ EN 29 MUNICIPIOS DEL DEPARTAMENTO DEL MAGDALENA Y EL DISTRITO DE SANTA MARTA. LA ALTERNATIVA CONSISTE EN LA PRESTACIÓN DE UN SERVICIO DE PROMOCIÓN SOCIAL DONDE SE REALIZA LA ENTREGA UNA CANASTA BÁSICA DE ALIMENTOS FORTIFICADOS Y DE ALTO VALOR NUTRICIONAL CON COMPLEMENTOS ALIMENTICIOS Y KIT DE ASEO A LOS NIÑOS Y NIÑAS MENORES DE 5 AÑOS Y SU NÚCLEO FAMILIAR, | J38: 10.000 PERSONAS | K38: 224.947 PERSONAS | L38: Algarrobo, Aracataca, Ariguaní, Cerro San Antonio, Chibolo, Concordia, El banco, Fundación, Guamal, Nueva granada, Pedraza, Pijiño del Carmen, El piñón, Pivijay, Plato, Pueblo viejo, Remolino, Retén, Sabanas de san ángel, Salamina, San Sebastián de Buenavista, San Zenón, Santa Ana, Santa bárbara de pinto, Sitionuevo, Tenerife, Zapayan, zona bananera, Ciénaga, Santa Marta | M38: 4080200249 | N38: SGR - Asignación para la inversión regional 60% | O38: 4 | P38: 1. Beneficiar (2.000) niñas y niños menores de 5 años y ancianos en programas de recuperación nutricional en casa y/o centros de recuperación nutricional con micronutrientes, para disminuir la desnutrición crónica. 2. Beneficiar (2.000) madres gestantes y lactantes mediante paquetes alimentarios de apoyo nutricional. 3. Realizar seguimiento en los 29 Municipios al estado nutricional de la primera infancia 3. Implementar (1) estrategia de prevención y reducción de anemia nutricional | Q38: PROYECTO CON CÓDIGO Y CON FINANCIACIÓN | R38: DERECHO HUMANO A LA ALIMENTACIÓN
A39: 38 | B39: REVOLUCIÓN DEL TRABAJO Y VÍAS DEL CAMBIO | C39: 2021002470076 | D39: 2021 | E39: SECRETARÍA DE DESARROLLO ECONÓMICO | F39: COMERCIO, INDUSTRIA Y TURISMO | G39: GENERACIÓN DE EMPLEO | H39: IMPLEMENTACIÓN DE UNA ESTRATEGIA DE REACTIVACIÓN ECONÓMICA Y GENERACIÓN DE EMPLEO EN EL DEPARTAMENTO DEL MAGDALENA (BRIGADAS EMPRESARIALES) | I39: BRIGADAS EMPRESARIALES | J39: 3.000 PERSONAS | K39: 222.927 PERSONAS | L39: Algarrobo, Aracataca, Ariguaní, Cerro San Antonio, Chibolo, Concordia, El banco, Fundación, Guamal, Nueva granada, Pedraza, Pijiño del Carmen, El piñón, Pivijay, Plato, Pueblo viejo, Remolino, Retén, Sabanas de san ángel, Salamina, San Sebastián de Buenavista, San Zenón, Santa Ana, Santa bárbara de pinto, Sitionuevo, Tenerife, Zapayan, zona bananera, Ciénaga, Santa Marta | M39: 1.1199824e+10 | N39: SGR - Asignación para la inversión regional 60% | O39: 2 | P39: 1. Conformar (1) Comisión de Expertos de Alto Nivel para impulsar la reactivación 2. Formular e implementar (1) plan de impulso y formalización para los emprendimientos, la micro y pequeñas empresas. económica y la generación de empleo. | Q39: PROYECTO CON CÓDIGO Y CON FINANCIACIÓN | R39: DERECHO HUMANO A LA ALIMENTACIÓN
A40: 39 | B40: REVOLUCIÓN DE LA SALUD Y MEDICO EN TU CASA | C40: 2021002470088 | D40: 2022 | E40: SECRETARIA SECCIONAL DE SALUD | F40: SALUD Y PROTECCIÓN SOCIAL | G40: INFRAESTRUCTURA MEJORAMIENTO Y DOTACIÓN | H40: REMODELACIÓN DE LAS ÁREAS DE URGENCIAS, HOSPITALIZACIÓN Y CONSULTA EXTERNA ESPECIALIZADA DE LA E.S.E. - HOSPITAL SAN RAFAEL DE FUNDACIÓN- MAGDALENA | I40: AMPLIACIÓN DE LAS ÁREAS DE LOS SERVICIOS DE URGENCIAS, HOSPITALIZACIÓN Y CONSULTA EXTERNA ESPECIALIZADA | J40: 64.356 PERSONAS | K40: 221.917 PERSONAS | L40: FUNDACION | M40: 1.0420762e+09 | N40: Recursos propios | O40: 1 | P40: económica y la generación de | Q40: PROYECTO CON CÓDIGO Y CON FINANCIACIÓN | R40: SEGURIDAD HUMANA Y JUSTICIA SOCIAL
A41: 40 | B41: REVOLUCIÓN DE LA SALUD Y MEDICO EN TU CASA | C41: 2021002470084 | D41: 2022 | E41: SECRETARIA SECCIONAL DE SALUD | F41: SALUD Y PROTECCIÓN SOCIAL | G41: INFRESTRUCTURA MEJORAMIENTO Y DOTACIÓN | H41: REMODELACIÓN Y DOTACIÓN PARA LA PRESTACIÓN DE LOS SERVICIOS DE REHABILITACIÓN, IMAGENOLOGÍA Y CARDIOLOGÍA EN LA ESE HOSPITAL SAN CRISTOBAL DE CIÉNAGA MAGDALENA | I41: INTERVENIR LAS ÁREAS DE LOS SERVICIOS DE REHABILITACIÓN, IMAGENOLOGÍA, CARDIOLOGÍA Y ZONAS COMUNES DE ACCESO | J41: 79.475 PERSONAS | K41: 221.917 PERSONAS | L41: CIENAGA, | M41: 2.4140655e+09 | N41: Recursos propios | O41: 1 | P41: empleo. | Q41: PROYECTO CON CÓDIGO Y SIN FINANCIACIÓN | R41: SEGURIDAD HUMANA Y JUSTICIA SOCIAL
A42: 41 | B42: REVOLUCIÓN DE LA SALUD Y MEDICO EN TU CASA | C42: 2021002470099 | D42: 2022 | E42: SECRETARIA SECCIONAL DE SALUD | F42: SALUD Y PROTECCIÓN SOCIAL | G42: SALUD PÚBLICA | H42: FORTALECIMIENTO DE LAS ACCIONES DE GESTIÓN, DE PROMOCIÓN DE LA SALUD Y LA GESTIÓN DEL RIESGO COLECTIVO DE LA AUTORIDAD SANITARIA DEL DEPARTAMENTO DEL MAGDALENA. (MEDICO EN TU CASA) | I42: ACCIONES SECTORIALES Y COMUNITARIAS ENCAMINADAS A RECUPERAR LAS CAPACIDADES BÁSICAS DE LA AUTORIDAD SANITARIA EN LA NACIÓN Y TERRITORIOS PARA ACTUAR COMO PLANIFICADORES E INTEGRADORES DE LAS ACCIONES RELACIONADAS CON LA PRODUCCIÓN SOCIAL DE LA SALUD DENTRO Y FUERA DEL SECTOR SALUD, Y DE LA RESPUESTA PROPIA DEL SECTOR | J42: 911.036 PERSONAS | K42: 2216.9167 PERSONAS | L42: Algarrobo, Aracataca, Ariguaní, Cerro San Antonio, Chibolo, Concordia, El banco, Fundación, Guamal, Nueva granada, Pedraza, Pijiño del Carmen, El piñón, Pivijay, Plato, Pueblo viejo, Remolino, Retén, Sabanas de san ángel, Salamina, San Sebastián de Buenavista, San Zenón, Santa Ana, Santa bárbara de pinto, Sitionuevo, Tenerife, Zapayan, zona bananera, Ciénaga, Santa Marta | M42: 25136569047 | N42: Recursos propios | O42: 16 | P42: 1.3.1.2.1. Médico en tu Casa: Poner en funcionamiento y dotar (90) equipos básicos de salud con enfoque en salud familiar y comunitaria. 1.3.1.2.9. Mantener en 95% las coberturas útiles de vacunación de perros y gatos. 1.3.1.2.10. Realizar visitas de Inspección Vigilancia y Control a establecimientos de interés sanitario con enfoque de riesgo, en los (29) Municipios. 1.3.1.2.11. Implementar en (29) municipios visitas de prevención, vigilancia y control del riesgo sanitario de los acueductos municipales y veredales, para reducir las enfermedades relacionadas con los factores ambientales. 1.3.1.2.12. Implementar el programa nacional de prevención, manejo y control de IRA y 4 EDA en (29) municipios. 1.3.1.2.13. Realizar la programación y contratación del plan de intervenciones colectivas en (29) municipios, a través de la estrategia de Atención Primaria en Salud. 1.3.1.2.14. Implementar en (10) municipios, la estrategia de gestión integrada acorde a lineamientos nacionales. 1.3.1.2.17 Implementar en (29) municipios jornadas de Educación sexual y reproductiva con énfasis en las enfermedades de transmisión sexual ETS (VIH/SIDA), 1.3.1.2.18. mplementar en (29) municipios capacitaciones en la prevención y atención integral en ITS_VIH/SIDA con enfoque de vulnerabilidad a número Profesionales de la salud en la red pública y privada. 1.3.1.2.19 Implementar en (29) municipios acciones de detección temprana y tratamiento a la infección por sífilis en mujeres gestantes. 1.3.1.2.20 Diagnosticar oportunamente al 58% de las personas con enfermedad de Hansen. 1.3.1.2.21 Implementar estrategia 4x4 ampliada a 29 municipios. 1.3.1.2.24 Implementar y poner en operación en el (95%) de los municipios, el sistema de vigilancia en salud pública y de la violencia intrafamiliar. 1.3.1.2.27 Implementar (Res. 4886 de 2018) en (29) municipios con política pública de salud mental. 1.3.1.2.28. Formular e implementar (1) plan territorial de reducción del consumo de sustancia psicoactivas. 1.3.1.2.23 Brindar a (29) municipios apoyo en la gestión de vigilancia en salud pública y sanitaria (LSP). 1.3.1.2.18. mplementar en (29) municipios capacitaciones en la prevención y atención integral en ITS_VIH/SIDA con enfoque de vulnerabilidad a número Profesionales de la salud en la red pública y privada | Q42: PROYECTO CON CÓDIGO Y CON FINANCIACIÓN | R42: SEGURIDAD HUMANA Y JUSTICIA SOCIAL
A43: 42 | B43: REVOLUCIÓN DE LA SALUD Y MEDICO EN TU CASA | C43: 2021002470033 | D43: 2022 | E43: SECRETARÍA SECCIONAL DE SALUD | F43: SALUD Y PROTECCIÓN SOCIAL | G43: SALUD PÚBLICA | H43: APOYO FINANCIERO PARA EL FORTALECIMIENTO DE LA OPERACIÓN CORRIENTE DE LOS HOSPITALES PÚBLICOS MONOPOLIOS QUE PRESTAN SERVICIOS TRAZADORES EN EL DEPARTAMENTO DEL MAGDALENA. | I43: OPERACIÓN DE LA PRESTACIÓN DE LOS SERVICIOS DE SALUD Y TECNOLOGÍAS, EN ZONAS ALEJADAS O DE DIFÍCIL ACCESO, A TRAVÉS DE INSTITUCIONES PÚBLICAS O INFRAESTRUCTURA PÚBLICA ADMINISTRADA POR TERCEROS UBICADAS EN ESTAS ZONAS, QUE SEAN MONOPOLIOS EN SERVICIOS TRAZADORES Y NO SOSTENIBLES POR VENTA DE SERVICIOS. | J43: 466.706 PERSONAS | K43: 221.917 PERSONAS | L43: Algarrobo, Aracataca, Ariguaní, Cerro San Antonio, Chibolo, Concordia, El banco, Fundación, Guamal, Nueva granada, Pedraza, Pijiño del Carmen, El piñón, Pivijay, Plato, Pueblo viejo, Remolino, Retén, Sabanas de san ángel, Salamina, San Sebastián de Buenavista, San Zenón, Santa Ana, Santa bárbara de pinto, Sitionuevo, Tenerife, Zapayan, zona bananera, Ciénaga, Santa Marta | M43: 7.3835585e+09 | N43: Recursos propios | O43: 1 | P43: 1. Garantizar al (99,2%) de la población pobre, el acceso a la prestación de servicios de salud y eventos NO PBS | Q43: PROYECTO CON CÓDIGO Y CON FINANCIACIÓN | R43: SEGURIDAD HUMANA Y JUSTICIA SOCIAL
A44: 43 | B44: REVOLUCIÓN DE LA SALUD Y MEDICO EN TU CASA | C44: 2020002470004 | D44: 2020 | E44: SECRETARIA SECCIONAL DE SALUD | F44: SALUD Y PROTECCIÓN SOCIAL | G44: SALUD PÚBLICA | H44: FORTALECIMIENTO DE LAS CAPACIDADES DE VIGILANCIA EN SALUD PÚBLICA EN EL DEPARTAMENTO DEL MAGDALENA | I44: REALIZAR ACCIONES DE LA SALUD PÚBLICA EN EL DEPARTAMENTO | J44: 1.427.026 PERSONAS | K44: 888.414 PERSONAS | L44: Algarrobo, Aracataca, Ariguaní, Cerro San Antonio, Chibolo, Concordia, El banco, Fundación, Guamal, Nueva granada, Pedraza, Pijiño del Carmen, El piñón, Pivijay, Plato, Pueblo viejo, Remolino, Retén, Sabanas de san ángel, Salamina, San Sebastián de Buenavista, San Zenón, Santa Ana, Santa bárbara de pinto, Sitionuevo, Tenerife, Zapayan, zona bananera, Ciénaga, Santa Marta | M44: 1511200000 | N44: Recursos propios | O44: 3 | P44: 1. Realizar visitas de Inspección Vigilancia y Control a establecimientos de interés sanitario con enfoque de riesgo, en los (29) Municipios. 2. Dotar a (130.000) personas con elementos de protección y bioseguridad en el marco del plan de acción por calamidad COVID-19. 3. Implementar (1) estrategia para la realización de pruebas rápidas en el marco del plan de acción por calamidad COVID-19. | Q44: PROYECTO CON CÓDIGO Y CON FINANCIACIÓN | R44: SEGURIDAD HUMANA Y JUSTICIA SOCIAL
A45: 44 | B45: REVOLUCIÓN DE LA SALUD Y MEDICO EN TU CASA | C45: 2022002470031 | D45: 2022 | E45: SECRETARIA SECCIONAL DE SALUD | F45: SALUD Y PROTECCIÓN SOCIAL | G45: SERVICIOS DE SALUD | H45: SANEAMIENTO DE LA DEUDA POR LOS SERVICIOS DE SALUD PRESTADOS A LA POBLACIÓN POBRE NO ASEGURADA, SUBSIDIADA, EXTRANJERA Y NACIONALES FRONTERIZOS EN EL DEPARTAMENTO DEL MAGDALENA | I45: SANEAMIENTO FINANCIERO DE LAS CUENTAS DE SERVICIOS Y TECNOLOGÍAS EN SALUD NO FINANCIADAS POR LA UPC DEL RÉGIMEN SUBSIDIADO Y DE LOS SERVICIOS PRESTADOS A LA PPNA, EXTRANJEROS Y NACIONALES FRONTERIZOS. | J45: 682.328 PERSONAS | K45: 29.527 PERSONAS | L45: Algarrobo, Aracataca, Ariguaní, Cerro San Antonio, Chibolo, Concordia, El banco, Fundación, Guamal, Nueva granada, Pedraza, Pijiño del Carmen, El piñón, Pivijay, Plato, Pueblo viejo, Remolino, Retén, Sabanas de san ángel, Salamina, San Sebastián de Buenavista, San Zenón, Santa Ana, Santa bárbara de pinto, Sitionuevo, Tenerife, Zapayan, zona bananera, Ciénaga, Santa Marta | M45: 3.4752588e+10 | N45: Recursos propios | O45: 1 | P45: 1.3.1.1.2 Salud Garantizar al (99,2%) de la población pobre, el acceso a la prestación de servicios de salud y eventos NO PBS. | Q45: PROYECTO CON CÓDIGO Y CON FINANCIACIÓN | R45: SEGURIDAD HUMANA Y JUSTICIA SOCIAL
... A57: 57 | B57: REVOLUCIÓN DEL TRABAJO Y VÍAS DEL CAMBIO | C57: 2021002470087 | D57: 2022 | E57: SECRETARÍA DE DESARROLLO ECONÓMICO | F57: AGRICULTURA Y DESARROLLO RURAL | G57: VIVEROS PRODUCTORES EDUCATIVOS | H57: CONSTRUCCIÓN Y DOTACIÓN DE VIVEROS PRODUCTORES DE MATERIAL VEGETAL EN INSTITUCIONES EDUCATIVAS DEL DEPARTAMENTO DEL MAGDALENA | I57: CONSTRUCCIÓN Y DOTACIÓN DE VIVEROS PRODUCTORES DE MATERIAL VEGETAL EN INSTITUCIONES EDUCATIVAS DEL DEPARTAMENTO DEL MAGDALENA | J57: 244.175 PERSONAS | K57: 223.937 PERSONAS | L57: Algarrobo, Aracataca, Ariguaní, Cerro San Antonio, Chibolo, Concordia, El banco, Fundación, Guamal, Nueva granada, Pedraza, Pijiño del Carmen, El piñón, Pivijay, Plato, Pueblo viejo, Remolino, Retén, Sabanas de san ángel, Salamina, San Sebastián de Buenavista, San Zenón, Santa Ana, Santa bárbara de pinto, Sitionuevo, Tenerife, Zapayan, zona bananera, Ciénaga, Santa Marta | M57: 413600000 | N57: Recursos propios | O57: 3 | P57: 1. Restaurar y/o recuperar ambientalmente (1.300) hectáreas en áreas de cuencas hídricas, área de zonas costeras, caños y ríos deteriorados con participación de las comunidades indígenas y demás población. 2. Gestionar la construcción de (54) viveros comunitarios de producción de material vegetal para reforestación y apoyo a la reconversión 3. Realizar (30) jornadas de capacitación y asistencia técnica agrícola y ambiental. | Q57: PROYECTO CON CÓDIGO Y SIN FINANCIACIÓN | R57: TRANSICIÓN ENERGÉTICA Y CRECIMIENTO VERDE CON JUSTICIA AMBIENTAL
A58: 58 | B58: REVOLUCIÓN DEL TRABAJO Y VÍAS DEL CAMBIO | C58: 2021002470059 | D58: 2023 | E58: OFICINA DE TURISMO | F58: COMERCIO, INDUSTRIA Y TURISMO | G58: TURISMO | H58: DISEÑO E IMPLEMENTACION DE LA RUTA MACONDO CULTURAL Y NATURAL CON ENFOQUE COMUNITARIO PARA LA GENERACION DE EMPLEO EN EL DEPARTAMENTO DEL MAGDALENA. | I58: MEJORAMIENTO DE LA OFERTA DE PRODUCTOS TURÍSTICOS ARTICULADOS EN LA “RUTA MACONDO” EN LOS MUNICIPIOS DE SANTA MARTA, ARACATACA, CIÉNAGA, EL BANCO, EL RETÉN, FUNDACIÓN, PLATO, PUEBLOVIEJO, SAN SEBASTIÁN DE BUENAVISTA, SAN ZENÓN, SANTA ANA, SITIONUEVO, TENERIFE Y ZONA BANANERA. | J58: 1.500 PERSONAS | K58: 2224.9247 PERSONAS | L58: SANTA MARTA, ARACATACA, CIÉNAGA, EL BANCO, EL RETÉN, FUNDACIÓN, PLATO, PUEBLOVIEJO, SAN SEBASTIÁN DE BUENAVISTA, SAN ZENÓN, SANTA ANA, SITIONUEVO, TENERIFE Y ZONA BANANERA | M58: 9627623253 | N58: Recursos propios | O58: 24 | P58: 1. Puesta en funcionamiento de (4) puntos de información Turística 2. Implementar (1) campaña “Magdalenense conoce al Magdalena”. 3. Desarrollar (1) campaña de turismo social. 4. Promover la creación de (1) cooperativa de turismo. 5. Realizar (1) Simposio Internacional “Pueblos indígenas y Medio Ambiente”. 6. Diseñar e implementar (1) Ruta Macondo Literario. 7. Diseñar e implementar (1) Ruta de Memoria Histórica (Masacre de las Bananeras). 8. Certificar (4) fincas operadoras de las rutas (café y banano) 9. Diseñar e implementar (1) Ruta Anfibia. 10. Diseñar e implementar (1) Ruta Artesanal Étnica. 11. Diseñar e implementar Ruta del Banano. 12. Diseñar e implementar Ruta Rivera Tayrona. 13. Realizar evento de turismo de aventura. 14. Diseñar mapa guía de experiencias turísticas de aventura. 15. Implementar (1) Fondo de Estímulos para el turismo cultural y de naturaleza. 16. Formular (1) plan departamental de promoción turística. 17. Crear e implementar (3) estrategias para el desarrollo de mercados turísticos especializados como el agroturismo, aviturismo, musical, gastronómico, étnico y de aventura entre otros. 18. Crear (1) programa para el desarrollo del ecoturistico como una estrategia de apropiación social del turismo de naturaleza. 19. Conformar (1) red departamental de turismo comunitario. 20. Implementar (1) laboratorio de innovación en gastronomía de Macondo. 21. Diseñar e implementar (1) plan de promoción gastronómica. 22. Realizar (2) festivales gastronómicos. 23. Implementar (1) laboratorio de diseño e innovación de artesanías. 24. Diseñar e implementar Ruta del Café y el Cacao de la Sierra Nevada. | Q58: PROYECTO CON CÓDIGO Y SIN FINANCIACIÓN | R58: CONVERGENCIA SOCIAL REGIONAL | W58: Sin ejecutar
A59: 59 | B59: REVOLUCIÓN DEL TRABAJO Y VÍAS DEL CAMBIO | C59: 2021000100215 | D59: 2021 | E59: SECRETARIA DE AMBIENTE, GESTION DEL RIESGO Y CAMBIO CLIMATICO | F59: COMERCIO, INDUSTRIA Y TURISMO | G59: TURISMO | H59: DESARROLLO Y APLICACIÓN DE TECNOLOGÍAS CONVERGENTES EN EL SECTOR TURISMO PARA LA COMPETITIVIDAD Y EL DESARROLLO ECONÓMICO DEL DEPARTAMENTO DEL MAGDALENA (RUTAS TURISTICAS) | I59: DESARROLLARÁ E IMPLEMENTARÁ TECNOLOGÍAS CONVERGENTES EN EL SECTOR TURISMO, PARA LA COMPETITIVIDAD Y EL DESARROLLO ECONÓMICO DEL DEPARTAMENTO DEL MAGDALENA. PARA ESTO, SE ADAPTARÁN ESCENARIOS CON TECNOLOGÍAS CONVERGENTES, SISTEMAS DE INFORMACIÓN Y CONDICIONES SEGURAS PARA EL DISFRUTE DE TURISMO E INCREMENTARÁN LAS CAPACIDADES EMPRESARIALES EN CTEI PARA ATENDER PROBLEMÁTICAS DERIVADAS DEL COVID EN 14 MUNICIPIOS. | J59: 400 PERSONAS | K59: 225.957 PERSONAS | L59: Algarrobo, Aracataca, Ariguaní, Cerro San Antonio, Chibolo, Concordia, El banco, Fundación, Guamal, Nueva granada, Pedraza, Pijiño del Carmen, El piñón, Pivijay, Plato, Pueblo viejo, Remolino, Retén, Sabanas de san ángel, Salamina, San Sebastián de Buenavista, San Zenón, Santa Ana, Santa bárbara de pinto, Sitionuevo, Tenerife, Zapayan, zona bananera, Ciénaga, Santa Marta | M59: 8668000000 | N59: SGR - CTeI | O59: 5 | P59: 1. Desarrollar iniciativas de agroecología mediante tecnologías alternativas en (300) hectáreas para la transformación de la cultura productiva 2. Formular e implementar (1) plan de impulso y formalización del Turismo 3. Promover la creación de (1) cooperativa de turismo. 4. Crear e implementar (3) estrategias para el desarrollo de mercados turísticos especializados como el agroturismo, aviturismo, musical, gastronómico, étnico y de aventura entre otros 5. Crear (1) programa para el desarrollo del ecoturistico como una estrategia de apropiación social del turismo de naturaleza. | Q59: PROYECTO CON CÓDIGO Y CON FINANCIACIÓN | R59: CONVERGENCIA SOCIAL REGIONAL
A60: 60 | B60: REVOLUCIÓN DEL TRABAJO Y VÍAS DEL CAMBIO | C60: 2021000100249 | D60: 2021 | E60: OFICINA DE CULTURA | F60: CULTURA | G60: APOYO A GESTORES CULTURALES | H60: IMPLEMENTACIÓN DEL ECOSISTEMA CREATIVO DE LAS MÚSICAS VALLENATAS Y DE PITOS Y TAMBORES DE LA CUMBIA EN EL DEPARTAMENTO DEL MAGDALENA | I60: IMPLEMENTAR ACCIONES DE FOMENTO DE LA CREACIÓN, PRODUCCIÓN, CIRCULACIÓN Y CONSUMO DE BIENES Y SERVICIOS CULTURALES CON ENFOQUE DIFERENCIAL ÉTNICO Y DE GÉNERO DE LAS PRÁCTICAS DE MÚSICAS VALLENATAS Y DE PITOS & TAMBORES DE LA CUMBIA. | J60: 1.427.026 PERSONAS | K60: 223.937 PERSONAS | L60: Algarrobo, Aracataca, Ariguaní, Cerro San Antonio, Chibolo, Concordia, El banco, Fundación, Guamal, Nueva granada, Pedraza, Pijiño del Carmen, El piñón, Pivijay, Plato, Pueblo viejo, Remolino, Retén, Sabanas de san ángel, Salamina, San Sebastián de Buenavista, San Zenón, Santa Ana, Santa bárbara de pinto, Sitionuevo, Tenerife, Zapayan, zona bananera, Ciénaga, Santa Marta | M60: 2337929251 | N60: SGR - CTeI | O60: 3 | P60: 1. Crear y poner en operación (1) fondo de estímulos para la gestión cultural, que permita el apoyo a proyectos e iniciativas creativas, donde tengan espacio las propuestas (físicas, virtuales y digitales) de promoción de la cultura y las artes, de los gestores culturales, colectivos y organizaciones culturales del Departamento. Las áreas de apoyo serán: artes visuales, artesanías, audiovisuales, danza, literatura, música, patrimonio, teatro entre otras. 2. Gestionar la profesionalización de (20) artistas y cultores del Departamento. 3. Implementar (1) ecosistema cultural de las músicas tradicionales de pitos y tambores de la cumbia | Q60: PROYECTO CON CÓDIGO Y CON FINANCIACIÓN | R60: CONVERGENCIA SOCIAL REGIONAL
A61: 61 | B61: REVOLUCIÓN DEL TRABAJO Y VÍAS DEL CAMBIO | C61: 2021002470038 | D61: 2023 | E61: OFICINA DE CULTURA | F61: CULTURA | G61: APOYO CULTURAL | H61: IMPLEMENTACIÓN DE UN ECOSISTEMA CULTURAL DE LAS MÚSICA VALLENATAS Y PITOS Y TAMBORES DE LA CUMBIA EN EL DEPARTAMENTO DEL MAGDALENA | I61: LA IMPLEMENTACIÓN DE ESPACIOS PARA LA INTERACCIÓN DE LOS AGENTES DEL SECTOR CULTURAL Y CREATIVO TALES COMO EL LABORATORIO DE CREACIÓN, PRODUCCIÓN Y EMPRENDIMIENTO, EL ENCUENTRO Y PARTICIPACIÓN DE AGENTES CULTURALES EN DIVERSOS MERCADOS CULTURALES, LA PUESTA EN MARCHA DE UNA PLATAFORMA DIGITAL PARA LA CIRCULACIÓN DE CONTENIDOS CULTURALES Y CREATIVOS Y FINALMENTE LA CONFORMACIÓN DE UN CLÚSTER CREATIVO | J61: 1.427.026 PERSONAS | K61: 221.917 PERSONAS | L61: Algarrobo, Aracataca, Ariguaní, Cerro San Antonio, Chibolo, Concordia, El banco, Fundación, Guamal, Nueva granada, Pedraza, Pijiño del Carmen, El piñón, Pivijay, Plato, Pueblo viejo, Remolino, Retén, Sabanas de san ángel, Salamina, San Sebastián de Buenavista, San Zenón, Santa Ana, Santa bárbara de pinto, Sitionuevo, Tenerife, Zapayan, zona bananera, Ciénaga, Santa Marta | M61: 2.0452215e+09 | N61: Recursos propios | O61: 1 | P61: 1. Implementar (1) ecosistema cultural de las músicas tradicionales de pitos y tambores de la cumbia. | Q61: PROYECTO CON CÓDIGO Y CON FINANCIACIÓN | R61: CONVERGENCIA SOCIAL REGIONAL
A62: 62 | B62: REVOLUCIÓN DEL TRABAJO Y VÍAS DEL CAMBIO | C62: 2021002470041 | D62: 2023 | E62: OFICINA DE CULTURA | F62: CULTURA | G62: FORTALECIMIENTO INTERCULTURAL | H62: FORTALECIMIENTO DEL DIALOGO INTERCULTURAL A TRAVÉS DE ESPACIOS DE EXPRESIÓN Y CIRCULACIÓN DE BIENES, SERVICIOS Y SABERES CULTURALES EN EL DEPARTAMENTO DEL MAGDALENA (FESTIVALES) | I62: EL PROYECTO TIENE COMO FIN CONSOLIDAR EL DIÁLOGO INTERCULTURAL Y FOMENTAR LA GESTIÓN SOSTENIBLE DE EMPRENDIMIENTOS CULTURALES Y CREATIVOS MEDIANTE UNA PROPUESTA DE ESPACIOS PARA EL FORTALECIMIENTO DE LA CADENA DE VALOR DE BIENES, SERVICIOS Y PRODUCTOS CULTURALES Y CREATIVOS. | J62: 1.427.026 PERSONAS | K62: 226.967 PERSONAS | L62: Algarrobo, Aracataca, Ariguaní, Cerro San Antonio, Chibolo, Concordia, El banco, Fundación, Guamal, Nueva granada, Pedraza, Pijiño del Carmen, El piñón, Pivijay, Plato, Pueblo viejo, Remolino, Retén, Sabanas de san ángel, Salamina, San Sebastián de Buenavista, San Zenón, Santa Ana, Santa bárbara de pinto, Sitionuevo, Tenerife, Zapayan, zona bananera, Ciénaga, Santa Marta | M62: 2.7094605e+09 | N62: Recursos propios | O62: 6 | P62: 1. Brindar asistencia técnica y financiera (20) festivales folclóricos tradicionales. 2. Beneficiar a (500) personas en formulación y gestión de proyectos y emprendimiento cultural. 3. Realizar (30) encuentros subregionales de agentes culturales, artísticos y ciudadanos con el objeto de fortalecer la red de gestión y cooperación cultural. 4. (30) ferias municipales de emprendimientos innovadores, premiadas a través de concursos. 5. Brindar asistencia técnica a (500) emprendedores para la fortalecer y formalizar sus planes de negocio. 6. Crear e implementar (3) estrategias para el desarrollo de mercados turísticos especializados como el agroturismo, aviturismo, musical, gastronómico, étnico y de aventura entre otros | Q62: PROYECTO CON CÓDIGO Y CON FINANCIACIÓN | R62: CONVERGENCIA SOCIAL REGIONAL
A63: 63 | B63: REVOLUCIÓN DEL TRABAJO Y VÍAS DEL CAMBIO | C63: 2021002470048 | D63: 2021 | E63: OFICINA DE CULTURA | F63: CULTURA | G63: PATRIMONIO CULTURAL | H63: CONSERVACIÓN DEL PATRIMONIO Y LA HERENCIA CULTUAL A TRAVÉS DE ESTRATEGIAS PARA LA SALVAGUARDA DEL PATRIMONIO CULTURAL INMATERIAL DEL DEPARTAMENTO DEL MAGDALENA | I63: EL PROYECTO BUSCA LA SALVAGUARDA Y PROTECCIÓN DEL PATRIMONIO DE LOS MAGDALENENSES A TRAVÉS DE UN INVENTARIO DE PATRIMONIO CULTURAL INMATERIAL DEL DEPARTAMENTO DE MAGDALENA Y PLAN DE SALVAGUARDA DEL MISMO, UN PLAN DE SALVAGUARDA DE LA CUMBIA Y UN PLAN SALVAGUARDA DEL SON VALLENATO Y UN DOCUMENTO TÉCNICO SOBRE LA RUTA CULTURAL DE MACONDO CON SU PAISAJE CULTURAL BANANERO. | J63: 1.427.026 PERSONAS | K63: 223.937 PERSONAS | L63: Algarrobo, Aracataca, Ariguaní, Cerro San Antonio, Chibolo, Concordia, El banco, Fundación, Guamal, Nueva granada, Pedraza, Pijiño del Carmen, El piñón, Pivijay, Plato, Pueblo viejo, Remolino, Retén, Sabanas de san ángel, Salamina, San Sebastián de Buenavista, San Zenón, Santa Ana, Santa bárbara de pinto, Sitionuevo, Tenerife, Zapayan, zona bananera, Ciénaga, Santa Marta | M63: 1206003038 | N63: Recursos propios | O63: 3 | P63: 1. Realizar (1) documento de inventario de bienes culturales inmuebles, muebles e intangibles del patrimonio. 2. Realizar (3) procesos de salvaguardia efectiva del patrimonio inmaterial. 3. Formular e implementar (1) plan de conservación del patrimonio cultural del Magdalena. | Q63: PROYECTO CON CÓDIGO Y CON FINANCIACIÓN | R63: CONVERGENCIA SOCIAL REGIONAL
A64: 64 | B64: REVOLUCIÓN DEL TRABAJO Y VÍAS DEL CAMBIO | C64: 2022002470041 | D64: 2022 | E64: SECRETARÍA DE EDUCACIÓN | F64: CULTURA | G64: RED DE BIBLIOTECAS | H64: FORTALECIMIENTO DE LA RED DEPARTAMENTAL DE BIBLIOTECAS PÚBLICAS DEL DEPARTAMENTO DEL MAGDALENA | I64: FORTALECER LA RED DEPARTAMENTAL DE BIBLIOTECAS PÚBLICAS A TRAVÉS DE LA DOTACIÓN Y LA CUALIFICACIÓN DE LA MANO DE OBRA QUE PRESTA LOS SERVICIOS BIBLIOTECARIOS Y SALVAGUARDAR EL PATRIMONIO BIBLIOGRÁFICO Y DOCUMENTAL EN EL DEPARTAMENTO DEL MAGDALENA. | J64: 1.449.087 PERSONAS | K64: 1.449.087 PERSONAS | L64: Algarrobo, Aracataca, Ariguaní, Cerro San Antonio, Chibolo, Concordia, El banco, Fundación, Guamal, Nueva granada, Pedraza, Pijiño del Carmen, El piñón, Pivijay, Plato, Pueblo viejo, Remolino, Retén, Sabanas de san ángel, Salamina, San Sebastián de Buenavista, San Zenón, Santa Ana, Santa bárbara de pinto, Sitionuevo, Tenerife, Zapayan, zona bananera, Ciénaga, Santa Marta | M64: 6.31e+08 | N64: Recursos propios | O64: 2 | P64: 1.4.1.2.3 Diseñar e implementar (1) ruta para el fortalecimiento de las capacidades de los bibliotecarios públicos y comunitarios del Departamento. 1.4.1.2.4 Gestionar la dotación de (20) bibliotecas escolares, públicas y comunitarias con el apoyo del Ministerio de Cultura y Ministerio de Educación Nacional. | Q64: PROYECTO CON CÓDIGO Y CON FINANCIACIÓN | R64: CONVERGENCIA SOCIAL REGIONAL
A65: 65 | B65: REVOLUCIÓN DEL TRABAJO Y VÍAS DEL CAMBIO | C65: 2020002470020 | D65: 2022 | E65: SECRETARIA DE HACIENDA | F65: HACIENDA | G65: RENTAS | H65: FORTALECIMIENTO INTEGRAL DE LA CAPACIDAD TECNOLÓGICA, OPERATIVA, LOGÍSTICA Y PROFESIONAL DE LA HACIENDA PÚBLICA DEL DEPARTAMENTO DEL MAGDALENA | I65: ESTRATEGIA INTEGRAL QUE SE ENCAMINA A LA DIMINUCIÓN DE LA EVASIÓN, LA RECUPERACIÓN DE CARTERA Y LA FISCALIZACIÓN A LOS GRANDES CONTRIBUYENTES, A FIN DE GENERAR UNA MAYOR DISPONIBILIDAD DE RECURSOS, PARA QUE LA ADMINISTRACIÓN PÚBLICA SE FORTALEZCA, DISPONIENDO DE UN EQUIPO DE TRABAJO PROFESIONAL, EMPODERADO Y CALIFICADO PARA REALIZAR LAS FUNCIONES VINCULADAS A LA GESTIÓN TRIBUTARIA. | J65: 1.427.026 PERSONAS | K65: 1.427.026 PERSONAS | L65: Algarrobo, Aracataca, Ariguaní, Cerro San Antonio, Chibolo, Concordia, El banco, Fundación, Guamal, Nueva granada, Pedraza, Pijiño del Carmen, El piñón, Pivijay, Plato, Pueblo viejo, Remolino, Retén, Sabanas de san ángel, Salamina, San Sebastián de Buenavista, San Zenón, Santa Ana, Santa bárbara de pinto, Sitionuevo, Tenerife, Zapayan, zona bananera, Ciénaga, Santa Marta | M65: 1.308323e+10 | N65: Recursos propios | O65: 4 | P65: 1. Formular y gestionar la implementacion de (1) plan de recuperacion de cartera. 2. Fortalecer un (1) grupo de operativo de rentas. 3. Crear y poner en funcionamiento (1) cara de rentas. 4. Pagar y liquidar (1) acuerdo de reestructuracion de pasivos. | Q65: PROYECTO CON CÓDIGO Y CON FINANCIACIÓN | R65: ESTABILIDAD MACROECONÓMICA
A66: 66 | B66: REVOLUCIÓN DEL TRABAJO Y VÍAS DEL CAMBIO | C66: 2022002470013 | D66: 2023 | E66: SECRETARIA DE EQUIDAD Y PODER POPULAR | F66: GOBIERNO TERRITORIAL | G66: GESTIÓN INSTITUCIONAL | H66: FORTALECIMIENTO INSTITUCIONAL PARA LA TRANSPARENCIA, PARTICIPACIÓN CIUDADANA, CONTROL Y RESPONSABILIDAD SOCIAL Y ANTICORRUPCIÓN EN EL MARCO DE LA REVOLUCIÓN DEL GOBIERNO POPULAR EN EL DEPARTAMENTO DEL MAGDALENA. (VALLAS PUBLICITARIAS) | I66: FORTALECER LA TRANSPARENCIA, A TRAVÉS DE ACCIONES PARA VISIBILIZAR Y FACILITAR EL ACCESO A LA INFORMACIÓN PÚBLICA PERTINENTE, CLARA, DE CALIDAD Y SOCIALMENTE ÚTIL, DANDO COMPLIMIENTO A LO ESTIPULADO EN LA LEY 1712 DEL 2014, GARANTIZANDO EL DERECHO DE LOS CIUDADANOS AL ACCESO A ÉSTA Y SENTANDO LAS BASES PARA LA RECUPERACIÓN DE LA CONFIANZA INSTITUCIONAL POR PARTE DE LOS MAGDALENENSES. | J66: 1.326.525 PERSONAS | K66: 928.568 PERSONAS | L66: Algarrobo, Aracataca, Ariguaní, Cerro San Antonio, Chibolo, Concordia, El banco, Fundación, Guamal, Nueva granada, Pedraza, Pijiño del Carmen, El piñón, Pivijay, Plato, Pueblo viejo, Remolino, Retén, Sabanas de san ángel, Salamina, San Sebastián de Buenavista, San Zenón, Santa Ana, Santa bárbara de pinto, Sitionuevo, Tenerife, Zapayan, zona bananera, Ciénaga, Santa Marta | M66: 6306177900 | N66: Recursos propios | O66: 1 | P66: 4.1.3.1.2 Diseñar e implementar (1) estrategia de rendición pública de cuentas permanente. | Q66: PROYECTO CON CÓDIGO Y SIN FINANCIACIÓN | R66: CONVERGENCIA SOCIAL REGIONAL
A67: 67 | B67: REVOLUCIÓN DEL TRABAJO Y VÍAS DEL CAMBIO | C67: 2021002470061 | D67: 2021 | E67: SECRETARIA DE EQUIDAD Y PODER POPULAR | F67: GOBIERNO TERRITORIAL | G67: PODER POPULAR | H67: FORTALECIMIENTO DE LOS ESPACIOS DEL GOBIERNO DEMOCRÁTICO Y LAS INSTANCIAS DE PODER POPULAR EN EL DEPARTAMENTO DEL MAGDALENA. | I67: EL PROYECTO CONSISTE EN DISMINUIR LA EXCLUSIÓN SOCIAL DE LA POBLACIÓN DE LOS PROCESOS DE PARTICIPACIÓN CIUDADANA DEL DEPARTAMENTO DEL MAGDALENA POR MEDIO DE LA PUESTA EN FUNCIONAMIENTO DEL SISTEMA DEPARTAMENTAL DE PARTICIPACIÓN Y PODER POPULAR, HERRAMIENTA MEDIANTE LA CUAL SE PROMOVERÁ LA DELIBERACIÓN E INCIDENCIA DE LA POBLACIÓN EN LOS DIFERENTES PROCESOS DE TOMA DE DECISIONES. | J67: 902.108 PERSONAS | K67: 224.947 PERSONAS | L67: Algarrobo, Aracataca, Ariguaní, Cerro San Antonio, Chibolo, Concordia, El banco, Fundación, Guamal, Nueva granada, Pedraza, Pijiño del Carmen, El piñón, Pivijay, Plato, Pueblo viejo, Remolino, Retén, Sabanas de san ángel, Salamina, San Sebastián de Buenavista, San Zenón, Santa Ana, Santa bárbara de pinto, Sitionuevo, Tenerife, Zapayan, zona bananera, Ciénaga, Santa Marta | M67: 500000000 | N67: Recursos propios | O67: 4 | P67: 1. Desarrollar (3) ejercicios de presupuesto participativo. 2. Crear y poner en funcionamiento (1) sistema departamental de participación y poder popular 3. Implementar (1) Red de Voluntariado por el Cambio. 4. Realizar (35) audiencias ciudadanas -Cuéntale al Gobernador-. | Q67: PROYECTO CON CÓDIGO Y SIN FINANCIACIÓN | R67: CONVERGENCIA SOCIAL REGIONAL
A68: 68 | B68: REVOLUCIÓN DEL TRABAJO Y VÍAS DEL CAMBIO | C68: 2021002470063 | D68: 2023 | E68: SECRETARIA DE EQUIDAD Y PODER POPULAR | F68: GOBIERNO TERRITORIAL | G68: PODER POPULAR | H68: FORTALECIMIENTO INSTITUCIONAL A TRAVÉS DE LOS ACUERDOS POPULARES POR EL CAMBIO, MEDIANTE PROCESOS DE SENSIBILIZACIÓN Y PARTICIPACIÓN POBLACIONAL EN LA GESTIÓN PÚBLICA DEL MAGDALENA | I68: PROMOVER LA PARTICIPACIÓN REPRESENTATIVA DE TODAS LAS POBLACIONES CON ENFOQUE DIFERENCIAL. EN LA VIGENCIA 2021, SE LLEVARÁN A CABO EN CUATRO (4) SESIONES DE TRABAJO ADELANTADAS DE MANERA SIMULTÁNEA EN UN MUNICIPIO POR SUBREGIÓN. EN CADA MUNICIPIO SE ACTIVARÁN 10 MESAS DE TRABAJO (CADA UNA CON UN ABORDAJE DIFERENTE, DE ACUERDO CON LA POBLACIÓN OBJETIVO DE LA POLÍTICA) Y SE PROYECTA LA ASISTENCIA DE TREINTA (30) PERSONAS POR MESA. SUMADO A ESTO, SE HABILITARÁN ESPACIOS VIRTUALES PARA INCENTIVAR LA PARTICIPACIÓN DE ACTORES QUE NO PUEDAN ACOMPAÑAR EL PROCESO DE MANERA PRESENCIAL. | J68: 579.635 PERSONAS | K68: 2210.9107 PERSONAS | L68: Algarrobo, Aracataca, Ariguaní, Cerro San Antonio, Chibolo, Concordia, El banco, Fundación, Guamal, Nueva granada, Pedraza, Pijiño del Carmen, El piñón, Pivijay, Plato, Pueblo viejo, Remolino, Retén, Sabanas de san ángel, Salamina, San Sebastián de Buenavista, San Zenón, Santa Ana, Santa bárbara de pinto, Sitionuevo, Tenerife, Zapayan, zona bananera, Ciénaga, Santa Marta | M68: 4379285158 | N68: Recursos propios | O68: 10 | P68: 1. Actualizar e implementar (1) política pública de primera infancia, infancia y adolescencia. 2. Fortalecer (2) comités municipales y departamental de infancia y familia 3. Fortalecer (2) escenarios de participación infantil y adolescente. 4. Suscribir (1) Alianza por el Cambio Departamental para las Niñas y los Niños. 5. Formular e implementar (1) política pública de juventud. 6. Apoyar la conformación de (4) consejos de juventudes municipales y departamental. 7. Realizar (3) campamentos juveniles para el intercambio de experiencias, el ejercicio de la participación y apropiación de derechos sociales y ambientales. 8. Apoyar la creación de (1) plataforma de juventudes municipales y departamental y su fortalecimiento con procesos formativos articulados con la escuela de liderazgo, política y social. 9. Formular e implementar (1) política pública para el bienestar del adulto mayor. 10. Consolidar (1) organización de personas mayores para hacer seguimiento a la gestión e inversión local. | Q68: PROYECTO CON CÓDIGO Y SIN FINANCIACIÓN | R68: CONVERGENCIA SOCIAL REGIONAL
A69: 69 | B69: REVOLUCIÓN DEL TRABAJO Y VÍAS DEL CAMBIO | C69: 2022002470005 | D69: 2023 | E69: SECRETARIA DE EQUIDAD Y PODER POPULAR | F69: GOBIERNO TERRITORIAL | G69: PODER POPULAR | H69: FORTALECIMIENTO DE LAS INSTANCIAS DEL PODER POPULAR EN EL GOBIERNO DEMOCRÁTICO DEL DEPARTAMENTO DEL MAGDALENA. | I69: EL PROYECTO CONSISTE EN DISMINUIR LA EXCLUSIÓN SOCIAL DE LA POBLACIÓN DE LOS PROCESOS DE PARTICIPACIÓN CIUDADANA DEL DEPARTAMENTO DEL MAGDALENA POR MEDIO DE LA PUESTA EN FUNCIONAMIENTO DEL SISTEMA DEPARTAMENTAL DE PARTICIPACIÓN Y PODER POPULAR, HERRAMIENTA MEDIANTE LA CUAL SE PROMOVERÁ LA DELIBERACIÓN E INCIDENCIA DE LA POBLACIÓN EN LOS DIFERENTES PROCESOS DE TOMA DE DECISIONES. | J69: 895.072 PERSONAS | K69: 895.072 PERSONAS | L69: Algarrobo, Aracataca, Ariguaní, Cerro San Antonio, Chibolo, Concordia, El banco, Fundación, Guamal, Nueva granada, Pedraza, Pijiño del Carmen, El piñón, Pivijay, Plato, Pueblo viejo, Remolino, Retén, Sabanas de san ángel, Salamina, San Sebastián de Buenavista, San Zenón, Santa Ana, Santa bárbara de pinto, Sitionuevo, Tenerife, Zapayan, zona bananera, Ciénaga, Santa Marta | M69: 984240932 | N69: Recursos propios | O69: 4 | P69: 4.1.2.1.3 Desarrollar (3) ejercicios de presupuesto participativo. 4.1.2.1.5 Crear y poner en funcionamiento (1) sistema departamental de participación y poder popular. 4.1.2.1.6 Implementar (1) Red de voluntariado por el cambio. 4.1.2.1.7 Realizar (35) audiencias ciudadanas - Cuéntale al Gobernador. | Q69: PROYECTO CON CÓDIGO Y CON FINANCIACIÓN | R69: CONVERGENCIA SOCIAL REGIONAL
A70: 70 | B70: REVOLUCIÓN DEL TRABAJO Y VÍAS DEL CAMBIO | C70: 2020002470013 | D70: 2020 | E70: SECRETARÍA DEL INTERIOR | F70: DEFENSA | G70: SEGURIDAD Y CONVIVENCIA | H70: ADQUISICIÓN DE VEHÍCULOS PARA EL FORTALECIMIENTO DE LAS ENTIDADES DE SEGURIDAD Y CONVIVENCIA DEL DEPARTAMENTO DEL MAGDALENA | I70: AUMENTAR EL NÚMERO DE VEHÍCULOS VINCULADOS A LAS INSTITUCIONES DE FUERZA PÚBLICA,LOS CUALES HACEN PRESENCIA DENTRO DEL DEPARTAMENTO MAGDALENA | J70: 1.427.026 PERSONAS | K70: 1.427.026 PERSONAS | L70: Algarrobo, Aracataca, Ariguaní, Cerro San Antonio, Chibolo, Concordia, El banco, Fundación, Guamal, Nueva granada, Pedraza, Pijiño del Carmen, El piñón, Pivijay, Plato, Pueblo viejo, Remolino, Retén, Sabanas de san ángel, Salamina, San Sebastián de Buenavista, San Zenón, Santa Ana, Santa bárbara de pinto, Sitionuevo, Tenerife, Zapayan, zona bananera, Ciénaga, Santa Marta | M70: 8517578650 | N70: Recursos propios | O70: 1 | P70: 1. Gestionar la compra para la ampliación del parque automotor con (50) vehículos con o sin motor (Carros, motos, bicicletas y monopatines Segway) para el cumplimiento de la actividad misional de la fuerza pública. | Q70: PROYECTO CON CÓDIGO Y CON FINANCIACIÓN | R70: SEGURIDAD HUMANA Y JUSTICIA SOCIAL
